Workbook

Sheet WY2015 NFSN Chem Sampling
A1: Last update | B1: Science Center (SC) Collecting Samples | C1: Water Year | D1: 41914 | F1: Cycle 2 Site Type | G1: Cycle 3 Site Type | H1: Cycle 3 Program | I1: Cycle 3 Network Code | J1: Daily Streamflow | K1: Continuous QW monitoring | N1: Suspended Sediment (conc. + sand/fine) | R1: Major Ions (schedules 998/1201) | X1: Nutrients (schedules 2430/2431/2432) | AB1: Nutrient blanks (Inorganic analytes)* | AD1: Nutrient blanks (Organic analytes)* | AF1: Pesticides (schedule 2437) | AN1: Glyphosate (Kansas Lab) | AT1: Isotope samples (Ty Coplen) | AV1: DOC fractionation samples (George Aiken) | AX1: Mercury Samples (George Aiken) | AZ1: Tritium (Megan Young) | BB1: DNA samples (Byron Crump) | BD1: Comments | BE1: Sampling Comments
D2: Primary STAID | E2: Site name | J2: Gage? | K2: Parameters | L2: Type | M2: Annual NAWQA cost | N2: Planned | O2: Collected | P2: Planned reps | Q2: Collected reps | R2: Planned (plus alkalinity) | S2: Collected (plus alkalinity) | T2: Planned reps | U2: Collected reps | V2: Planned blanks (IBW) | W2: Collected blanks | X2: Planned | Y2: Collected | Z2: Planned reps | AA2: Collected reps | AB2: Planned blanks | AC2: Collected blanks | AD2: Planned blanks | AE2: Collected blanks | AF2: Planned | AG2: Collected | AH2: Planned blanks | AI2: Collected blanks | AJ2: Planned reps | AK2: Collected reps | AL2: Planned spikes | AM2: Collected spikes | AN2: Planned | AO2: Collected | AP2: Planned blanks | AQ2: Collected blanks | AR2: Planned reps | AS2: Collected reps | AT2: Planned | AU2: Collected | AV2: Planned | AW2: Collected | AX2: Planned | AY2: Collected | AZ2: Planned | BA2: Collected | BB2: Planned | BC2: Collected | BD2: Comments | BE2: Comments
B5: AL | C5: 2015 | D5: 02470500 | E5: Mobile River at Mt. Vernon, AL | F5: NASQAN | G5: Coastal River | H5: NASQAN | I5: nfsncoast | J5: yes | N5: 14 | P5: 1 | R5: 14 | T5: 1 | V5: 1 | X5: 14 | Z5: 1 | AB5: 1 | AD5: 1 | AF5: 14 | AH5: 1 | AJ5: 1 | AL5: 1 | AN5: 14 | AP5: 1 | AR5: 1 | AT5: 14 | AV5: 14 | AX5: 14 | BB5: 14
B6: AL | C6: 2015 | D6: 02469762 | E6: Tombigbee River near Coffeeville, AL | F6: rotate4 | G6: Large Inland River | H6: NAWQA | I6: nfsnlir | J6: yes | N6: 18 | P6: 1 | R6: 18 | T6: 1 | V6: 1 | X6: 18 | Z6: 1 | AB6: 1 | AD6: 1 | AF6: 18 | AH6: 1 | AJ6: 1 | AL6: 1 | AN6: 18 | AP6: 1 | AR6: 1
B7: AL | E7: WSC sum | N7: =SUM(N5:N6) -> 32 | O7: =SUM(O5:O6) -> 0 | P7: =SUM(P5:P6) -> 2 | Q7: =SUM(Q5:Q6) -> 0 | R7: =SUM(R5:R6) -> 32 | S7: =SUM(S5:S6) -> 0 | T7: =SUM(T5:T6) -> 2 | U7: =SUM(U5:U6) -> 0 | ... AX7: =SUM(AX5:AX6) -> 14 | AZ7: =SUM(AZ5:AZ6) -> 0 | BA7: =SUM(BA5:BA6) -> 0 | BB7: =SUM(BB5:BB6) -> 14 | BC7: =SUM(BC5:BC6) -> 0
B9: AK | C9: 2015 | D9: 15565447 | E9: Yukon River at Pilot Station, AK | F9: NASQAN | G9: Coastal River | H9: NASQAN | I9: nfsncoast | J9: yes | N9: 7 | P9: 1 | R9: 7 | T9: 1 | V9: 0 | X9: 7 | Z9: 1 | AB9: 0 | AD9: 0 | AF9: 3 | AH9: 1 | AN9: 3 | AP9: 1 | AT9: 7 | AV9: 7 | AX9: 7 | BB9: 7
B10: AK | E10: WSC sum | N10: =SUM(N8:N9) -> 7 | O10: =SUM(O8:O9) -> 0 | P10: =SUM(P8:P9) -> 1 | Q10: =SUM(Q8:Q9) -> 0 | R10: =SUM(R8:R9) -> 7 | S10: =SUM(S8:S9) -> 0 | T10: =SUM(T8:T9) -> 1 | U10: =SUM(U8:U9) -> 0 | ... AX10: =SUM(AX8:AX9) -> 7 | AZ10: =SUM(AZ8:AZ9) -> 0 | BA10: =SUM(BA8:BA9) -> 0 | BB10: =SUM(BB8:BB9) -> 7 | BC10: =SUM(BC8:BC9) -> 0
B12: AZ | C12: 2015 | D12: 09380000 | E12: Colorado River at Lees Ferry, AZ | F12: N/A | G12: Large Inland River | H12: NAWQA | I12: nfsnlir | J12: yes | K12: YES-COOP | N12: 14 | P12: 1 | R12: 14 | T12: 1 | V12: 1 | X12: 14 | Z12: 1 | AB12: 1 | AD12: 1 | AF12: 14 | AH12: 1 | AJ12: 1 | AL12: 1 | AN12: 14 | AP12: 1 | AR12: 1 | AT12: 14 | BD12: not required but Ty Coplen willing to get isotope samples
B13: AZ | C13: 2015 | D13: 09522000 | E13: Colorado River at NIB | F13: NASQAN | G13: Coastal River | H13: NASQAN | I13: nfsncoast | J13: yes | N13: 12 | P13: 1 | R13: 12 | T13: 1 | V13: 1 | X13: 12 | Z13: 1 | AB13: 1 | AD13: 1 | AF13: 12 | AH13: 1 | AJ13: 1 | AL13: 1 | AN13: 12 | AP13: 1 | AR13: 1 | AT13: 12 | AV13: 12 | AX13: 12 | BB13: 12
B14: AZ | C14: 2015 | D14: 09471000 | E14: San Pedro River at Charleston, AZ | F14: rotate4 | G14: Reference | H14: NAWQA | I14: nfsnref | J14: yes | N14: 6 | P14: 1 | R14: 6 | T14: 0 | V14: 1 | X14: 6 | Z14: 0 | AB14: 1 | AD14: 1 | AF14: 0 | AN14: 0
B15: AZ | C15: 2015 | D15: 09505800 | E15: West Clear Creek near Camp Verde, AZ | F15: rotate4 | G15: Reference | H15: NAWQA | I15: nfsnref | J15: yes | N15: 6 | P15: 1 | R15: 6 | T15: 1 | V15: 0 | X15: 6 | Z15: 1 | AB15: 0 | AD15: 0 | AF15: 0 | AN15: 0
B16: AZ | E16: WSC sum | N16: =SUM(N12:N15) -> 38 | O16: =SUM(O12:O15) -> 0 | P16: =SUM(P12:P15) -> 4 | Q16: =SUM(Q12:Q15) -> 0 | R16: =SUM(R12:R15) -> 38 | S16: =SUM(S12:S15) -> 0 | T16: =SUM(T12:T15) -> 3 | U16: =SUM(U12:U15) -> 0 | ... AX16: =SUM(AX12:AX15) -> 12 | AZ16: =SUM(AZ12:AZ15) -> 0 | BA16: =SUM(BA12:BA15) -> 0 | BB16: =SUM(BB12:BB15) -> 12 | BC16: =SUM(BC12:BC15) -> 0
B18: AR | C18: 2015 | D18: 07263620 | E18: Arkansas River at Terry L&D below Little Rock, AR | F18: NASQAN | G18: Large Inland River | H18: NASQAN | I18: nfsnlir | J18: yes | N18: 14 | P18: 1 | R18: 14 | T18: 1 | V18: 1 | X18: 14 | Z18: 1 | AB18: 1 | AD18: 1 | AF18: 14 | AH18: 1 | AJ18: 1 | AL18: 1 | AN18: 14 | AP18: 1 | AR18: 1 | AT18: 14 | AV18: 14
B19: AR | C19: 2015 | D19: 07055646 | E19: Buffalo River near Boxley, AR | F19: rotate4 | G19: Reference | H19: NAWQA | I19: nfsnref | J19: yes | N19: 6 | P19: 1 | R19: 6 | T19: 0 | V19: 1 | X19: 6 | Z19: 0 | AB19: 1 | AD19: 1 | AF19: 0 | AN19: 0
B20: AR | C20: 2015 | D20: 07060710 | E20: North Sylamore Creek near Fifty Six, AR | F20: rotate4/HBN | G20: Reference | H20: NAWQA | I20: nfsnref | J20: yes | N20: 6 | P20: 1 | R20: 6 | T20: 1 | V20: 0 | X20: 6 | Z20: 1 | AB20: 0 | AD20: 0 | AF20: 0 | AN20: 0
B21: AR | E21: WSC sum | N21: =SUM(N18:N20) -> 26 | O21: =SUM(O18:O20) -> 0 | P21: =SUM(P18:P20) -> 3 | Q21: =SUM(Q18:Q20) -> 0 | R21: =SUM(R18:R20) -> 26 | S21: =SUM(S18:S20) -> 0 | T21: =SUM(T18:T20) -> 2 | U21: =SUM(U18:U20) -> 0 | ... AX21: =SUM(AX18:AX20) -> 0 | AZ21: =SUM(AZ18:AZ20) -> 0 | BA21: =SUM(BA18:BA20) -> 0 | BB21: =SUM(BB18:BB20) -> 0 | BC21: =SUM(BC18:BC20) -> 0
B23: CA | C23: 2015 | D23: 11335000 | E23: Cosumnes River at Michigan Bar, CA | F23: eco_only | G23: Reference | H23: NAWQA | I23: nfsnref | J23: yes | N23: 6 | P23: 1 | R23: 6 | T23: 1 | V23: 1 | X23: 6 | Z23: 1 | AB23: 1 | AD23: 1 | AF23: 0 | AN23: 0
B24: CA | C24: 2015 | D24: 11274538 | E24: Orestimba Creek near Crows Landing, CA | F24: rotate4 | G24: Agriculture | H24: NAWQA | I24: nfsnag | J24: yes | K24: YES-COOP | N24: 0 | P24: 0 | R24: 0 | T24: 0 | V24: 0 | X24: 0 | Z24: 0 | AB24: 0 | AD24: 0 | AF24: 0 | AH24: 0 | AJ24: 0 | AL24: 0 | AN24: 0 | AP24: 0 | AR24: 0 | BD24: if flows warrant, we will try (but can't guarantee) to provide funding for additional samples
B25: CA | C25: 2015 | D25: 11447650 | E25: Sacramento River a Freeport, CA | F25: rotate4/NASQAN | G25: Coastal River | H25: NAWQA | I25: nfsncoast | J25: yes | K25: YES-COOP | L25: nitrate | N25: 14 | P25: 1 | R25: 14 | T25: 1 | V25: 1 | X25: 14 | Z25: 1 | AB25: 1 | AD25: 1 | AF25: 14 | AH25: 1 | AJ25: 1 | AL25: 1 | AN25: 14 | AP25: 1 | AR25: 1 | AT25: 14 | AV25: 14 | AX25: 14 | BB25: 14
B26: CA | C26: 2015 | D26: 11303500 | E26: San Joaquin River near Vernalis, CA | F26: agcore | G26: Coastal River | H26: NAWQA | I26: nfsncoast | J26: yes | N26: 18 | P26: 1 | R26: 18 | T26: 1 | V26: 1 | X26: 18 | Z26: 1 | AB26: 1 | AD26: 1 | AF26: 18 | AH26: 1 | AJ26: 1 | AL26: 1 | AN26: 18 | AP26: 1 | AR26: 1 | AT26: 18 | AV26: 18 | AX26: 18 | BB26: 18
B27: CA | C27: 2015 | D27: 11264500 | E27: Merced River at Happy Isles Bridge nr Yosemite, CA | G27: Reference | H27: NAWQA | I27: nfsnref | J27: yes | K27: Yes | L27: temperature | N27: 6 | P27: 1 | R27: 6 | T27: 0 | V27: 1 | X27: 6 | Z27: 0 | AB27: 1 | AD27: 1 | AF27: 0 | AN27: 0
B28: CA | C28: 2015 | D28: 11049400 | E28: Santa Ana River above Seven Oaks Dam, CA | F28: eco_only | G28: Reference-dropped 2013 | H28: NAWQA | I28: nfsnref | J28: no | N28: 0 | R28: 0 | X28: 0 | AF28: 0 | AN28: 0 | BD28: CA reference site switched to Merced R nr Yosemite beginning FY14
B29: CA | C29: 2015 | D29: 11074000 | E29: Santa Ana River below Prado Dam, CA | F29: urbcore | G29: Coastal River | H29: NAWQA | I29: nfsncoast | J29: yes | N29: 18 | P29: 1 | R29: 18 | T29: 1 | V29: 1 | X29: 18 | Z29: 1 | AB29: 1 | AD29: 1 | AF29: 18 | AH29: 1 | AJ29: 1 | AL29: 1 | AN29: 18 | AP29: 1 | AR29: 1
B30: CA | E30: WSC sum | N30: =SUM(N23:N29) -> 62 | O30: =SUM(O23:O29) -> 0 | P30: =SUM(P23:P29) -> 5 | Q30: =SUM(Q23:Q29) -> 0 | R30: =SUM(R23:R29) -> 62 | S30: =SUM(S23:S29) -> 0 | T30: =SUM(T23:T29) -> 4 | U30: =SUM(U23:U29) -> 0 | ... AX30: =SUM(AX23:AX29) -> 32 | AZ30: =SUM(AZ23:AZ29) -> 0 | BA30: =SUM(BA23:BA29) -> 0 | BB30: =SUM(BB23:BB29) -> 32 | BC30: =SUM(BC23:BC29) -> 0
B32: CO | C32: 2015 | D32: 06713500 | E32: Cherry Creek at Denver, CO | F32: rotate2 | G32: Urban | H32: NAWQA | I32: nfsnurb | J32: yes | N32: 24 | P32: 1 | R32: 24 | T32: 1 | V32: 1 | X32: 24 | Z32: 2 | AB32: 2 | AD32: 2 | AF32: 24 | AH32: 1 | AJ32: 1 | AL32: 1 | AN32: 24 | AP32: 1 | AR32: 1
B33: CO | C33: 2015 | D33: 09163500 | E33: Colorado River near Colorado-Utah state line | F33: rotate4 | G33: Large Inland River | H33: NAWQA | I33: nfsnlir | J33: yes | K33: YES-COOP | N33: 18 | P33: 1 | R33: 18 | T33: 1 | V33: 1 | X33: 18 | Z33: 1 | AB33: 1 | AD33: 1 | AF33: 18 | AH33: 1 | AJ33: 1 | AL33: 1 | AN33: 18 | AP33: 1 | AR33: 1
B34: CO | C34: 2015 | D34: 06754000 | E34: South Platte River near Kersey, CO | F34: rotate4 | G34: Large Inland River | H34: NAWQA | I34: nfsnlir | J34: yes | N34: 18 | P34: 1 | R34: 18 | T34: 1 | V34: 1 | X34: 18 | Z34: 1 | AB34: 1 | AD34: 1 | AF34: 18 | AH34: 1 | AJ34: 1 | AL34: 1 | AN34: 18 | AP34: 1 | AR34: 1
B35: CO | E35: WSC sum | N35: =SUM(N32:N34) -> 60 | O35: =SUM(O32:O34) -> 0 | P35: =SUM(P32:P34) -> 3 | Q35: =SUM(Q32:Q34) -> 0 | R35: =SUM(R32:R34) -> 60 | S35: =SUM(S32:S34) -> 0 | T35: =SUM(T32:T34) -> 3 | U35: =SUM(U32:U34) -> 0 | ... AX35: =SUM(AX32:AX34) -> 0 | AZ35: =SUM(AZ32:AZ34) -> 0 | BA35: =SUM(BA32:BA34) -> 0 | BB35: =SUM(BB32:BB34) -> 0 | BC35: =SUM(BC32:BC34) -> 0
B37: CT | C37: 2015 | D37: 01184000 | E37: Connecticut River at Thompsonville, CT | F37: rotate4 | G37: Coastal River | H37: NAWQA | I37: nfsncoast | J37: yes | N37: 18 | P37: 1 | R37: 18 | T37: 1 | V37: 1 | X37: 18 | Z37: 1 | AB37: 1 | AD37: 1 | AF37: 18 | AH37: 1 | AJ37: 1 | AL37: 1 | AN37: 18 | AP37: 1 | AR37: 1
B38: CT | C38: 2015 | D38: 01170100 | E38: Green River near Colrain, MA | F38: rotate4 | G38: Reference | H38: NAWQA | I38: nfsnref | J38: yes | N38: 6 | P38: 1 | R38: 6 | T38: 1 | V38: 0 | X38: 6 | Z38: 1 | AB38: 0 | AD38: 0 | AF38: 0 | AN38: 0
B39: CT | C39: 2015 | D39: 01209710 | E39: Norwalk River at Winnipauk,CT | F39: rotate4 | G39: Urban | H39: NAWQA | I39: nfsnurb | J39: yes | N39: 24 | P39: 1 | R39: 24 | T39: 1 | V39: 1 | X39: 24 | Z39: 2 | AB39: 2 | AD39: 2 | AF39: 24 | AH39: 1 | AJ39: 1 | AL39: 1 | AN39: 24 | AP39: 1 | AR39: 1
B40: CT | E40: WSC sum | N40: =SUM(N37:N39) -> 48 | O40: =SUM(O37:O39) -> 0 | P40: =SUM(P37:P39) -> 3 | Q40: =SUM(Q37:Q39) -> 0 | R40: =SUM(R37:R39) -> 48 | S40: =SUM(S37:S39) -> 0 | T40: =SUM(T37:T39) -> 3 | U40: =SUM(U37:U39) -> 0 | ... AX40: =SUM(AX37:AX39) -> 0 | AZ40: =SUM(AZ37:AZ39) -> 0 | BA40: =SUM(BA37:BA39) -> 0 | BB40: =SUM(BB37:BB39) -> 0 | BC40: =SUM(BC37:BC39) -> 0
B42: FL | C42: 2015 | D42: 02359170 | E42: Apalachicola River near Sumatra, FL | F42: NMN | G42: Coastal River | H42: NMN | I42: nfsncoast | J42: yes | N42: 14 | P42: 1 | R42: 14 | T42: 1 | V42: 1 | X42: 14 | Z42: 1 | AB42: 1 | AD42: 1 | AF42: 14 | AH42: 1 | AJ42: 1 | AL42: 1 | AN42: 14 | AP42: 1 | AR42: 1 | AT42: 14 | AV42: 14 | BB42: 14
B43: FL | E43: WSC sum | N43: =SUM(N42) -> 14 | O43: =SUM(O41:O42) -> 0 | P43: =SUM(P41:P42) -> 1 | Q43: =SUM(Q41:Q42) -> 0 | R43: =SUM(R41:R42) -> 14 | S43: =SUM(S41:S42) -> 0 | T43: =SUM(T41:T42) -> 1 | U43: =SUM(U41:U42) -> 0 | V43: =SUM(V41:V42) -> 1 | ... AX43: =SUM(AX41:AX42) -> 0 | AZ43: =SUM(AZ41:AZ42) -> 0 | BA43: =SUM(BA41:BA42) -> 0 | BB43: =SUM(BB41:BB42) -> 14 | BC43: =SUM(BC41:BC42) -> 0
B45: GA | C45: 2015 | D45: 02226160 | E45: Altamaha River at Everett City, GA | F45: NASQAN | G45: Coastal River | H45: NASQAN | I45: nfsncoast | J45: yes | N45: 14 | P45: 1 | R45: 14 | T45: 1 | V45: 1 | X45: 14 | Z45: 1 | AB45: 1 | AD45: 1 | AF45: 14 | AH45: 1 | AJ45: 1 | AL45: 1 | AN45: 14 | AP45: 1 | AR45: 1 | AT45: 14 | AV45: 14 | AX45: 14 | BB45: 14
B46: GA | C46: 2015 | D46: 02338523 | E46: Hillibahatchee Creek near Franklin, GA | F46: rotate4 | G46: Reference | H46: NAWQA | I46: nfsnref | J46: yes | N46: 6 | P46: 1 | R46: 6 | T46: 0 | V46: 1 | X46: 6 | Z46: 0 | AB46: 1 | AD46: 1 | AF46: 0 | AN46: 0
B47: GA | C47: 2015 | D47: 02335870 | E47: Sope Creek near Marietta, GA | F47: rotate2 | G47: Urban | H47: NAWQA | I47: nfsnurb | J47: yes | N47: 24 | P47: 1 | R47: 24 | T47: 1 | V47: 1 | X47: 24 | Z47: 2 | AB47: 2 | AD47: 2 | AF47: 24 | AH47: 1 | AJ47: 1 | AL47: 1 | AN47: 24 | AP47: 1 | AR47: 1
B48: GA | C48: 2015 | D48: 02338000 | E48: Chattahoochee River near Whitesburg, GA | F48: urbcore | G48: Urban | H48: NAWQA | N48: 18 | P48: 1 | R48: 18 | T48: 1 | V48: 1 | X48: 18 | Z48: 1 | AB48: 1 | AD48: 1 | AF48: 18 | AH48: 1 | AJ48: 1 | AL48: 1 | AN48: 18 | AP48: 1 | AR48: 1
B49: GA | E49: WSC sum | N49: =SUM(N45:N48) -> 62 | O49: =SUM(O45:O47) -> 0 | P49: =SUM(P45:P48) -> 4 | Q49: =SUM(Q45:Q47) -> 0 | R49: =SUM(R45:R48) -> 62 | S49: =SUM(S45:S47) -> 0 | T49: =SUM(T45:T48) -> 3 | U49: =SUM(U45:U47) -> 0 | V49: =SUM(V45:V48) -> 4 | W49: =SUM(W45:W47) -> 0 | X49: =SUM(X45:X48) -> 62 | Y49: =SUM(Y45:Y47) -> 0 | Z49: =SUM(Z45:Z48) -> 4 | AA49: =SUM(AA45:AA47) -> 0 | AB49: =SUM(AB45:AB48) -> 5 | AC49: =SUM(AC45:AC47) -> 0 | AD49: =SUM(AD45:AD48) -> 5 | AE49: =SUM(AE45:AE47) -> 0 | AF49: =SUM(AF45:AF48) -> 56 | AG49: =SUM(AG45:AG47) -> 0 | AH49: =SUM(AH45:AH48) -> 3 | AI49: =SUM(AI45:AI47) -> 0 | AJ49: =SUM(AJ45:AJ48) -> 3 | AK49: =SUM(AK45:AK47) -> 0 | AL49: =SUM(AL45:AL48) -> 3 | AM49: =SUM(AM45:AM47) -> 0 | AN49: =SUM(AN45:AN48) -> 56 | AO49: =SUM(AO45:AO47) -> 0 | AP49: =SUM(AP45:AP48) -> 3 | AQ49: =SUM(AQ45:AQ47) -> 0 | AR49: =SUM(AR45:AR48) -> 3 | AS49: =SUM(AS45:AS47) -> 0 | AT49: =SUM(AT45:AT48) -> 14 | AU49: =SUM(AU45:AU47) -> 0 | AV49: =SUM(AV45:AV47) -> 14 | AW49: =SUM(AW45:AW47) -> 0 | AX49: =SUM(AX45:AX47) -> 14 | AZ49: =SUM(AZ45:AZ47) -> 0 | BA49: =SUM(BA45:BA47) -> 0 | BB49: =SUM(BB45:BB47) -> 14 | BC49: =SUM(BC45:BC47) -> 0
B51: ID | C51: 2015 | D51: 13092747 | E51: Rock Creek at Twin Falls, ID | F51: rotate4 | G51: Agriculture | H51: NAWQA | I51: nfsnag | J51: yes | N51: 24 | P51: 1 | R51: 24 | T51: 1 | V51: 1 | X51: 24 | Z51: 2 | AB51: 2 | AD51: 2 | AF51: 24 | AH51: 1 | AJ51: 1 | AL51: 1 | AN51: 24 | AP51: 1 | AR51: 1
B52: ID | C52: 2015 | D52: 13154500 | E52: Snake River at King Hill, ID | F52: rotate4 | G52: Large Inland River | H52: NAWQA | I52: nfsnlir | J52: yes | N52: 14 | P52: 1 | R52: 14 | T52: 1 | V52: 1 | X52: 14 | Z52: 1 | AB52: 1 | AD52: 1 | AF52: 14 | AH52: 1 | AJ52: 1 | AL52: 1 | AN52: 14 | AP52: 1 | AR52: 1
B53: ID | C53: 2015 | D53: 13056500 | E53: Henrys Fork near Rexburg, ID | F53: rotate4 | G53: Agriculture | H53: NAWQA | N53: 18 | P53: 1 | R53: 18 | T53: 1 | V53: 1 | X53: 18 | Z53: 1 | AB53: 1 | AD53: 1 | AF53: 18 | AH53: 1 | AJ53: 1 | AL53: 1 | AN53: 18 | AP53: 1 | AR53: 1
B54: ID | E54: WSC sum | N54: =SUM(N50:N53) -> 56 | O54: =SUM(O51:O52) -> 0 | P54: =SUM(P50:P53) -> 3 | Q54: =SUM(Q51:Q52) -> 0 | R54: =SUM(R50:R53) -> 56 | S54: =SUM(S51:S52) -> 0 | T54: =SUM(T50:T53) -> 3 | U54: =SUM(U51:U52) -> 0 | V54: =SUM(V50:V53) -> 3 | W54: =SUM(W51:W52) -> 0 | X54: =SUM(X50:X53) -> 56 | Y54: =SUM(Y51:Y52) -> 0 | Z54: =SUM(Z51:Z53) -> 4 | AA54: =SUM(AA51:AA52) -> 0 | AB54: =SUM(AB50:AB53) -> 4 | AC54: =SUM(AC51:AC52) -> 0 | AD54: =SUM(AD50:AD53) -> 4 | AE54: =SUM(AE51:AE52) -> 0 | AF54: =SUM(AF50:AF53) -> 56 | AG54: =SUM(AG51:AG52) -> 0 | AH54: =SUM(AH50:AH53) -> 3 | AI54: =SUM(AI51:AI52) -> 0 | AJ54: =SUM(AJ50:AJ53) -> 3 | AK54: =SUM(AK51:AK52) -> 0 | AL54: =SUM(AL50:AL53) -> 3 | AM54: =SUM(AM51:AM52) -> 0 | AN54: =SUM(AN50:AN53) -> 56 | AO54: =SUM(AO51:AO52) -> 0 | AP54: =SUM(AP50:AP53) -> 3 | AQ54: =SUM(AQ51:AQ52) -> 0 | AR54: =SUM(AR50:AR53) -> 3 | AS54: =SUM(AS51:AS52) -> 0 | AT54: =SUM(AT51:AT52) -> 0 | AU54: =SUM(AU51:AU52) -> 0 | AV54: =SUM(AV51:AV52) -> 0 | AW54: =SUM(AW51:AW52) -> 0 | AX54: =SUM(AX51:AX52) -> 0 | AZ54: =SUM(AZ51:AZ52) -> 0 | BA54: =SUM(BA51:BA52) -> 0 | BB54: =SUM(BB51:BB52) -> 0 | BC54: =SUM(BC51:BC52) -> 0
B56: IL | C56: 2015 | D56: 05586100 | E56: Illinois River at Valley City, IL | F56: rotate 4/NASQAN | G56: Large Inland River | H56: NAWQA | I56: nfsnlir | J56: yes | K56: YES-COOP, at Florence | L56: nitrate | M56: 20300 | N56: 14 | P56: 1 | R56: 14 | T56: 1 | V56: 1 | X56: 14 | Z56: 1 | AB56: 1 | AD56: 1 | AF56: 14 | AH56: 1 | AJ56: 1 | AL56: 1 | AN56: 14 | AP56: 1 | AR56: 1 | AT56: 14 | AV56: 14
B57: IL | E57: WSC sum | N57: =SUM(N56) -> 14 | O57: =SUM(O56) -> 0 | P57: =SUM(P56) -> 1 | Q57: =SUM(Q56) -> 0 | R57: =SUM(R56) -> 14 | S57: =SUM(S56) -> 0 | T57: =SUM(T56) -> 1 | U57: =SUM(U56) -> 0 | ... AX57: =SUM(AX56) -> 0 | AZ57: =SUM(AZ56) -> 0 | BA57: =SUM(BA56) -> 0 | BB57: =SUM(BB56) -> 0 | BC57: =SUM(BC56) -> 0
B59: IN | C59: 2015 | D59: 394340085524601 | E59: Sugar Creek at New Palestine, IN | F59: rotate2 | G59: Agriculture | H59: NAWQA | I59: nfsnag | J59: yes | N59: 24 | P59: 1 | R59: 24 | T59: 1 | V59: 1 | X59: 24 | Z59: 2 | AB59: 2 | AD59: 2 | AF59: 24 | AH59: 1 | AJ59: 1 | AL59: 1 | AN59: 24 | AP59: 1 | AR59: 1
B60: IN | C60: 2015 | D60: 03374100 | E60: White River at Hazleton, IN | F60: agcore/NASQAN | G60: Large Inland River | H60: NAWQA | I60: nfsnlir | J60: yes | K60: YES-COOP | L60: nitrate | M60: 11282 | N60: 18 | P60: 1 | R60: 18 | T60: 1 | V60: 1 | X60: 18 | Z60: 1 | AB60: 1 | AD60: 1 | AF60: 18 | AH60: 1 | AJ60: 1 | AL60: 1 | AN60: 18 | AP60: 1 | AR60: 1 | AT60: 18 | AV60: 18
B61: IN | E61: WSC sum | N61: =SUM(N59:N60) -> 42 | O61: =SUM(O59:O60) -> 0 | P61: =SUM(P59:P60) -> 2 | Q61: =SUM(Q59:Q60) -> 0 | R61: =SUM(R59:R60) -> 42 | S61: =SUM(S59:S60) -> 0 | T61: =SUM(T59:T60) -> 2 | U61: =SUM(U59:U60) -> 0 | ... AX61: =SUM(AX59:AX60) -> 0 | AZ61: =SUM(AZ59:AZ60) -> 0 | BA61: =SUM(BA59:BA60) -> 0 | BB61: =SUM(BB59:BB60) -> 0 | BC61: =SUM(BC59:BC60) -> 0
B63: IA | C63: 2015 | D63: 05420500 | E63: Mississippi River at Clinton, IA | F63: NASQAN | G63: Large Inland River | H63: NASQAN | I63: nfsnlir | J63: yes | K63: Yes, planned | L63: nitrate | M63: 45000 | N63: 14 | P63: 1 | R63: 14 | T63: 1 | V63: 1 | X63: 14 | Z63: 1 | AB63: 1 | AD63: 1 | AF63: 14 | AH63: 1 | AJ63: 1 | AL63: 1 | AN63: 14 | AP63: 1 | AR63: 1 | AT63: 14 | AV63: 14
B64: IA | C64: 2015 | D64: 06610000 | E64: Missouri River at Omaha, NE | F64: NASQAN | G64: Large Inland River | H64: NASQAN | I64: nfsnlir | J64: yes | N64: 14 | P64: 1 | R64: 14 | T64: 1 | V64: 1 | X64: 14 | Z64: 1 | AB64: 1 | AD64: 1 | AF64: 14 | AH64: 1 | AJ64: 1 | AL64: 1 | AN64: 14 | AP64: 1 | AR64: 1 | AT64: 14 | AV64: 14 | AZ64: 14
B65: IA | C65: 2015 | D65: 05490500 | E65: Des Moines River at Keosauqua, IA | F65: agcore | G65: Large Inland River | H65: NASQAN | I65: nfsnlir | J65: yes | N65: 14 | P65: 1 | R65: 14 | T65: 1 | V65: 1 | X65: 14 | Z65: 1 | AB65: 1 | AD65: 1 | AF65: 14 | AH65: 1 | AJ65: 1 | AL65: 1 | AN65: 14 | AP65: 1 | AR65: 1 | AT65: 14 | AV65: 14
B66: IA | C66: 2015 | D66: 05465500 | E66: Iowa River at Wapello, IA | F66: agcore | G66: Large Inland River | H66: NASQAN | I66: nfsnlir | J66: yes | N66: 14 | P66: 1 | R66: 14 | T66: 1 | V66: 1 | X66: 14 | Z66: 1 | AB66: 1 | AD66: 1 | AF66: 14 | AH66: 1 | AJ66: 1 | AL66: 1 | AN66: 14 | AP66: 1 | AR66: 1 | AT66: 14 | AV66: 14
B67: IA | C67: 2015 | D67: 05451210 | E67: South Fork Iowa River near New Providence, IA | F67: rotate2 | G67: Agriculture | H67: NAWQA | I67: nfsnag | J67: yes | K67: YES-COOP | L67: nitrate | M67: 0 | N67: 24 | P67: 1 | R67: 24 | T67: 1 | V67: 1 | X67: 24 | Z67: 2 | AB67: 2 | AD67: 2 | AF67: 24 | AH67: 1 | AJ67: 1 | AL67: 1 | AN67: 24 | AP67: 1 | AR67: 1
B68: IA | E68: WSC sum | N68: =SUM(N63:N67) -> 80 | O68: =SUM(O63:O67) -> 0 | P68: =SUM(P63:P67) -> 5 | Q68: =SUM(Q63:Q67) -> 0 | R68: =SUM(R63:R67) -> 80 | S68: =SUM(S63:S67) -> 0 | T68: =SUM(T63:T67) -> 5 | U68: =SUM(U63:U67) -> 0 | ... AX68: =SUM(AX63:AX67) -> 0 | AZ68: =SUM(AZ63:AZ67) -> 14 | BA68: =SUM(BA63:BA67) -> 0 | BB68: =SUM(BB63:BB67) -> 0 | BC68: =SUM(BC63:BC67) -> 0
B70: KS | C70: 2015 | D70: 06892350 | E70: Kansas River at DeSoto, KS | F70: N/A | G70: Large Inland River | H70: NAWQA | I70: nfsnlir | J70: yes | K70: YES-COOP | L70: nitrate | M70: 0 | N70: 14 | P70: 1 | R70: 14 | T70: 1 | V70: 1 | X70: 14 | Z70: 1 | AB70: 1 | AD70: 1 | AF70: 14 | AH70: 1 | AJ70: 1 | AL70: 1 | AN70: 14 | AP70: 1 | AR70: 1
B71: KS | C71: 2015 | D71: 07144100 | E71: Little Arkansas River near Sedgwick, KS | F71: N/A | G71: Large Inland River | H71: NAWQA | I71: nfsnlir | J71: yes | K71: YES-COOP | L71: nitrate | M71: 0 | N71: 18 | P71: 1 | R71: 18 | T71: 1 | V71: 1 | X71: 18 | Z71: 1 | AB71: 1 | AD71: 1 | AF71: 18 | AH71: 1 | AJ71: 1 | AL71: 1 | AN71: 18 | AP71: 1 | AR71: 1
B72: KS | E72: WSC sum | N72: =SUM(N70:N71) -> 32 | O72: =SUM(O70:O71) -> 0 | P72: =SUM(P70:P71) -> 2 | Q72: =SUM(Q70:Q71) -> 0 | R72: =SUM(R70:R71) -> 32 | S72: =SUM(S70:S71) -> 0 | T72: =SUM(T70:T71) -> 2 | U72: =SUM(U70:U71) -> 0 | ... AX72: =SUM(AX70:AX71) -> 0 | AZ72: =SUM(AZ70:AZ71) -> 0 | BA72: =SUM(BA70:BA71) -> 0 | BB72: =SUM(BB70:BB71) -> 0 | BC72: =SUM(BC70:BC71) -> 0
B74: KY | C74: 2015 | D74: 03303280 | E74: Ohio River at Cannelton Dam at Cannelton, IN | F74: NASQAN | G74: Large Inland River | H74: NASQAN | I74: nfsnlir | J74: yes | N74: 14 | P74: 1 | R74: 14 | T74: 1 | V74: 1 | X74: 14 | Z74: 1 | AB74: 1 | AD74: 1 | AF74: 14 | AH74: 1 | AJ74: 1 | AL74: 1 | AN74: 14 | AP74: 1 | AR74: 1 | AT74: 14 | AV74: 14 | AZ74: 14
B75: KY | C75: 2015 | D75: 03378500 | E75: Wabash River at New Harmony, IN | F75: NASQAN | G75: Large Inland River | H75: NASQAN | I75: nfsnlir | J75: yes | N75: 14 | P75: 1 | R75: 14 | T75: 1 | V75: 1 | X75: 14 | Z75: 1 | AB75: 1 | AD75: 1 | AF75: 14 | AH75: 1 | AJ75: 1 | AL75: 1 | AN75: 14 | AP75: 1 | AR75: 1 | AT75: 14 | AV75: 14
B76: KY | C76: 2015 | D76: 03609750 | E76: Tennessee River at Highway 60 near Paducah, KY | F76: NASQAN | G76: Large Inland River | H76: NASQAN | I76: nfsnlir | J76: yes | N76: 14 | P76: 1 | R76: 14 | T76: 1 | V76: 1 | X76: 14 | Z76: 1 | AB76: 1 | AD76: 1 | AF76: 14 | AH76: 1 | AJ76: 1 | AL76: 1 | AN76: 14 | AP76: 1 | AR76: 1 | AT76: 14 | AV76: 14
B77: KY | C77: 2015 | D77: 03612500 | E77: Ohio River at Dam 53 near Grand Chain, IL | F77: NASQAN | G77: Large Inland River | H77: NASQAN | I77: nfsnlir | J77: yes | K77: YES, at Olmstead | L77: nitrate | M77: 45000 | N77: 14 | P77: 1 | R77: 14 | T77: 1 | V77: 1 | X77: 14 | Z77: 1 | AB77: 1 | AD77: 1 | AF77: 14 | AH77: 1 | AJ77: 1 | AL77: 1 | AN77: 14 | AP77: 1 | AR77: 1 | AT77: 14 | AV77: 14
B78: KY | E78: WSC sum | N78: =SUM(N74:N77) -> 56 | O78: =SUM(O74:O77) -> 0 | P78: =SUM(P74:P77) -> 4 | Q78: =SUM(Q74:Q77) -> 0 | R78: =SUM(R74:R77) -> 56 | S78: =SUM(S74:S77) -> 0 | T78: =SUM(T74:T77) -> 4 | U78: =SUM(U74:U77) -> 0 | ... AX78: =SUM(AX74:AX77) -> 0 | AZ78: =SUM(AZ74:AZ77) -> 14 | BA78: =SUM(BA74:BA77) -> 0 | BB78: =SUM(BB74:BB77) -> 0 | BC78: =SUM(BC74:BC77) -> 0
B80: LA | C80: 2015 | D80: 07373420 | E80: Mississippi River near St. Francisville, LA | F80: NASQAN | G80: Large Inland River | H80: NASQAN | I80: nfsnlir | J80: no | N80: 16 | P80: 1 | R80: 16 | T80: 1 | V80: 1 | X80: 16 | Z80: 1 | AB80: 1 | AD80: 1 | AF80: 16 | AH80: 1 | AJ80: 1 | AL80: 1 | AN80: 16 | AP80: 1 | AR80: 1 | AT80: 16 | AV80: 16
B81: LA | C81: 2015 | D81: 07374000 | E81: Mississippi River at Baton Rouge, LA | F81: NASQAN | G81: Large Inland River | H81: NASQAN | I81: nfsnlir | J81: yes | K81: YES | L81: nitrate | N81: 14 | P81: 1 | R81: 14 | T81: 1 | V81: 1 | X81: 14 | Z81: 1 | AB81: 1 | AD81: 1 | AF81: 14 | AH81: 1 | AJ81: 1 | AL81: 1 | AN81: 14 | AP81: 1 | AR81: 1 | AT81: 14 | AV81: 14
B82: LA | C82: 2015 | D82: 07374525 | E82: Mississippi River at Belle Chasse, LA | F82: NASQAN | G82: Coastal River | H82: NASQAN | I82: nfsncoast | J82: yes | N82: 14 | P82: 1 | R82: 14 | T82: 1 | V82: 1 | X82: 14 | Z82: 1 | AB82: 1 | AD82: 1 | AF82: 14 | AH82: 1 | AJ82: 1 | AL82: 1 | AN82: 14 | AP82: 1 | AR82: 1 | AT82: 14 | AV82: 14 | AX82: 14 | BB82: 14
B83: LA | C83: 2015 | D83: 07381495 | E83: Atchafalaya River at Melville, LA | F83: NASQAN | G83: Large Inland River | H83: NASQAN | I83: nfsnlir | J83: no | N83: 16 | P83: 1 | R83: 16 | T83: 1 | V83: 1 | X83: 16 | Z83: 1 | AB83: 1 | AD83: 1 | AF83: 16 | AH83: 1 | AJ83: 1 | AL83: 1 | AN83: 16 | AP83: 1 | AR83: 1 | AT83: 16 | AV83: 16 | AX83: 14
B84: LA | C84: 2015 | D84: 07381590 | E84: Wax Lake Outlet at Calumet, LA | F84: NASQAN | G84: Large Inland River | H84: NASQAN | I84: nfsnlir | J84: yes | N84: 14 | P84: 1 | R84: 14 | T84: 1 | V84: 1 | X84: 14 | Z84: 1 | AB84: 1 | AD84: 1 | AF84: 14 | AH84: 1 | AJ84: 1 | AL84: 1 | AN84: 14 | AP84: 1 | AR84: 1 | AT84: 14 | AV84: 14
B85: LA | C85: 2015 | D85: 07381600 | E85: Lower Atchafalaya River at Morgan City, LA | F85: NASQAN | G85: Coastal River | H85: NASQAN | I85: nfsncoast | J85: yes | K85: YES | L85: nitrate | N85: 14 | P85: 1 | R85: 14 | T85: 1 | V85: 1 | X85: 14 | Z85: 1 | AB85: 1 | AD85: 1 | AF85: 14 | AH85: 1 | AJ85: 1 | AL85: 1 | AN85: 14 | AP85: 1 | AR85: 1 | AT85: 14 | AV85: 14
B86: LA | C86: 2015 | D86: 08014500 | E86: Ouiska (Whiskey) Chitto Creek near Oberlin, LA | F86: rotate4 | G86: Reference | H86: NAWQA | I86: nfsnref | J86: yes | N86: 6 | P86: 1 | R86: 6 | T86: 1 | V86: 0 | X86: 6 | Z86: 1 | AB86: 0 | AD86: 0 | AF86: 0 | AN86: 0
B87: LA | E87: WSC sum | N87: =SUM(N80:N86) -> 94 | O87: =SUM(O80:O86) -> 0 | P87: =SUM(P80:P86) -> 7 | Q87: =SUM(Q80:Q86) -> 0 | R87: =SUM(R80:R86) -> 94 | S87: =SUM(S80:S86) -> 0 | T87: =SUM(T80:T86) -> 7 | U87: =SUM(U80:U86) -> 0 | ... AX87: =SUM(AX80:AX86) -> 28 | AZ87: =SUM(AZ80:AZ86) -> 0 | BA87: =SUM(BA80:BA86) -> 0 | BB87: =SUM(BB80:BB86) -> 14 | BC87: =SUM(BC80:BC86) -> 0
B89: MD | C89: 2015 | D89: 01578310 | E89: Susquehanna River at Conowingo, MD | F89: NASQAN | G89: Coastal River | H89: NASQAN | I89: nfsncoast | J89: yes | K89: YES, at Darlington | L89: Temp; SC; DO; turbidity; pH; cdom; nitrate; cyanobacteria | N89: 14 | P89: 1 | R89: 14 | T89: 1 | V89: 1 | X89: 14 | Z89: 1 | AB89: 1 | AD89: 1 | AF89: 14 | AH89: 1 | AJ89: 1 | AL89: 1 | AN89: 14 | AP89: 1 | AR89: 1 | AT89: 14 | AV89: 14 | AX89: 14 | BB89: 14
B90: MD | C90: 2015 | D90: 01654000 | E90: Accotink Creek near Annandale, VA | F90: rotate2 | G90: Urban | H90: NAWQA | I90: nfsnurb | J90: yes | N90: 24 | P90: 1 | R90: 24 | T90: 1 | V90: 1 | X90: 24 | Z90: 2 | AB90: 2 | AD90: 2 | AF90: 24 | AH90: 1 | AJ90: 1 | AL90: 1 | AN90: 24 | AP90: 1 | AR90: 1
B91: MD | C91: 2015 | D91: 01646580 | E91: Potomac River at Washington, DC | F91: agcore/NASQAN | G91: Coastal River | H91: NAWQA | I91: nfsncoast | J91: yes | K91: YES, at Little Falls | L91: Temp; SC; DO; turbidity; pH; cdom; chlorophyll; nitrate; cyanobacteria | N91: 18 | P91: 1 | R91: 18 | T91: 1 | V91: 1 | X91: 18 | Z91: 1 | AB91: 1 | AD91: 1 | AF91: 18 | AH91: 1 | AJ91: 1 | AL91: 1 | AN91: 18 | AP91: 1 | AR91: 1 | AT91: 18 | AV91: 18 | AX91: 18 | BB91: 18
B92: MD | C92: 2015 | D92: 01610400 | E92: Waites Run near Wardensville, WV | F92: rotate4 | G92: Reference | H92: NAWQA | I92: nfsnref | J92: yes | N92: 6 | P92: 1 | R92: 6 | T92: 0 | V92: 1 | X92: 6 | Z92: 0 | AB92: 1 | AD92: 1 | AF92: 0 | AN92: 0
B93: MD | E93: WSC sum | N93: =SUM(N89:N92) -> 62 | O93: =SUM(O89:O92) -> 0 | P93: =SUM(P89:P92) -> 4 | Q93: =SUM(Q89:Q92) -> 0 | R93: =SUM(R89:R92) -> 62 | S93: =SUM(S89:S92) -> 0 | T93: =SUM(T89:T92) -> 3 | U93: =SUM(U89:U92) -> 0 | ... AX93: =SUM(AX89:AX92) -> 32 | AZ93: =SUM(AZ89:AZ92) -> 0 | BA93: =SUM(BA89:BA92) -> 0 | BB93: =SUM(BB89:BB92) -> 32 | BC93: =SUM(BC89:BC92) -> 0
B95: MI | C95: 2015 | D95: 04161820 | E95: Clinton River at Sterling Heights, MI | F95: rotate4 | G95: Urban | H95: NAWQA | I95: nfsnurb | J95: yes | N95: 24 | P95: 1 | R95: 24 | T95: 1 | V95: 1 | X95: 24 | Z95: 2 | AB95: 2 | AD95: 2 | AF95: 24 | AH95: 1 | AJ95: 1 | AL95: 1 | AN95: 24 | AP95: 1 | AR95: 1
B96: MI | E96: WSC sum | N96: =SUM(N95:N95) -> 24 | O96: =SUM(O95:O95) -> 0 | P96: =SUM(P95:P95) -> 1 | Q96: =SUM(Q95:Q95) -> 0 | R96: =SUM(R95:R95) -> 24 | S96: =SUM(S95:S95) -> 0 | T96: =SUM(T95:T95) -> 1 | U96: =SUM(U95:U95) -> 0 | ... AX96: =SUM(AX95:AX95) -> 0 | AZ96: =SUM(AZ95:AZ95) -> 0 | BA96: =SUM(BA95:BA95) -> 0 | BB96: =SUM(BB95:BB95) -> 0 | BC96: =SUM(BC95:BC95) -> 0
B98: MN | C98: 2015 | D98: 05288705 | E98: Shingle Creek at Minneapolis, MN | F98: rotate2 | G98: Urban | H98: NAWQA | I98: nfsnurb | J98: yes | N98: 24 | P98: 1 | R98: 24 | T98: 1 | V98: 1 | X98: 24 | Z98: 2 | AB98: 2 | AD98: 2 | AF98: 24 | AH98: 1 | AJ98: 1 | AL98: 1 | AN98: 24 | AP98: 1 | AR98: 1
B99: MN | C99: 2015 | D99: 05331580 | E99: Mississippi River at Hastings, MN | F99: rotate4 | G99: Large Inland River | H99: NAWQA | I99: nfsnlir | J99: yes | N99: 14 | P99: 1 | R99: 14 | T99: 1 | V99: 1 | X99: 14 | Z99: 1 | AB99: 1 | AD99: 1 | AF99: 14 | AH99: 1 | AJ99: 1 | AL99: 1 | AN99: 14 | AP99: 1 | AR99: 1
B100: MN | E100: WSC sum | N100: =SUM(N98:N99) -> 38 | O100: =SUM(O98:O99) -> 0 | P100: =SUM(P98:P99) -> 2 | Q100: =SUM(Q98:Q99) -> 0 | R100: =SUM(R98:R99) -> 38 | S100: =SUM(S98:S99) -> 0 | T100: =SUM(T98:T99) -> 2 | U100: =SUM(U98:U99) -> 0 | ... AX100: =SUM(AX98:AX99) -> 0 | AZ100: =SUM(AZ98:AZ99) -> 0 | BA100: =SUM(BA98:BA99) -> 0 | BB100: =SUM(BB98:BB99) -> 0 | BC100: =SUM(BC98:BC99) -> 0
B102: MS | C102: 2015 | D102: 322023090544500 | E102: Mississippi River above Vicksburg, MS | F102: NMN | G102: Large Inland River | H102: NMN | I102: nfsnlir | J102: yes | K102: YES-COOP | L102: nitrate | N102: 14 | P102: 1 | R102: 14 | T102: 1 | V102: 1 | X102: 14 | Z102: 1 | AB102: 1 | AD102: 1 | AF102: 14 | AH102: 1 | AJ102: 1 | AL102: 1 | AN102: 14 | AP102: 1 | AR102: 1 | AT102: 14 | AV102: 14 | AZ102: 14
B103: MS | C103: 2015 | D103: 07288650 | E103: Bogue Phalia near Leland, MS | F103: ACT site | G103: Agriculture | H103: NAWQA | I103: nfsnag | J103: yes | N103: 24 | P103: 1 | R103: 24 | T103: 1 | V103: 1 | X103: 24 | Z103: 2 | AB103: 2 | AD103: 2 | AF103: 24 | AH103: 1 | AJ103: 1 | AL103: 1 | AN103: 24 | AP103: 1 | AR103: 1
B104: MS | C104: 2015 | D104: 07288955 | E104: Yazoo River near Long Lake, MS | F104: agcore/NASQAN | G104: Large Inland River | H104: NAWQA | I104: nfsnlir | J104: yes | N104: 18 | P104: 1 | R104: 18 | T104: 1 | V104: 1 | X104: 18 | Z104: 1 | AB104: 1 | AD104: 1 | AF104: 18 | AH104: 1 | AJ104: 1 | AL104: 1 | AN104: 18 | AP104: 1 | AR104: 1 | AV104: 18
B105: MS | E105: WSC sum | N105: =SUM(N102:N104) -> 56 | O105: =SUM(O102:O104) -> 0 | P105: =SUM(P102:P104) -> 3 | Q105: =SUM(Q102:Q104) -> 0 | R105: =SUM(R102:R104) -> 56 | S105: =SUM(S102:S104) -> 0 | T105: =SUM(T102:T104) -> 3 | U105: =SUM(U102:U104) -> 0 | ... AX105: =SUM(AX102:AX104) -> 0 | AZ105: =SUM(AZ102:AZ104) -> 14 | BA105: =SUM(BA102:BA104) -> 0 | BB105: =SUM(BB102:BB104) -> 0 | BC105: =SUM(BC102:BC104) -> 0
B107: MO | C107: 2015 | D107: 07022000 | E107: Mississippi River at Thebes, IL | F107: NASQAN | G107: Large Inland River | H107: NASQAN | I107: nfsnlir | J107: yes | N107: 14 | P107: 1 | R107: 14 | T107: 1 | V107: 1 | X107: 14 | Z107: 1 | AB107: 1 | AD107: 1 | AF107: 14 | AH107: 1 | AJ107: 1 | AL107: 1 | AN107: 14 | AP107: 1 | AR107: 1 | AT107: 14 | AV107: 14
B108: MO | C108: 2015 | D108: 05587455 | E108: Mississippi River Below Grafton, IL | F108: NASQAN | G108: Large Inland River | H108: NASQAN | I108: nfsnlir | J108: yes | N108: 14 | P108: 1 | R108: 14 | T108: 1 | V108: 1 | X108: 14 | Z108: 1 | AB108: 1 | AD108: 1 | AF108: 14 | AH108: 1 | AJ108: 1 | AL108: 1 | AN108: 14 | AP108: 1 | AR108: 1 | AT108: 14 | AV108: 14 | BD108: co-op site; will use S86, S1630, and S1904 in place of S2431; DNA sampling cancelled
B109: MO | C109: 2015 | D109: 06934500 | E109: Missouri River at Hermann, MO | F109: NASQAN | G109: Large Inland River | H109: NASQAN | I109: nfsnlir | J109: yes | K109: YES | L109: nitrate | N109: 14 | P109: 1 | R109: 14 | T109: 1 | V109: 1 | X109: 14 | Z109: 1 | AB109: 1 | AD109: 1 | AF109: 14 | AH109: 1 | AJ109: 1 | AL109: 1 | AN109: 14 | AP109: 1 | AR109: 1 | AT109: 14 | AV109: 14
B110: MO | E110: WSC sum | N110: =SUM(N107:N109) -> 42 | O110: =SUM(O107:O109) -> 0 | P110: =SUM(P107:P109) -> 3 | Q110: =SUM(Q107:Q109) -> 0 | R110: =SUM(R107:R109) -> 42 | S110: =SUM(S109) -> 0 | T110: =SUM(T107:T109) -> 3 | U110: =SUM(U109) -> 0 | V110: =SUM(V107:V109) -> 3 | W110: =SUM(W109) -> 0 | X110: =SUM(X107:X109) -> 42 | Y110: =SUM(Y109) -> 0 | Z110: =SUM(Z107:Z109) -> 3 | AA110: =SUM(AA109) -> 0 | AB110: =SUM(AB107:AB109) -> 3 | AC110: =SUM(AC109) -> 0 | AD110: =SUM(AD107:AD109) -> 3 | AE110: =SUM(AE109) -> 0 | AF110: =SUM(AF107:AF109) -> 42 | AG110: =SUM(AG107:AG109) -> 0 | AH110: =SUM(AH107:AH109) -> 3 | AI110: =SUM(AI107:AI109) -> 0 | AJ110: =SUM(AJ107:AJ109) -> 3 | AK110: =SUM(AK107:AK109) -> 0 | AL110: =SUM(AL107:AL109) -> 3 | AM110: =SUM(AM109) -> 0 | AN110: =SUM(AN107:AN109) -> 42 | AO110: =SUM(AO107:AO109) -> 0 | AP110: =SUM(AP107:AP109) -> 3 | AQ110: =SUM(AQ107:AQ109) -> 0 | AR110: =SUM(AR107:AR109) -> 3 | AS110: =SUM(AS107:AS109) -> 0 | AT110: =SUM(AT107:AT109) -> 42 | AU110: =SUM(AU107:AU109) -> 0 | ... AX110: =SUM(AX107:AX109) -> 0 | AZ110: =SUM(AZ107:AZ109) -> 0 | BA110: =SUM(BA107:BA109) -> 0 | BB110: =SUM(BB107:BB109) -> 0 | BC110: =SUM(BC107:BC109) -> 0
B112: NE | C112: 2015 | D112: 06775900 | E112: Dismal River near Thedford, NE | F112: eco_only | G112: Reference | H112: NAWQA | I112: nfsnref | J112: yes | N112: 6 | P112: 1 | R112: 6 | T112: 1 | V112: 0 | X112: 6 | Z112: 1 | AB112: 0 | AD112: 0 | AF112: 0 | AL112: 0 | AN112: 0
B113: NE | C113: 2015 | D113: 06800500 | E113: Elkhorn River at Waterloo, NE | F113: rotate4 | G113: Large Inland River | H113: NAWQA | I113: nfsnlir | J113: yes | K113: YES-COOP | N113: 18 | P113: 1 | R113: 18 | T113: 1 | V113: 1 | X113: 18 | Z113: 1 | AB113: 1 | AD113: 1 | AF113: 18 | AH113: 1 | AJ113: 1 | AL113: 1 | AN113: 18 | AP113: 1 | AR113: 1
B114: NE | C114: 2015 | D114: 06800000 | E114: Maple Creek near Nickerson, NE | F114: rotate2 | G114: Agriculture | H114: NAWQA | I114: nfsnag | J114: yes | N114: 24 | P114: 1 | R114: 24 | T114: 1 | V114: 1 | X114: 24 | Z114: 2 | AB114: 2 | AD114: 2 | AF114: 24 | AH114: 1 | AJ114: 1 | AL114: 1 | AN114: 24 | AP114: 1 | AR114: 1
B115: NE | C115: 2015 | D115: 06805500 | E115: Platte River at Louisville, NE | F115: agcore/NASQAN | G115: Large Inland River | H115: NAWQA | I115: nfsnlir | J115: yes | K115: YES-COOP | L115: nitrate | M115: 0 | N115: 14 | P115: 1 | R115: 14 | T115: 1 | V115: 1 | X115: 14 | Z115: 1 | AB115: 1 | AD115: 1 | AF115: 14 | AH115: 1 | AJ115: 1 | AL115: 1 | AN115: 14 | AP115: 1 | AR115: 1 | AT115: 14 | AV115: 14
B116: NE | E116: WSC sum | N116: =SUM(N112:N115) -> 62 | O116: =SUM(O112:O115) -> 0 | P116: =SUM(P112:P115) -> 4 | Q116: =SUM(Q112:Q115) -> 0 | R116: =SUM(R112:R115) -> 62 | S116: =SUM(S112:S115) -> 0 | T116: =SUM(T112:T115) -> 4 | U116: =SUM(U112:U115) -> 0 | ... AX116: =SUM(AX112:AX115) -> 0 | AZ116: =SUM(AZ112:AZ115) -> 0 | BA116: =SUM(BA112:BA115) -> 0 | BB116: =SUM(BB112:BB115) -> 0 | BC116: =SUM(BC112:BC115) -> 0
B118: NV | C118: 2015 | D118: 10350340 | E118: Truckee River near Tracy, NV | F118: rotate4 | G118: Large Inland River | H118: NAWQA | I118: nfsnlir | J118: yes | N118: 18 | P118: 1 | R118: 18 | T118: 1 | V118: 1 | X118: 18 | Z118: 1 | AB118: 1 | AD118: 1 | AF118: 18 | AH118: 1 | AJ118: 1 | AL118: 1 | AN118: 18 | AP118: 1 | AR118: 1
B119: NV | E119: WSC sum | N119: =SUM(N118:N118) -> 18 | O119: =SUM(O118:O118) -> 0 | P119: =SUM(P118:P118) -> 1 | Q119: =SUM(Q118:Q118) -> 0 | R119: =SUM(R118:R118) -> 18 | S119: =SUM(S118:S118) -> 0 | T119: =SUM(T118:T118) -> 1 | U119: =SUM(U118:U118) -> 0 | ... AX119: =SUM(AX118:AX118) -> 0 | AZ119: =SUM(AZ118:AZ118) -> 0 | BA119: =SUM(BA118:BA118) -> 0 | BB119: =SUM(BB118:BB118) -> 0 | BC119: =SUM(BC118:BC118) -> 0
B121: NJ | C121: 2015 | D121: 01463500 | E121: Delaware River at Trenton, NJ | F121: NMN/ rotate4 | G121: Coastal River | H121: NAWQA | I121: nfsncoast | J121: yes | K121: YES-COOP | N121: 14 | P121: 1 | R121: 14 | T121: 1 | V121: 1 | X121: 14 | Z121: 1 | AB121: 1 | AD121: 1 | AF121: 14 | AH121: 1 | AJ121: 1 | AL121: 1 | AN121: 14 | AP121: 1 | AR121: 1 | AT121: 14 | AV121: 14 | BB121: 14
B122: NJ | E122: WSC sum | N122: =SUM(N121:N121) -> 14 | O122: =SUM(O121:O121) -> 0 | P122: =SUM(P121:P121) -> 1 | Q122: =SUM(Q121:Q121) -> 0 | R122: =SUM(R121:R121) -> 14 | S122: =SUM(S121:S121) -> 0 | T122: =SUM(T121:T121) -> 1 | U122: =SUM(U121:U121) -> 0 | ... AX122: =SUM(AX121:AX121) -> 0 | AZ122: =SUM(AZ121:AZ121) -> 0 | BA122: =SUM(BA121:BA121) -> 0 | BB122: =SUM(BB121:BB121) -> 14 | BC122: =SUM(BC121:BC121) -> 0
B124: NM | C124: 2015 | D124: 08227000 | E124: Saguache Creek near Saguache, CO | F124: eco_only | G124: Reference | H124: NAWQA | I124: nfsnref | J124: yes-COOP | N124: 6 | P124: 1 | R124: 6 | T124: 0 | V124: 1 | X124: 6 | Z124: 0 | AB124: 1 | AD124: 1 | AF124: 0 | AN124: 0 | BD124: streamgage run by CO Div. of Water Resources (gurtz email 6/8/12)
B125: NM | C125: 2015 | D125: 08364000 | E125: Rio Grande at El Paso, TX | F125: agcore/NAWQA | G125: Large Inland River | H125: NAWQA | I125: nfsnlir | J125: yes | K125: YES-COOP | N125: 14 | P125: 1 | R125: 14 | T125: 1 | V125: 1 | X125: 14 | Z125: 1 | AB125: 1 | AD125: 1 | AF125: 14 | AH125: 1 | AJ125: 1 | AL125: 1 | AN125: 14 | AP125: 1 | AR125: 1
B126: NM | E126: WSC sum | N126: =SUM(N124:N125) -> 20 | O126: =SUM(O124:O125) -> 0 | P126: =SUM(P124:P125) -> 2 | Q126: =SUM(Q124:Q125) -> 0 | R126: =SUM(R124:R125) -> 20 | S126: =SUM(S124:S125) -> 0 | T126: =SUM(T124:T125) -> 1 | U126: =SUM(U124:U125) -> 0 | ... AX126: =SUM(AX124:AX125) -> 0 | AZ126: =SUM(AZ124:AZ125) -> 0 | BA126: =SUM(BA124:BA125) -> 0 | BB126: =SUM(BB124:BB125) -> 0 | BC126: =SUM(BC124:BC125) -> 0
...

Sheet WY2015 NFSN Eco Sampling
A1: Last Update | B1: SC | C1: 41703 | G1: Ecological STAID | H1: Ecological Site name | I1: Cycle 2 Site Type | J1: Cycle 3 Site Type | K1: Eco- region | L1: Fiscal year | M1: Reach Sampled (Primary Reach) | N1: Inv / Algae RTH (Riffle or Snag) | O1: Index Period for Inverts and Algae | Q1: Inverts - RTH | S1: Outside IP | T1: Inverts - QMH | V1: Outside IP | W1: Algae - RTH | Y1: Outside IP | Z1: Algae - Chl a / Biomass | AB1: Outside IP | AC1: Fish | AH1: Outside IP | AI1: Habitat | AM1: Outside IP | AN1: IP Check | AO1: SU Annual Comments: Unusual Sampling Circumstances
C2: Primary STAID | D2: Site name | E2: WSC Ecology contact | F2: Fish QA Plan | Q2: No. of Samples Planned | R2: Date Com-pleted (MM/DD/YY) | T2: No. of Samples Planned | U2: Date Com-pleted (MM/DD/YY) | W2: No. of Samples Planned | X2: Date Com-pleted (MM/DD/YY) | Z2: No. of Samples Planned | AA2: Date Com-pleted (MM/DD/YY) | AC2: Index Period | AE2: QA Plan Submitted (Yes/No) | AF2: No. of Samples Planned | AG2: Date Com-pleted (MM/DD/YY) | AI2: Index Period | AK2: No. of Samples Planned | AL2: Date Com-pleted (MM/DD/YY)
O3: Start Date | P3: End Date | R3: Reach A | U3: Reach A | X3: Reach A | AA3: Reach A | AC3: Start Date | AD3: End Date | AI3: Start Date | AJ3: End Date
B5: AZ | C5: 09471000 | D5: San Pedro River at Charleston, AZ | E5: Nick Paretti | F5: Yes | I5: rotate4 | J5: Reference | K5: 79 | L5: 2014 | M5: A | N5: Riffle | O5: 41944 | P5: 41988 | Q5: 1 | S5: =IF(Q5>0,IF(R5<($O5-7),"EARLY",IF(R5>N($P5+7),"LATE","")),"") -> EARLY | T5: 0 | V5: =IF(T5>0,IF(U5<($O5-7),"EARLY",IF(U5>N($P5+7),"LATE","")),"") | W5: 1 | Y5: =IF(W5>0,IF(X5<($O5-7),"EARLY",IF(X5>N($P5+7),"LATE","")),"") -> EARLY | Z5: 1 | AB5: =IF(Z5>0,IF(AA5<($O5-7),"EARLY",IF(AA5>N($P5+7),"LATE","")),"") -> EARLY | AC5: 41944 | AD5: 41988 | AF5: 1 | AH5: =IF(AF5>0,IF(AG5<($AC5-7),"EARLY",IF(AG5>N($AD5+7),"LATE","")),"") -> EARLY | AI5: 41944 | AJ5: 41988 | AK5: 1 | AM5: =IF(AK5>0,IF(AL5<($AI5-7),"EARLY",IF(AL5>N($AJ5+7),"LATE","")),"") -> EARLY | AN5: =IF(OR(S5<>"",V5<>"",Y5<>"",AB5<>"",AH5<>"",AM5<>""),"CHECK","") -> CHECK
B6: AZ | C6: 09505800 | D6: West Clear Creek near Camp Verde, AZ | F6: Yes | I6: rotate4 | J6: Reference | K6: 23 | L6: 2014 | M6: A | N6: Riffle | O6: 42292 | P6: 42338 | Q6: 1 | S6: =IF(Q6>0,IF(R6<($O6-7),"EARLY",IF(R6>N($P6+7),"LATE","")),"") -> EARLY | T6: 0 | V6: =IF(T6>0,IF(U6<($O6-7),"EARLY",IF(U6>N($P6+7),"LATE","")),"") | W6: 1 | Y6: =IF(W6>0,IF(X6<($O6-7),"EARLY",IF(X6>N($P6+7),"LATE","")),"") -> EARLY | Z6: 1 | AB6: =IF(Z6>0,IF(AA6<($O6-7),"EARLY",IF(AA6>N($P6+7),"LATE","")),"") -> EARLY | AC6: 42292 | AD6: 42338 | AF6: 1 | AH6: =IF(AF6>0,IF(AG6<($AC6-7),"EARLY",IF(AG6>N($AD6+7),"LATE","")),"") -> EARLY | AI6: 42292 | AJ6: 42338 | AK6: 1 | AM6: =IF(AK6>0,IF(AL6<($AI6-7),"EARLY",IF(AL6>N($AJ6+7),"LATE","")),"") -> EARLY | AN6: =IF(OR(S6<>"",V6<>"",Y6<>"",AB6<>"",AH6<>"",AM6<>""),"CHECK","") -> CHECK | AO6: Sampling plan shown for the Fiscal Years in which samples are collected (i.e., Fall 2012 = FY2013)
B7: AR | C7: 07055646 | D7: Buffalo River near Boxley, AR | E7: Billy Justus | F7: Yes | I7: rotate4 | J7: Reference | K7: 38 | L7: 2014 | M7: A | N7: Riffle | O7: 42231 | P7: 42277 | Q7: 1 | S7: =IF(Q7>0,IF(R7<($O7-7),"EARLY",IF(R7>N($P7+7),"LATE","")),"") -> EARLY | T7: 0 | V7: =IF(T7>0,IF(U7<($O7-7),"EARLY",IF(U7>N($P7+7),"LATE","")),"") | W7: 1 | Y7: =IF(W7>0,IF(X7<($O7-7),"EARLY",IF(X7>N($P7+7),"LATE","")),"") -> EARLY | Z7: 1 | AB7: =IF(Z7>0,IF(AA7<($O7-7),"EARLY",IF(AA7>N($P7+7),"LATE","")),"") -> EARLY | AC7: 42200 | AD7: 42247 | AF7: 1 | AH7: =IF(AF7>0,IF(AG7<($AC7-7),"EARLY",IF(AG7>N($AD7+7),"LATE","")),"") -> EARLY | AI7: 42200 | AJ7: 42247 | AK7: 1 | AM7: =IF(AK7>0,IF(AL7<($AI7-7),"EARLY",IF(AL7>N($AJ7+7),"LATE","")),"") -> EARLY | AN7: =IF(OR(S7<>"",V7<>"",Y7<>"",AB7<>"",AH7<>"",AM7<>""),"CHECK","") -> CHECK
B8: AR | C8: 07060710 | D8: North Sylamore Creek near Fifty Six, AR | F8: Yes | I8: rotate4 | J8: Reference | K8: 39 | L8: 2014 | M8: C | N8: Riffle | O8: 42231 | P8: 42277 | Q8: 1 | S8: =IF(Q8>0,IF(R8<($O8-7),"EARLY",IF(R8>N($P8+7),"LATE","")),"") -> EARLY | T8: 0 | V8: =IF(T8>0,IF(U8<($O8-7),"EARLY",IF(U8>N($P8+7),"LATE","")),"") | W8: 1 | Y8: =IF(W8>0,IF(X8<($O8-7),"EARLY",IF(X8>N($P8+7),"LATE","")),"") -> EARLY | Z8: 1 | AB8: =IF(Z8>0,IF(AA8<($O8-7),"EARLY",IF(AA8>N($P8+7),"LATE","")),"") -> EARLY | AC8: 42200 | AD8: 42247 | AF8: 1 | AH8: =IF(AF8>0,IF(AG8<($AC8-7),"EARLY",IF(AG8>N($AD8+7),"LATE","")),"") -> EARLY | AI8: 42200 | AJ8: 42247 | AK8: 1 | AM8: =IF(AK8>0,IF(AL8<($AI8-7),"EARLY",IF(AL8>N($AJ8+7),"LATE","")),"") -> EARLY | AN8: =IF(OR(S8<>"",V8<>"",Y8<>"",AB8<>"",AH8<>"",AM8<>""),"CHECK","") -> CHECK
B9: CA | C9: 11274538 | D9: Orestimba Creek near Crows Landing, CA | E9: Jason May | F9: Yes | I9: rotate4 | J9: Agricultural | K9: 5 | L9: 2014 | M9: A | N9: Snag | O9: 42231 | P9: 42277 | Q9: 0 | S9: =IF(Q9>0,IF(R9<($O9-7),"EARLY",IF(R9>N($P9+7),"LATE","")),"") | T9: 0 | V9: =IF(T9>0,IF(U9<($O9-7),"EARLY",IF(U9>N($P9+7),"LATE","")),"") | W9: 0 | Y9: =IF(W9>0,IF(X9<($O9-7),"EARLY",IF(X9>N($P9+7),"LATE","")),"") | Z9: 0 | AB9: =IF(Z9>0,IF(AA9<($O9-7),"EARLY",IF(AA9>N($P9+7),"LATE","")),"") | AC9: 42231 | AD9: 42277 | AF9: 0 | AH9: =IF(AF9>0,IF(AG9<($AC9-7),"EARLY",IF(AG9>N($AD9+7),"LATE","")),"") | AI9: 42231 | AJ9: 42277 | AK9: 0 | AM9: =IF(AK9>0,IF(AL9<($AI9-7),"EARLY",IF(AL9>N($AJ9+7),"LATE","")),"") | AN9: =IF(OR(S9<>"",V9<>"",Y9<>"",AB9<>"",AH9<>"",AM9<>""),"CHECK","")
B10: CA | C10: 11335000 | D10: Cosumnes River at Michigan Bar, CA | F10: Yes | I10: eco_only | J10: Reference | K10: 7 | L10: 2014 | M10: C | N10: Riffle | O10: 42231 | P10: 42277 | Q10: 1 | S10: =IF(Q10>0,IF(R10<($O10-7),"EARLY",IF(R10>N($P10+7),"LATE","")),"") -> EARLY | T10: 0 | V10: =IF(T10>0,IF(U10<($O10-7),"EARLY",IF(U10>N($P10+7),"LATE","")),"") | W10: 1 | Y10: =IF(W10>0,IF(X10<($O10-7),"EARLY",IF(X10>N($P10+7),"LATE","")),"") -> EARLY | Z10: 1 | AB10: =IF(Z10>0,IF(AA10<($O10-7),"EARLY",IF(AA10>N($P10+7),"LATE","")),"") -> EARLY | AC10: 42231 | AD10: 42277 | AF10: 1 | AH10: =IF(AF10>0,IF(AG10<($AC10-7),"EARLY",IF(AG10>N($AD10+7),"LATE","")),"") -> EARLY | AI10: 42231 | AJ10: 42277 | AK10: 1 | AM10: =IF(AK10>0,IF(AL10<($AI10-7),"EARLY",IF(AL10>N($AJ10+7),"LATE","")),"") -> EARLY | AN10: =IF(OR(S10<>"",V10<>"",Y10<>"",AB10<>"",AH10<>"",AM10<>""),"CHECK","") -> CHECK
B11: CA | C11: 11264500 | D11: Merced River at Happy Isles Bridge nr Yosemite, CA | F11: Yes | I11: eco_only | J11: Reference | L11: 2014 | M11: A | N11: Riffle | O11: 42231 | P11: 42277 | Q11: 1 | S11: =IF(Q11>0,IF(R11<($O11-7),"EARLY",IF(R11>N($P11+7),"LATE","")),"") -> EARLY | T11: 0 | V11: =IF(T11>0,IF(U11<($O11-7),"EARLY",IF(U11>N($P11+7),"LATE","")),"") | W11: 1 | Y11: =IF(W11>0,IF(X11<($O11-7),"EARLY",IF(X11>N($P11+7),"LATE","")),"") -> EARLY | Z11: 1 | AB11: =IF(Z11>0,IF(AA11<($O11-7),"EARLY",IF(AA11>N($P11+7),"LATE","")),"") -> EARLY | AC11: 42193 | AD11: 42238 | AF11: 1 | AH11: =IF(AF11>0,IF(AG11<($AC11-7),"EARLY",IF(AG11>N($AD11+7),"LATE","")),"") -> EARLY | AI11: 42193 | AJ11: 42238 | AK11: 1 | AM11: =IF(AK11>0,IF(AL11<($AI11-7),"EARLY",IF(AL11>N($AJ11+7),"LATE","")),"") -> EARLY | AN11: =IF(OR(S11<>"",V11<>"",Y11<>"",AB11<>"",AH11<>"",AM11<>""),"CHECK","") -> CHECK
B12: CO | C12: 06713500 | D12: Cherry Creek at Denver, CO | E12: Bob Zuellig | F12: Yes | I12: rotate2 | J12: Urban | K12: 25 | L12: 2014 | M12: B | N12: Riffle | O12: 42200 | P12: 42247 | Q12: 1 | S12: =IF(Q12>0,IF(R12<($O12-7),"EARLY",IF(R12>N($P12+7),"LATE","")),"") -> EARLY | T12: 0 | V12: =IF(T12>0,IF(U12<($O12-7),"EARLY",IF(U12>N($P12+7),"LATE","")),"") | W12: 1 | Y12: =IF(W12>0,IF(X12<($O12-7),"EARLY",IF(X12>N($P12+7),"LATE","")),"") -> EARLY | Z12: 1 | AB12: =IF(Z12>0,IF(AA12<($O12-7),"EARLY",IF(AA12>N($P12+7),"LATE","")),"") -> EARLY | AC12: 42200 | AD12: 42247 | AF12: 1 | AH12: =IF(AF12>0,IF(AG12<($AC12-7),"EARLY",IF(AG12>N($AD12+7),"LATE","")),"") -> EARLY | AI12: 42200 | AJ12: 42247 | AK12: 1 | AM12: =IF(AK12>0,IF(AL12<($AI12-7),"EARLY",IF(AL12>N($AJ12+7),"LATE","")),"") -> EARLY | AN12: =IF(OR(S12<>"",V12<>"",Y12<>"",AB12<>"",AH12<>"",AM12<>""),"CHECK","") -> CHECK
B13: CT | C13: 01170100 | D13: Green River near Colrain, MA | E13: Karen Beaulieu | F13: Yes | G13: 01170095 | H13: Green River at Stewartville, MA | I13: rotate4 | J13: Reference | K13: 58 | L13: 2014 | M13: A | N13: Riffle | O13: 42217 | P13: 42262 | Q13: 1 | S13: =IF(Q13>0,IF(R13<($O13-7),"EARLY",IF(R13>N($P13+7),"LATE","")),"") -> EARLY | T13: 0 | V13: =IF(T13>0,IF(U13<($O13-7),"EARLY",IF(U13>N($P13+7),"LATE","")),"") | W13: 1 | Y13: =IF(W13>0,IF(X13<($O13-7),"EARLY",IF(X13>N($P13+7),"LATE","")),"") -> EARLY | Z13: 1 | AB13: =IF(Z13>0,IF(AA13<($O13-7),"EARLY",IF(AA13>N($P13+7),"LATE","")),"") -> EARLY | AC13: 42217 | AD13: 42262 | AF13: 1 | AH13: =IF(AF13>0,IF(AG13<($AC13-7),"EARLY",IF(AG13>N($AD13+7),"LATE","")),"") -> EARLY | AI13: 42217 | AJ13: 42262 | AK13: 1 | AM13: =IF(AK13>0,IF(AL13<($AI13-7),"EARLY",IF(AL13>N($AJ13+7),"LATE","")),"") -> EARLY | AN13: =IF(OR(S13<>"",V13<>"",Y13<>"",AB13<>"",AH13<>"",AM13<>""),"CHECK","") -> CHECK
B14: CT | C14: 01209710 | D14: Norwalk River at Winnipauk,CT | F14: Yes | I14: rotate4 | J14: Urban | K14: 59 | L14: 2014 | M14: A | N14: Riffle | O14: 42217 | P14: 42262 | Q14: 1 | S14: =IF(Q14>0,IF(R14<($O14-7),"EARLY",IF(R14>N($P14+7),"LATE","")),"") -> EARLY | T14: 0 | V14: =IF(T14>0,IF(U14<($O14-7),"EARLY",IF(U14>N($P14+7),"LATE","")),"") | W14: 1 | Y14: =IF(W14>0,IF(X14<($O14-7),"EARLY",IF(X14>N($P14+7),"LATE","")),"") -> EARLY | Z14: 1 | AB14: =IF(Z14>0,IF(AA14<($O14-7),"EARLY",IF(AA14>N($P14+7),"LATE","")),"") -> EARLY | AC14: 42217 | AD14: 42262 | AF14: 1 | AH14: =IF(AF14>0,IF(AG14<($AC14-7),"EARLY",IF(AG14>N($AD14+7),"LATE","")),"") -> EARLY | AI14: 42217 | AJ14: 42262 | AK14: 1 | AM14: =IF(AK14>0,IF(AL14<($AI14-7),"EARLY",IF(AL14>N($AJ14+7),"LATE","")),"") -> EARLY | AN14: =IF(OR(S14<>"",V14<>"",Y14<>"",AB14<>"",AH14<>"",AM14<>""),"CHECK","") -> CHECK
B15: GA | C15: 2338523 | D15: Hillibahatchee Creek near Franklin, GA | E15: Jeff Riley | F15: Yes | I15: rotate4 | J15: Reference | K15: 45 | L15: 2014 | M15: B | N15: Riffle | O15: 42139 | P15: 42185 | Q15: 1 | S15: =IF(Q15>0,IF(R15<($O15-7),"EARLY",IF(R15>N($P15+7),"LATE","")),"") -> EARLY | T15: 0 | V15: =IF(T15>0,IF(U15<($O15-7),"EARLY",IF(U15>N($P15+7),"LATE","")),"") | W15: 1 | Y15: =IF(W15>0,IF(X15<($O15-7),"EARLY",IF(X15>N($P15+7),"LATE","")),"") -> EARLY | Z15: 1 | AB15: =IF(Z15>0,IF(AA15<($O15-7),"EARLY",IF(AA15>N($P15+7),"LATE","")),"") -> EARLY | AC15: 42248 | AD15: 42292 | AF15: 1 | AH15: =IF(AF15>0,IF(AG15<($AC15-7),"EARLY",IF(AG15>N($AD15+7),"LATE","")),"") -> EARLY | AI15: 42248 | AJ15: 42292 | AK15: 1 | AM15: =IF(AK15>0,IF(AL15<($AI15-7),"EARLY",IF(AL15>N($AJ15+7),"LATE","")),"") -> EARLY | AN15: =IF(OR(S15<>"",V15<>"",Y15<>"",AB15<>"",AH15<>"",AM15<>""),"CHECK","") -> CHECK
B16: GA | C16: 02335870 | D16: Sope Creek near Marietta, GA | F16: Yes | I16: rotate2 | J16: Urban | K16: 45 | L16: 2014 | M16: A | N16: Riffle | O16: 42139 | P16: 42185 | Q16: 1 | S16: =IF(Q16>0,IF(R16<($O16-7),"EARLY",IF(R16>N($P16+7),"LATE","")),"") -> EARLY | T16: 0 | V16: =IF(T16>0,IF(U16<($O16-7),"EARLY",IF(U16>N($P16+7),"LATE","")),"") | W16: 1 | Y16: =IF(W16>0,IF(X16<($O16-7),"EARLY",IF(X16>N($P16+7),"LATE","")),"") -> EARLY | Z16: 1 | AB16: =IF(Z16>0,IF(AA16<($O16-7),"EARLY",IF(AA16>N($P16+7),"LATE","")),"") -> EARLY | AC16: 42248 | AD16: 42292 | AF16: 1 | AH16: =IF(AF16>0,IF(AG16<($AC16-7),"EARLY",IF(AG16>N($AD16+7),"LATE","")),"") -> EARLY | AI16: 42248 | AJ16: 42292 | AK16: 1 | AM16: =IF(AK16>0,IF(AL16<($AI16-7),"EARLY",IF(AL16>N($AJ16+7),"LATE","")),"") -> EARLY | AN16: =IF(OR(S16<>"",V16<>"",Y16<>"",AB16<>"",AH16<>"",AM16<>""),"CHECK","") -> CHECK
B17: ID | C17: 13092747 | D17: Rock Creek at Twin Falls, ID | E17: Dorene MacCoy | F17: Yes | I17: rotate4 | J17: Agricultural | K17: 12 | L17: 2014 | M17: A | N17: Riffle | O17: 42186 | P17: 42231 | Q17: 1 | S17: =IF(Q17>0,IF(R17<($O17-7),"EARLY",IF(R17>N($P17+7),"LATE","")),"") -> EARLY | T17: 0 | V17: =IF(T17>0,IF(U17<($O17-7),"EARLY",IF(U17>N($P17+7),"LATE","")),"") | W17: 1 | Y17: =IF(W17>0,IF(X17<($O17-7),"EARLY",IF(X17>N($P17+7),"LATE","")),"") -> EARLY | Z17: 1 | AB17: =IF(Z17>0,IF(AA17<($O17-7),"EARLY",IF(AA17>N($P17+7),"LATE","")),"") -> EARLY | AC17: 42186 | AD17: 42231 | AF17: 1 | AH17: =IF(AF17>0,IF(AG17<($AC17-7),"EARLY",IF(AG17>N($AD17+7),"LATE","")),"") -> EARLY | AI17: 42186 | AJ17: 42231 | AK17: 1 | AM17: =IF(AK17>0,IF(AL17<($AI17-7),"EARLY",IF(AL17>N($AJ17+7),"LATE","")),"") -> EARLY | AN17: =IF(OR(S17<>"",V17<>"",Y17<>"",AB17<>"",AH17<>"",AM17<>""),"CHECK","") -> CHECK
B18: IN | C18: 394340085524601 | D18: Sugar Creek at New Palestine, IN | E18: Edward Dobrowolski | F18: Yes | I18: rotate2 | J18: Agricultural | K18: 55 | L18: 2014 | M18: A | N18: Riffle | O18: 42200 | P18: 42247 | Q18: 1 | S18: =IF(Q18>0,IF(R18<($O18-7),"EARLY",IF(R18>N($P18+7),"LATE","")),"") -> EARLY | T18: 0 | V18: =IF(T18>0,IF(U18<($O18-7),"EARLY",IF(U18>N($P18+7),"LATE","")),"") | W18: 1 | Y18: =IF(W18>0,IF(X18<($O18-7),"EARLY",IF(X18>N($P18+7),"LATE","")),"") -> EARLY | Z18: 1 | AB18: =IF(Z18>0,IF(AA18<($O18-7),"EARLY",IF(AA18>N($P18+7),"LATE","")),"") -> EARLY | AC18: 42217 | AD18: 42262 | AF18: 1 | AH18: =IF(AF18>0,IF(AG18<($AC18-7),"EARLY",IF(AG18>N($AD18+7),"LATE","")),"") -> EARLY | AI18: 42200 | AJ18: 42247 | AK18: 1 | AM18: =IF(AK18>0,IF(AL18<($AI18-7),"EARLY",IF(AL18>N($AJ18+7),"LATE","")),"") -> EARLY | AN18: =IF(OR(S18<>"",V18<>"",Y18<>"",AB18<>"",AH18<>"",AM18<>""),"CHECK","") -> CHECK
B19: IA | C19: 05451210 | D19: South Fork Iowa River near New Providence, IA | E19: Jason McVay | F19: Yes | I19: rotate2 | J19: Agricultural | K19: 47 | L19: 2014 | M19: A | N19: Snag | O19: 42217 | P19: 42262 | Q19: 1 | S19: =IF(Q19>0,IF(R19<($O19-7),"EARLY",IF(R19>N($P19+7),"LATE","")),"") -> EARLY | T19: 0 | V19: =IF(T19>0,IF(U19<($O19-7),"EARLY",IF(U19>N($P19+7),"LATE","")),"") | W19: 1 | Y19: =IF(W19>0,IF(X19<($O19-7),"EARLY",IF(X19>N($P19+7),"LATE","")),"") -> EARLY | Z19: 1 | AB19: =IF(Z19>0,IF(AA19<($O19-7),"EARLY",IF(AA19>N($P19+7),"LATE","")),"") -> EARLY | AC19: 42231 | AD19: 42277 | AF19: 1 | AH19: =IF(AF19>0,IF(AG19<($AC19-7),"EARLY",IF(AG19>N($AD19+7),"LATE","")),"") -> EARLY | AI19: 42217 | AJ19: 42262 | AK19: 1 | AM19: =IF(AK19>0,IF(AL19<($AI19-7),"EARLY",IF(AL19>N($AJ19+7),"LATE","")),"") -> EARLY | AN19: =IF(OR(S19<>"",V19<>"",Y19<>"",AB19<>"",AH19<>"",AM19<>""),"CHECK","") -> CHECK
B20: LA | C20: 08014500 | D20: Ouiska (Whisky) Chitto Creek near Oberlin, LA | E20: Scott Mize | F20: Yes | I20: rotate4 | J20: Reference | K20: 35 | L20: 2014 | M20: A | N20: Snag | O20: 42200 | P20: 42247 | Q20: 1 | S20: =IF(Q20>0,IF(R20<($O20-7),"EARLY",IF(R20>N($P20+7),"LATE","")),"") -> EARLY | T20: 0 | V20: =IF(T20>0,IF(U20<($O20-7),"EARLY",IF(U20>N($P20+7),"LATE","")),"") | W20: 1 | Y20: =IF(W20>0,IF(X20<($O20-7),"EARLY",IF(X20>N($P20+7),"LATE","")),"") -> EARLY | Z20: 1 | AB20: =IF(Z20>0,IF(AA20<($O20-7),"EARLY",IF(AA20>N($P20+7),"LATE","")),"") -> EARLY | AC20: 42200 | AD20: 42247 | AF20: 1 | AH20: =IF(AF20>0,IF(AG20<($AC20-7),"EARLY",IF(AG20>N($AD20+7),"LATE","")),"") -> EARLY | AI20: 42200 | AJ20: 42247 | AK20: 1 | AM20: =IF(AK20>0,IF(AL20<($AI20-7),"EARLY",IF(AL20>N($AJ20+7),"LATE","")),"") -> EARLY | AN20: =IF(OR(S20<>"",V20<>"",Y20<>"",AB20<>"",AH20<>"",AM20<>""),"CHECK","") -> CHECK
B21: MD | C21: 01610400 | D21: Waites Run near Wardensville, WV | E21: Robin Brightbill | F21: Yes | I21: rotate4 | J21: Reference | K21: 67 | L21: 2014 | M21: B | N21: Riffle | O21: 42186 | P21: 42231 | Q21: 1 | S21: =IF(Q21>0,IF(R21<($O21-7),"EARLY",IF(R21>N($P21+7),"LATE","")),"") -> EARLY | T21: 0 | V21: =IF(T21>0,IF(U21<($O21-7),"EARLY",IF(U21>N($P21+7),"LATE","")),"") | W21: 1 | Y21: =IF(W21>0,IF(X21<($O21-7),"EARLY",IF(X21>N($P21+7),"LATE","")),"") -> EARLY | Z21: 1 | AB21: =IF(Z21>0,IF(AA21<($O21-7),"EARLY",IF(AA21>N($P21+7),"LATE","")),"") -> EARLY | AC21: 42186 | AD21: 42231 | AF21: 1 | AH21: =IF(AF21>0,IF(AG21<($AC21-7),"EARLY",IF(AG21>N($AD21+7),"LATE","")),"") -> EARLY | AI21: 42186 | AJ21: 42231 | AK21: 1 | AM21: =IF(AK21>0,IF(AL21<($AI21-7),"EARLY",IF(AL21>N($AJ21+7),"LATE","")),"") -> EARLY | AN21: =IF(OR(S21<>"",V21<>"",Y21<>"",AB21<>"",AH21<>"",AM21<>""),"CHECK","") -> CHECK
B22: MD | C22: 01654000 | D22: Accotink Creek near Annandale, VA | F22: Yes | I22: rotate2 | J22: Urban | K22: 45 | L22: 2014 | M22: A | N22: Riffle | O22: 42156 | P22: 42200 | Q22: 1 | S22: =IF(Q22>0,IF(R22<($O22-7),"EARLY",IF(R22>N($P22+7),"LATE","")),"") -> EARLY | T22: 0 | V22: =IF(T22>0,IF(U22<($O22-7),"EARLY",IF(U22>N($P22+7),"LATE","")),"") | W22: 1 | Y22: =IF(W22>0,IF(X22<($O22-7),"EARLY",IF(X22>N($P22+7),"LATE","")),"") -> EARLY | Z22: 1 | AB22: =IF(Z22>0,IF(AA22<($O22-7),"EARLY",IF(AA22>N($P22+7),"LATE","")),"") -> EARLY | AC22: 42217 | AD22: 42262 | AF22: 1 | AH22: =IF(AF22>0,IF(AG22<($AC22-7),"EARLY",IF(AG22>N($AD22+7),"LATE","")),"") -> EARLY | AI22: 42217 | AJ22: 42262 | AK22: 1 | AM22: =IF(AK22>0,IF(AL22<($AI22-7),"EARLY",IF(AL22>N($AJ22+7),"LATE","")),"") -> EARLY | AN22: =IF(OR(S22<>"",V22<>"",Y22<>"",AB22<>"",AH22<>"",AM22<>""),"CHECK","") -> CHECK
B23: MN | C23: 05288705 | D23: Shingle Creek at Minneapolis, MN | E23: Kathy Lee | F23: Yes | I23: rotate2 | J23: Urban | K23: 51 | L23: 2014 | M23: B | N23: Riffle | O23: 42186 | P23: 42231 | Q23: 1 | S23: =IF(Q23>0,IF(R23<($O23-7),"EARLY",IF(R23>N($P23+7),"LATE","")),"") -> EARLY | T23: 0 | V23: =IF(T23>0,IF(U23<($O23-7),"EARLY",IF(U23>N($P23+7),"LATE","")),"") | W23: 1 | Y23: =IF(W23>0,IF(X23<($O23-7),"EARLY",IF(X23>N($P23+7),"LATE","")),"") -> EARLY | Z23: 1 | AB23: =IF(Z23>0,IF(AA23<($O23-7),"EARLY",IF(AA23>N($P23+7),"LATE","")),"") -> EARLY | AC23: 42186 | AD23: 42231 | AF23: 1 | AH23: =IF(AF23>0,IF(AG23<($AC23-7),"EARLY",IF(AG23>N($AD23+7),"LATE","")),"") -> EARLY | AI23: 42186 | AJ23: 42231 | AK23: 1 | AM23: =IF(AK23>0,IF(AL23<($AI23-7),"EARLY",IF(AL23>N($AJ23+7),"LATE","")),"") -> EARLY | AN23: =IF(OR(S23<>"",V23<>"",Y23<>"",AB23<>"",AH23<>"",AM23<>""),"CHECK","") -> CHECK
B24: MS | C24: 07288650 | D24: Bogue Phalia near Leland, MS | E24: Jeannie Barlow | F24: Yes | I24: dropped08 | J24: Agricultural | K24: 73 | L24: 2014 | M24: A | N24: Snag | O24: 42217 | P24: 42262 | Q24: 1 | S24: =IF(Q24>0,IF(R24<($O24-7),"EARLY",IF(R24>N($P24+7),"LATE","")),"") -> EARLY | T24: 0 | V24: =IF(T24>0,IF(U24<($O24-7),"EARLY",IF(U24>N($P24+7),"LATE","")),"") | W24: 1 | Y24: =IF(W24>0,IF(X24<($O24-7),"EARLY",IF(X24>N($P24+7),"LATE","")),"") -> EARLY | Z24: 1 | AB24: =IF(Z24>0,IF(AA24<($O24-7),"EARLY",IF(AA24>N($P24+7),"LATE","")),"") -> EARLY | AC24: 42200 | AD24: 42247 | AF24: 1 | AH24: =IF(AF24>0,IF(AG24<($AC24-7),"EARLY",IF(AG24>N($AD24+7),"LATE","")),"") -> EARLY | AI24: 42200 | AJ24: 42247 | AK24: 1 | AM24: =IF(AK24>0,IF(AL24<($AI24-7),"EARLY",IF(AL24>N($AJ24+7),"LATE","")),"") -> EARLY | AN24: =IF(OR(S24<>"",V24<>"",Y24<>"",AB24<>"",AH24<>"",AM24<>""),"CHECK","") -> CHECK
B25: NE | C25: 06775900 | D25: Dismal River near Thedford, NE | E25: Jason Alexander | F25: Yes | I25: eco_only | J25: Reference | K25: 44 | L25: 2014 | M25: C | N25: Snag | O25: 42217 | P25: 42262 | Q25: 1 | S25: =IF(Q25>0,IF(R25<($O25-7),"EARLY",IF(R25>N($P25+7),"LATE","")),"") -> EARLY | T25: 0 | V25: =IF(T25>0,IF(U25<($O25-7),"EARLY",IF(U25>N($P25+7),"LATE","")),"") | W25: 1 | Y25: =IF(W25>0,IF(X25<($O25-7),"EARLY",IF(X25>N($P25+7),"LATE","")),"") -> EARLY | Z25: 1 | AB25: =IF(Z25>0,IF(AA25<($O25-7),"EARLY",IF(AA25>N($P25+7),"LATE","")),"") -> EARLY | AC25: 42217 | AD25: 42262 | AF25: 1 | AH25: =IF(AF25>0,IF(AG25<($AC25-7),"EARLY",IF(AG25>N($AD25+7),"LATE","")),"") -> EARLY | AI25: 42217 | AJ25: 42262 | AK25: 1 | AM25: =IF(AK25>0,IF(AL25<($AI25-7),"EARLY",IF(AL25>N($AJ25+7),"LATE","")),"") -> EARLY | AN25: =IF(OR(S25<>"",V25<>"",Y25<>"",AB25<>"",AH25<>"",AM25<>""),"CHECK","") -> CHECK
B26: NE | C26: 06800000 | D26: Maple Creek near Nickerson, NE | F26: Yes | I26: rotate2 | J26: Agricultural | K26: 47 | L26: 2014 | M26: C | N26: Snag | O26: 42217 | P26: 42262 | Q26: 1 | S26: =IF(Q26>0,IF(R26<($O26-7),"EARLY",IF(R26>N($P26+7),"LATE","")),"") -> EARLY | T26: 0 | V26: =IF(T26>0,IF(U26<($O26-7),"EARLY",IF(U26>N($P26+7),"LATE","")),"") | W26: 1 | Y26: =IF(W26>0,IF(X26<($O26-7),"EARLY",IF(X26>N($P26+7),"LATE","")),"") -> EARLY | Z26: 1 | AB26: =IF(Z26>0,IF(AA26<($O26-7),"EARLY",IF(AA26>N($P26+7),"LATE","")),"") -> EARLY | AC26: 42217 | AD26: 42262 | AF26: 1 | AH26: =IF(AF26>0,IF(AG26<($AC26-7),"EARLY",IF(AG26>N($AD26+7),"LATE","")),"") -> EARLY | AI26: 42217 | AJ26: 42262 | AK26: 1 | AM26: =IF(AK26>0,IF(AL26<($AI26-7),"EARLY",IF(AL26>N($AJ26+7),"LATE","")),"") -> EARLY | AN26: =IF(OR(S26<>"",V26<>"",Y26<>"",AB26<>"",AH26<>"",AM26<>""),"CHECK","") -> CHECK
B27: NM | C27: 08227000 | D27: Saguache Creek near Saguache, CO | E27: Dianna Crilley | F27: Yes | I27: eco_only | J27: Reference | K27: 21 | L27: 2014 | M27: A | N27: Riffle | O27: 42200 | P27: 42247 | Q27: 1 | S27: =IF(Q27>0,IF(R27<($O27-7),"EARLY",IF(R27>N($P27+7),"LATE","")),"") -> EARLY | T27: 0 | V27: =IF(T27>0,IF(U27<($O27-7),"EARLY",IF(U27>N($P27+7),"LATE","")),"") | W27: 1 | Y27: =IF(W27>0,IF(X27<($O27-7),"EARLY",IF(X27>N($P27+7),"LATE","")),"") -> EARLY | Z27: 1 | AB27: =IF(Z27>0,IF(AA27<($O27-7),"EARLY",IF(AA27>N($P27+7),"LATE","")),"") -> EARLY | AC27: 42200 | AD27: 42247 | AF27: 1 | AH27: =IF(AF27>0,IF(AG27<($AC27-7),"EARLY",IF(AG27>N($AD27+7),"LATE","")),"") -> EARLY | AI27: 42200 | AJ27: 42247 | AK27: 1 | AM27: =IF(AK27>0,IF(AL27<($AI27-7),"EARLY",IF(AL27>N($AJ27+7),"LATE","")),"") -> EARLY | AN27: =IF(OR(S27<>"",V27<>"",Y27<>"",AB27<>"",AH27<>"",AM27<>""),"CHECK","") -> CHECK
B28: NY | C28: 01349150 | D28: Canajoharie Creek near Canajoharie, NY | E28: Karen Murray | F28: Yes | I28: rotate4 | J28: Agricultural | K28: 83 | L28: 2014 | M28: A | N28: Riffle | O28: 42200 | P28: 42247 | Q28: 1 | S28: =IF(Q28>0,IF(R28<($O28-7),"EARLY",IF(R28>N($P28+7),"LATE","")),"") -> EARLY | T28: 0 | V28: =IF(T28>0,IF(U28<($O28-7),"EARLY",IF(U28>N($P28+7),"LATE","")),"") | W28: 1 | Y28: =IF(W28>0,IF(X28<($O28-7),"EARLY",IF(X28>N($P28+7),"LATE","")),"") -> EARLY | Z28: 1 | AB28: =IF(Z28>0,IF(AA28<($O28-7),"EARLY",IF(AA28>N($P28+7),"LATE","")),"") -> EARLY | AC28: 42217 | AD28: 42262 | AF28: 1 | AH28: =IF(AF28>0,IF(AG28<($AC28-7),"EARLY",IF(AG28>N($AD28+7),"LATE","")),"") -> EARLY | AI28: 42217 | AJ28: 42262 | AK28: 1 | AM28: =IF(AK28>0,IF(AL28<($AI28-7),"EARLY",IF(AL28>N($AJ28+7),"LATE","")),"") -> EARLY | AN28: =IF(OR(S28<>"",V28<>"",Y28<>"",AB28<>"",AH28<>"",AM28<>""),"CHECK","") -> CHECK
B29: NC | C29: 02091500 | D29: Contentnea Creek at Hookerton, NC | E29: Michelle Moorman | F29: Yes | I29: rotate4 | J29: Agricultural | K29: 65 | L29: 2014 | M29: A | N29: Snag | O29: 42139 | P29: 42185 | Q29: 1 | S29: =IF(Q29>0,IF(R29<($O29-7),"EARLY",IF(R29>N($P29+7),"LATE","")),"") -> EARLY | T29: 0 | V29: =IF(T29>0,IF(U29<($O29-7),"EARLY",IF(U29>N($P29+7),"LATE","")),"") | W29: 1 | Y29: =IF(W29>0,IF(X29<($O29-7),"EARLY",IF(X29>N($P29+7),"LATE","")),"") -> EARLY | Z29: 1 | AB29: =IF(Z29>0,IF(AA29<($O29-7),"EARLY",IF(AA29>N($P29+7),"LATE","")),"") -> EARLY | AC29: 42248 | AD29: 42292 | AF29: 1 | AH29: =IF(AF29>0,IF(AG29<($AC29-7),"EARLY",IF(AG29>N($AD29+7),"LATE","")),"") -> EARLY | AI29: 42248 | AJ29: 42292 | AK29: 1 | AM29: =IF(AK29>0,IF(AL29<($AI29-7),"EARLY",IF(AL29>N($AJ29+7),"LATE","")),"") -> EARLY | AN29: =IF(OR(S29<>"",V29<>"",Y29<>"",AB29<>"",AH29<>"",AM29<>""),"CHECK","") -> CHECK
B30: NC | C30: 2087580 | D30: Swift Creek near Apex, NC | F30: Yes | I30: rotate2 | J30: Urban | K30: 65 | L30: 2014 | M30: C | N30: Riffle | O30: 42139 | P30: 42185 | Q30: 1 | S30: =IF(Q30>0,IF(R30<($O30-7),"EARLY",IF(R30>N($P30+7),"LATE","")),"") -> EARLY | T30: 0 | V30: =IF(T30>0,IF(U30<($O30-7),"EARLY",IF(U30>N($P30+7),"LATE","")),"") | W30: 1 | Y30: =IF(W30>0,IF(X30<($O30-7),"EARLY",IF(X30>N($P30+7),"LATE","")),"") -> EARLY | Z30: 1 | AB30: =IF(Z30>0,IF(AA30<($O30-7),"EARLY",IF(AA30>N($P30+7),"LATE","")),"") -> EARLY | AC30: 42248 | AD30: 42292 | AF30: 1 | AH30: =IF(AF30>0,IF(AG30<($AC30-7),"EARLY",IF(AG30>N($AD30+7),"LATE","")),"") -> EARLY | AI30: 42248 | AJ30: 42292 | AK30: 1 | AM30: =IF(AK30>0,IF(AL30<($AI30-7),"EARLY",IF(AL30>N($AJ30+7),"LATE","")),"") -> EARLY | AN30: =IF(OR(S30<>"",V30<>"",Y30<>"",AB30<>"",AH30<>"",AM30<>""),"CHECK","") -> CHECK
B31: OH | C31: 04161820 | D31: Clinton River at Sterling Heights, MI | E31: Stephanie Janosy | F31: Yes | I31: rotate4 | J31: Urban | K31: 56 | L31: 2014 | M31: A | N31: Riffle | O31: 42217 | P31: 42262 | Q31: 1 | S31: =IF(Q31>0,IF(R31<($O31-7),"EARLY",IF(R31>N($P31+7),"LATE","")),"") -> EARLY | T31: 0 | V31: =IF(T31>0,IF(U31<($O31-7),"EARLY",IF(U31>N($P31+7),"LATE","")),"") | W31: 1 | Y31: =IF(W31>0,IF(X31<($O31-7),"EARLY",IF(X31>N($P31+7),"LATE","")),"") -> EARLY | Z31: 1 | AB31: =IF(Z31>0,IF(AA31<($O31-7),"EARLY",IF(AA31>N($P31+7),"LATE","")),"") -> EARLY | AC31: 42217 | AD31: 42262 | AF31: 1 | AH31: =IF(AF31>0,IF(AG31<($AC31-7),"EARLY",IF(AG31>N($AD31+7),"LATE","")),"") -> EARLY | AI31: 42217 | AJ31: 42262 | AK31: 1 | AM31: =IF(AK31>0,IF(AL31<($AI31-7),"EARLY",IF(AL31>N($AJ31+7),"LATE","")),"") -> EARLY | AN31: =IF(OR(S31<>"",V31<>"",Y31<>"",AB31<>"",AH31<>"",AM31<>""),"CHECK","") -> CHECK
B32: OR | C32: 14201300 | D32: Zollner Creek near Mt. Angel, OR | E32: Jennifer Moarce | F32: NO | I32: rotate4 | J32: Agricultural | K32: 3 | L32: 2014 | M32: A | N32: Snag | O32: 42231 | P32: 42277 | Q32: 1 | S32: =IF(Q32>0,IF(R32<($O32-7),"EARLY",IF(R32>N($P32+7),"LATE","")),"") -> EARLY | T32: 0 | V32: =IF(T32>0,IF(U32<($O32-7),"EARLY",IF(U32>N($P32+7),"LATE","")),"") | W32: 1 | Y32: =IF(W32>0,IF(X32<($O32-7),"EARLY",IF(X32>N($P32+7),"LATE","")),"") -> EARLY | Z32: 1 | AB32: =IF(Z32>0,IF(AA32<($O32-7),"EARLY",IF(AA32>N($P32+7),"LATE","")),"") -> EARLY | AC32: 42231 | AD32: 42277 | AF32: 1 | AH32: =IF(AF32>0,IF(AG32<($AC32-7),"EARLY",IF(AG32>N($AD32+7),"LATE","")),"") -> EARLY | AI32: 42231 | AJ32: 42277 | AK32: 1 | AM32: =IF(AK32>0,IF(AL32<($AI32-7),"EARLY",IF(AL32>N($AJ32+7),"LATE","")),"") -> EARLY | AN32: =IF(OR(S32<>"",V32<>"",Y32<>"",AB32<>"",AH32<>"",AM32<>""),"CHECK","") -> CHECK
B33: OR | C33: 14206950 | D33: Fanno Creek at Durham, OR | F33: NO | I33: rotate2 | J33: Urban | K33: 3 | L33: 2014 | M33: A | N33: Riffle | O33: 42231 | P33: 42277 | Q33: 1 | S33: =IF(Q33>0,IF(R33<($O33-7),"EARLY",IF(R33>N($P33+7),"LATE","")),"") -> EARLY | T33: 0 | V33: =IF(T33>0,IF(U33<($O33-7),"EARLY",IF(U33>N($P33+7),"LATE","")),"") | W33: 1 | Y33: =IF(W33>0,IF(X33<($O33-7),"EARLY",IF(X33>N($P33+7),"LATE","")),"") -> EARLY | Z33: 1 | AB33: =IF(Z33>0,IF(AA33<($O33-7),"EARLY",IF(AA33>N($P33+7),"LATE","")),"") -> EARLY | AC33: 42231 | AD33: 42277 | AF33: 1 | AH33: =IF(AF33>0,IF(AG33<($AC33-7),"EARLY",IF(AG33>N($AD33+7),"LATE","")),"") -> EARLY | AI33: 42231 | AJ33: 42277 | AK33: 1 | AM33: =IF(AK33>0,IF(AL33<($AI33-7),"EARLY",IF(AL33>N($AJ33+7),"LATE","")),"") -> EARLY | AN33: =IF(OR(S33<>"",V33<>"",Y33<>"",AB33<>"",AH33<>"",AM33<>""),"CHECK","") -> CHECK
B34: OR | C34: 14205400 | D34: E Fork Dairy Creek near Meachan Corner, OR | F34: NO | I34: rotate4 | J34: Reference | K34: 3 | L34: 2014 | M34: A | N34: Riffle | O34: 42231 | P34: 42277 | Q34: 1 | S34: =IF(Q34>0,IF(R34<($O34-7),"EARLY",IF(R34>N($P34+7),"LATE","")),"") -> EARLY | T34: 0 | V34: =IF(T34>0,IF(U34<($O34-7),"EARLY",IF(U34>N($P34+7),"LATE","")),"") | W34: 1 | Y34: =IF(W34>0,IF(X34<($O34-7),"EARLY",IF(X34>N($P34+7),"LATE","")),"") -> EARLY | Z34: 1 | AB34: =IF(Z34>0,IF(AA34<($O34-7),"EARLY",IF(AA34>N($P34+7),"LATE","")),"") -> EARLY | AC34: 42231 | AD34: 42277 | AF34: 1 | AH34: =IF(AF34>0,IF(AG34<($AC34-7),"EARLY",IF(AG34>N($AD34+7),"LATE","")),"") -> EARLY | AI34: 42231 | AJ34: 42277 | AK34: 1 | AM34: =IF(AK34>0,IF(AL34<($AI34-7),"EARLY",IF(AL34>N($AJ34+7),"LATE","")),"") -> EARLY | AN34: =IF(OR(S34<>"",V34<>"",Y34<>"",AB34<>"",AH34<>"",AM34<>""),"CHECK","") -> CHECK
B35: SC | C35: 02172300 | D35: McTier Creek near Monetta, SC | E35: Jeff Riley | F35: Yes | I35: rotate4 | J35: Reference | K35: 65 | L35: 2014 | M35: A | N35: Snag | O35: 42139 | P35: 42185 | Q35: 1 | S35: =IF(Q35>0,IF(R35<($O35-7),"EARLY",IF(R35>N($P35+7),"LATE","")),"") -> EARLY | T35: 0 | V35: =IF(T35>0,IF(U35<($O35-7),"EARLY",IF(U35>N($P35+7),"LATE","")),"") | W35: 1 | Y35: =IF(W35>0,IF(X35<($O35-7),"EARLY",IF(X35>N($P35+7),"LATE","")),"") -> EARLY | Z35: 1 | AB35: =IF(Z35>0,IF(AA35<($O35-7),"EARLY",IF(AA35>N($P35+7),"LATE","")),"") -> EARLY | AC35: 42248 | AD35: 42292 | AF35: 1 | AH35: =IF(AF35>0,IF(AG35<($AC35-7),"EARLY",IF(AG35>N($AD35+7),"LATE","")),"") -> EARLY | AI35: 42139 | AJ35: 42185 | AK35: 1 | AM35: =IF(AK35>0,IF(AL35<($AI35-7),"EARLY",IF(AL35>N($AJ35+7),"LATE","")),"") -> EARLY | AN35: =IF(OR(S35<>"",V35<>"",Y35<>"",AB35<>"",AH35<>"",AM35<>""),"CHECK","") -> CHECK
B36: TX | C36: 08057200 | D36: White Rock Creek at Dallas, TX | E36: Bruce Moring | F36: Yes | I36: rotate2 | J36: Urban | K36: 32 | L36: 2014 | M36: A | N36: Riffle | O36: 42186 | P36: 42231 | Q36: 1 | S36: =IF(Q36>0,IF(R36<($O36-7),"EARLY",IF(R36>N($P36+7),"LATE","")),"") -> EARLY | T36: 0 | V36: =IF(T36>0,IF(U36<($O36-7),"EARLY",IF(U36>N($P36+7),"LATE","")),"") | W36: 1 | Y36: =IF(W36>0,IF(X36<($O36-7),"EARLY",IF(X36>N($P36+7),"LATE","")),"") -> EARLY | Z36: 1 | AB36: =IF(Z36>0,IF(AA36<($O36-7),"EARLY",IF(AA36>N($P36+7),"LATE","")),"") -> EARLY | AC36: 42186 | AD36: 42231 | AF36: 1 | AH36: =IF(AF36>0,IF(AG36<($AC36-7),"EARLY",IF(AG36>N($AD36+7),"LATE","")),"") -> EARLY | AI36: 42186 | AJ36: 42231 | AK36: 1 | AM36: =IF(AK36>0,IF(AL36<($AI36-7),"EARLY",IF(AL36>N($AJ36+7),"LATE","")),"") -> EARLY | AN36: =IF(OR(S36<>"",V36<>"",Y36<>"",AB36<>"",AH36<>"",AM36<>""),"CHECK","") -> CHECK
B37: TX | C37: 08195000 | D37: Frio River at Concan, TX | F37: Yes | I37: eco_only | J37: Reference | K37: 30 | L37: 2014 | M37: B | N37: Riffle | O37: 42186 | P37: 42231 | Q37: 1 | S37: =IF(Q37>0,IF(R37<($O37-7),"EARLY",IF(R37>N($P37+7),"LATE","")),"") -> EARLY | T37: 0 | V37: =IF(T37>0,IF(U37<($O37-7),"EARLY",IF(U37>N($P37+7),"LATE","")),"") | W37: 1 | Y37: =IF(W37>0,IF(X37<($O37-7),"EARLY",IF(X37>N($P37+7),"LATE","")),"") -> EARLY | Z37: 1 | AB37: =IF(Z37>0,IF(AA37<($O37-7),"EARLY",IF(AA37>N($P37+7),"LATE","")),"") -> EARLY | AC37: 42186 | AD37: 42231 | AF37: 1 | AH37: =IF(AF37>0,IF(AG37<($AC37-7),"EARLY",IF(AG37>N($AD37+7),"LATE","")),"") -> EARLY | AI37: 42186 | AJ37: 42231 | AK37: 1 | AM37: =IF(AK37>0,IF(AL37<($AI37-7),"EARLY",IF(AL37>N($AJ37+7),"LATE","")),"") -> EARLY | AN37: =IF(OR(S37<>"",V37<>"",Y37<>"",AB37<>"",AH37<>"",AM37<>""),"CHECK","") -> CHECK
B38: UT | C38: 10168000 | D38: Little Cottonwood Creek at Salt Lake City, UT | E38: Anne Brasher | F38: NO | I38: rotate2 | J38: Urban | K38: 19 | L38: 2014 | M38: A | N38: Depositional | O38: 42200 | P38: 42247 | Q38: 1 | S38: =IF(Q38>0,IF(R38<($O38-7),"EARLY",IF(R38>N($P38+7),"LATE","")),"") -> EARLY | T38: 0 | V38: =IF(T38>0,IF(U38<($O38-7),"EARLY",IF(U38>N($P38+7),"LATE","")),"") | W38: 1 | Y38: =IF(W38>0,IF(X38<($O38-7),"EARLY",IF(X38>N($P38+7),"LATE","")),"") -> EARLY | Z38: 1 | AB38: =IF(Z38>0,IF(AA38<($O38-7),"EARLY",IF(AA38>N($P38+7),"LATE","")),"") -> EARLY | AC38: 42200 | AD38: 42247 | AF38: 1 | AH38: =IF(AF38>0,IF(AG38<($AC38-7),"EARLY",IF(AG38>N($AD38+7),"LATE","")),"") -> EARLY | AI38: 42200 | AJ38: 42247 | AK38: 1 | AM38: =IF(AK38>0,IF(AL38<($AI38-7),"EARLY",IF(AL38>N($AJ38+7),"LATE","")),"") -> EARLY | AN38: =IF(OR(S38<>"",V38<>"",Y38<>"",AB38<>"",AH38<>"",AM38<>""),"CHECK","") -> CHECK
B39: UT | C39: 10172200 | D39: Red Butte Creek at Ft Douglas, UT | F39: NO | I39: rotate4 | J39: Reference | K39: 19 | L39: 2014 | M39: A | N39: Riffle | O39: 42200 | P39: 42247 | Q39: 1 | S39: =IF(Q39>0,IF(R39<($O39-7),"EARLY",IF(R39>N($P39+7),"LATE","")),"") -> EARLY | T39: 0 | V39: =IF(T39>0,IF(U39<($O39-7),"EARLY",IF(U39>N($P39+7),"LATE","")),"") | W39: 1 | Y39: =IF(W39>0,IF(X39<($O39-7),"EARLY",IF(X39>N($P39+7),"LATE","")),"") -> EARLY | Z39: 1 | AB39: =IF(Z39>0,IF(AA39<($O39-7),"EARLY",IF(AA39>N($P39+7),"LATE","")),"") -> EARLY | AF39: 0 | AH39: =IF(AF39>0,IF(AG39<($AC39-7),"EARLY",IF(AG39>N($AD39+7),"LATE","")),"") | AI39: 42200 | AJ39: 42247 | AK39: 1 | AM39: =IF(AK39>0,IF(AL39<($AI39-7),"EARLY",IF(AL39>N($AJ39+7),"LATE","")),"") -> EARLY | AN39: =IF(OR(S39<>"",V39<>"",Y39<>"",AB39<>"",AH39<>"",AM39<>""),"CHECK","") -> CHECK | AO39: No fish collected at this site (only fish present are those stocked by the State).
B40: WA | C40: 12505450 | D40: Granger Drain at Granger, WA | E40: Bob Black | F40: Yes | I40: rotate4 | J40: Agricultural | K40: 10 | L40: 2014 | M40: A | N40: Riffle | O40: 42217 | P40: 42262 | Q40: 1 | S40: =IF(Q40>0,IF(R40<($O40-7),"EARLY",IF(R40>N($P40+7),"LATE","")),"") -> EARLY | T40: 0 | V40: =IF(T40>0,IF(U40<($O40-7),"EARLY",IF(U40>N($P40+7),"LATE","")),"") | W40: 1 | Y40: =IF(W40>0,IF(X40<($O40-7),"EARLY",IF(X40>N($P40+7),"LATE","")),"") -> EARLY | Z40: 1 | AB40: =IF(Z40>0,IF(AA40<($O40-7),"EARLY",IF(AA40>N($P40+7),"LATE","")),"") -> EARLY | AC40: 42217 | AD40: 42262 | AF40: 1 | AH40: =IF(AF40>0,IF(AG40<($AC40-7),"EARLY",IF(AG40>N($AD40+7),"LATE","")),"") -> EARLY | AI40: 42217 | AJ40: 42262 | AK40: 1 | AM40: =IF(AK40>0,IF(AL40<($AI40-7),"EARLY",IF(AL40>N($AJ40+7),"LATE","")),"") -> EARLY | AN40: =IF(OR(S40<>"",V40<>"",Y40<>"",AB40<>"",AH40<>"",AM40<>""),"CHECK","") -> CHECK
B41: WA | C41: 12056500 | D41: North Fork Skokomish River near Hoodsport, WA | F41: Yes | I41: eco_only | J41: Reference | K41: 1 | L41: 2014 | M41: A | N41: Riffle | O41: 42231 | P41: 42277 | Q41: 1 | S41: =IF(Q41>0,IF(R41<($O41-7),"EARLY",IF(R41>N($P41+7),"LATE","")),"") -> EARLY | T41: 0 | V41: =IF(T41>0,IF(U41<($O41-7),"EARLY",IF(U41>N($P41+7),"LATE","")),"") | W41: 1 | Y41: =IF(W41>0,IF(X41<($O41-7),"EARLY",IF(X41>N($P41+7),"LATE","")),"") -> EARLY | Z41: 1 | AB41: =IF(Z41>0,IF(AA41<($O41-7),"EARLY",IF(AA41>N($P41+7),"LATE","")),"") -> EARLY | AF41: 0 | AH41: =IF(AF41>0,IF(AG41<($AC41-7),"EARLY",IF(AG41>N($AD41+7),"LATE","")),"") | AI41: 42231 | AJ41: 42277 | AK41: 1 | AM41: =IF(AK41>0,IF(AL41<($AI41-7),"EARLY",IF(AL41>N($AJ41+7),"LATE","")),"") -> EARLY | AN41: =IF(OR(S41<>"",V41<>"",Y41<>"",AB41<>"",AH41<>"",AM41<>""),"CHECK","") -> CHECK | AO41: No fish collected at this site
B42: WI | C42: 04063700 | D42: Popple River near Fence, WI | E42: Barb Eikenberry | F42: Yes | I42: rotate4 | J42: Reference | K42: 50 | L42: 2014 | M42: A | N42: Riffle | O42: 42231 | P42: 42277 | Q42: 1 | S42: =IF(Q42>0,IF(R42<($O42-7),"EARLY",IF(R42>N($P42+7),"LATE","")),"") -> EARLY | T42: 0 | V42: =IF(T42>0,IF(U42<($O42-7),"EARLY",IF(U42>N($P42+7),"LATE","")),"") | W42: 1 | Y42: =IF(W42>0,IF(X42<($O42-7),"EARLY",IF(X42>N($P42+7),"LATE","")),"") -> EARLY | Z42: 1 | AB42: =IF(Z42>0,IF(AA42<($O42-7),"EARLY",IF(AA42>N($P42+7),"LATE","")),"") -> EARLY | AC42: 42217 | AD42: 42262 | AF42: 1 | AH42: =IF(AF42>0,IF(AG42<($AC42-7),"EARLY",IF(AG42>N($AD42+7),"LATE","")),"") -> EARLY | AI42: 42231 | AJ42: 42277 | AK42: 1 | AM42: =IF(AK42>0,IF(AL42<($AI42-7),"EARLY",IF(AL42>N($AJ42+7),"LATE","")),"") -> EARLY | AN42: =IF(OR(S42<>"",V42<>"",Y42<>"",AB42<>"",AH42<>"",AM42<>""),"CHECK","") -> CHECK
B43: WY | C43: 06324970 | D43: Little Powder River near Weston, WY | E43: Peter Wright | F43: Yes | I43: rotate4 | J43: Reference | K43: 43 | L43: 2014 | M43: A | N43: Riffle | O43: 42186 | P43: 42231 | Q43: 1 | S43: =IF(Q43>0,IF(R43<($O43-7),"EARLY",IF(R43>N($P43+7),"LATE","")),"") -> EARLY | T43: 0 | V43: =IF(T43>0,IF(U43<($O43-7),"EARLY",IF(U43>N($P43+7),"LATE","")),"") | W43: 1 | Y43: =IF(W43>0,IF(X43<($O43-7),"EARLY",IF(X43>N($P43+7),"LATE","")),"") -> EARLY | Z43: 1 | AB43: =IF(Z43>0,IF(AA43<($O43-7),"EARLY",IF(AA43>N($P43+7),"LATE","")),"") -> EARLY | AC43: 42186 | AD43: 42231 | AF43: 1 | AH43: =IF(AF43>0,IF(AG43<($AC43-7),"EARLY",IF(AG43>N($AD43+7),"LATE","")),"") -> EARLY | AI43: 42186 | AJ43: 42231 | AK43: 1 | AM43: =IF(AK43>0,IF(AL43<($AI43-7),"EARLY",IF(AL43>N($AJ43+7),"LATE","")),"") -> EARLY | AN43: =IF(OR(S43<>"",V43<>"",Y43<>"",AB43<>"",AH43<>"",AM43<>""),"CHECK","") -> CHECK
J45: total counts | Q45: =SUM(Q5:Q43) -> 38 | T45: =SUM(T5:T43) -> 0 | W45: =SUM(W5:W43) -> 38 | Z45: =SUM(Z5:Z43) -> 38 | AF45: =SUM(AF5:AF43) -> 36 | AK45: =SUM(AK5:AK43) -> 38

Sheet Sample counts
A1: SC Collecting Samples | B1: Suspended Sediment Samples | C1: SH 998/1201 Major Ion Samples | D1: SH 998/1201 Major Ions Blanks | E1: SH 2430/31/32 Nutrients Samples | F1: Nutrient Blanks | G1: SH2437 Pesticide Samples | H1: SH2437 Pesticide Blanks | I1: LC 2172 Inverts RTH | J1: LC 2176 Inverts QMH | K1: Algae RTH | L1: SH 1632 Chl a
A2: AL | B2: ='WY2015 NFSN Chem Sampling'!$N$7+'WY2015 NFSN Chem Sampling'!$P$7 -> 34 | C2: ='WY2015 NFSN Chem Sampling'!$R$7+'WY2015 NFSN Chem Sampling'!$T$7 -> 34 | D2: ='WY2015 NFSN Chem Sampling'!$V$7 -> 2 | E2: ='WY2015 NFSN Chem Sampling'!$X$7+'WY2015 NFSN Chem Sampling'!$Z$7 -> 34 | F2: ='WY2015 NFSN Chem Sampling'!$AB$7 -> 2 | G2: ='WY2015 NFSN Chem Sampling'!AF7+'WY2015 NFSN Chem Sampling'!AJ7+'WY2015 NFSN Chem Sampling'!AL7 -> 36 | H2: ='WY2015 NFSN Chem Sampling'!$AH$7 -> 2 | I2: 0 | J2: 0 | K2: 0 | L2: 0
A3: AK | B3: ='WY2015 NFSN Chem Sampling'!$N$10+'WY2015 NFSN Chem Sampling'!$P$10 -> 8 | C3: ='WY2015 NFSN Chem Sampling'!$R$10+'WY2015 NFSN Chem Sampling'!$T$10 -> 8 | D3: ='WY2015 NFSN Chem Sampling'!$V$10 -> 0 | E3: ='WY2015 NFSN Chem Sampling'!$X$10+'WY2015 NFSN Chem Sampling'!$Z$10 -> 8 | F3: ='WY2015 NFSN Chem Sampling'!$AB$10 -> 0 | G3: ='WY2015 NFSN Chem Sampling'!AF10+'WY2015 NFSN Chem Sampling'!AJ10+'WY2015 NFSN Chem Sampling'!AL10 -> 3 | H3: ='WY2015 NFSN Chem Sampling'!$AH$10 -> 1 | I3: 0 | J3: 0 | K3: 0 | L3: 0
A4: AZ | B4: ='WY2015 NFSN Chem Sampling'!$N$16+'WY2015 NFSN Chem Sampling'!$P$16 -> 42 | C4: ='WY2015 NFSN Chem Sampling'!$R$16+'WY2015 NFSN Chem Sampling'!$T$16 -> 41 | D4: ='WY2015 NFSN Chem Sampling'!$V$16 -> 3 | E4: ='WY2015 NFSN Chem Sampling'!$X$16+'WY2015 NFSN Chem Sampling'!$Z$16 -> 41 | F4: ='WY2015 NFSN Chem Sampling'!$AB$16 -> 3 | G4: ='WY2015 NFSN Chem Sampling'!AF16+'WY2015 NFSN Chem Sampling'!AJ16+'WY2015 NFSN Chem Sampling'!AL16 -> 30 | H4: ='WY2015 NFSN Chem Sampling'!$AH$16 -> 2 | I4: ='WY2015 NFSN Eco Sampling'!$Q$5+'WY2015 NFSN Eco Sampling'!$Q$6 -> 2 | J4: ='WY2015 NFSN Eco Sampling'!$T$5+'WY2015 NFSN Eco Sampling'!$T$6 -> 0 | K4: ='WY2015 NFSN Eco Sampling'!$W$5+'WY2015 NFSN Eco Sampling'!$W$6 -> 2 | L4: ='WY2015 NFSN Eco Sampling'!$Z$5+'WY2015 NFSN Eco Sampling'!$Z$6 -> 2
A5: AR | B5: ='WY2015 NFSN Chem Sampling'!$N$21+'WY2015 NFSN Chem Sampling'!$P$21 -> 29 | C5: ='WY2015 NFSN Chem Sampling'!$R$21+'WY2015 NFSN Chem Sampling'!$T$21 -> 28 | D5: ='WY2015 NFSN Chem Sampling'!$V$21 -> 2 | E5: ='WY2015 NFSN Chem Sampling'!$X$21+'WY2015 NFSN Chem Sampling'!$Z$21 -> 28 | F5: ='WY2015 NFSN Chem Sampling'!$AB$21 -> 2 | G5: ='WY2015 NFSN Chem Sampling'!AF21+'WY2015 NFSN Chem Sampling'!AJ21+'WY2015 NFSN Chem Sampling'!AL21 -> 16 | H5: ='WY2015 NFSN Chem Sampling'!$AH$21 -> 1 | I5: ='WY2015 NFSN Eco Sampling'!$Q$7+'WY2015 NFSN Eco Sampling'!$Q$8 -> 2 | J5: ='WY2015 NFSN Eco Sampling'!$T$7+'WY2015 NFSN Eco Sampling'!$T$8 -> 0 | K5: ='WY2015 NFSN Eco Sampling'!$W$7+'WY2015 NFSN Eco Sampling'!$W$8 -> 2 | L5: ='WY2015 NFSN Eco Sampling'!$Z$7+'WY2015 NFSN Eco Sampling'!$Z$8 -> 2
A6: CA | B6: ='WY2015 NFSN Chem Sampling'!$N$30+'WY2015 NFSN Chem Sampling'!$P$30 -> 67 | C6: ='WY2015 NFSN Chem Sampling'!$R$30+'WY2015 NFSN Chem Sampling'!$T$30 -> 66 | D6: ='WY2015 NFSN Chem Sampling'!$V$30 -> 5 | E6: ='WY2015 NFSN Chem Sampling'!$X$30+'WY2015 NFSN Chem Sampling'!$Z$30 -> 66 | F6: ='WY2015 NFSN Chem Sampling'!$AB$30 -> 5 | G6: ='WY2015 NFSN Chem Sampling'!AF30+'WY2015 NFSN Chem Sampling'!AJ30+'WY2015 NFSN Chem Sampling'!AL30 -> 56 | H6: ='WY2015 NFSN Chem Sampling'!$AH$30 -> 3 | I6: 2 | J6: ='WY2015 NFSN Eco Sampling'!$T$9+'WY2015 NFSN Eco Sampling'!$T$10+'WY2015 NFSN Eco Sampling'!$T$11 -> 0 | K6: ='WY2015 NFSN Eco Sampling'!$W$9+'WY2015 NFSN Eco Sampling'!$W$10+'WY2015 NFSN Eco Sampling'!$W$11 -> 2 | L6: ='WY2015 NFSN Eco Sampling'!$Z$9+'WY2015 NFSN Eco Sampling'!$Z$10+'WY2015 NFSN Eco Sampling'!$Z$11 -> 2
A7: CO | B7: ='WY2015 NFSN Chem Sampling'!$N$35+'WY2015 NFSN Chem Sampling'!$P$35 -> 63 | C7: ='WY2015 NFSN Chem Sampling'!$R$35+'WY2015 NFSN Chem Sampling'!$T$35 -> 63 | D7: ='WY2015 NFSN Chem Sampling'!$V$35 -> 3 | E7: ='WY2015 NFSN Chem Sampling'!$X$35+'WY2015 NFSN Chem Sampling'!$Z$35 -> 64 | F7: ='WY2015 NFSN Chem Sampling'!$AB$35 -> 4 | G7: ='WY2015 NFSN Chem Sampling'!AF35+'WY2015 NFSN Chem Sampling'!AJ35+'WY2015 NFSN Chem Sampling'!AL35 -> 66 | H7: ='WY2015 NFSN Chem Sampling'!$AH$35 -> 3 | I7: ='WY2015 NFSN Eco Sampling'!$Q$12 -> 1 | J7: ='WY2015 NFSN Eco Sampling'!$T$12 -> 0 | K7: ='WY2015 NFSN Eco Sampling'!$W$12 -> 1 | L7: ='WY2015 NFSN Eco Sampling'!$Z$12 -> 1
A8: CT | B8: ='WY2015 NFSN Chem Sampling'!$N$40+'WY2015 NFSN Chem Sampling'!$P$40 -> 51 | C8: ='WY2015 NFSN Chem Sampling'!$R$40+'WY2015 NFSN Chem Sampling'!$T$40 -> 51 | D8: ='WY2015 NFSN Chem Sampling'!$V$40 -> 2 | E8: ='WY2015 NFSN Chem Sampling'!$X$40+'WY2015 NFSN Chem Sampling'!$Z$40 -> 52 | F8: ='WY2015 NFSN Chem Sampling'!$AB$40 -> 3 | G8: ='WY2015 NFSN Chem Sampling'!AF40+'WY2015 NFSN Chem Sampling'!AJ40+'WY2015 NFSN Chem Sampling'!AL40 -> 46 | H8: ='WY2015 NFSN Chem Sampling'!$AH$40 -> 2 | I8: ='WY2015 NFSN Eco Sampling'!$Q$13+'WY2015 NFSN Eco Sampling'!$Q$14 -> 2 | J8: ='WY2015 NFSN Eco Sampling'!$T$13+'WY2015 NFSN Eco Sampling'!$T$14 -> 0 | K8: ='WY2015 NFSN Eco Sampling'!$W$13+'WY2015 NFSN Eco Sampling'!$W$14 -> 2 | L8: ='WY2015 NFSN Eco Sampling'!$Z$13+'WY2015 NFSN Eco Sampling'!$Z$14 -> 2
A9: FL | B9: ='WY2015 NFSN Chem Sampling'!$N$43+'WY2015 NFSN Chem Sampling'!$P$43 -> 15 | C9: ='WY2015 NFSN Chem Sampling'!$R$43+'WY2015 NFSN Chem Sampling'!$T$43 -> 15 | D9: ='WY2015 NFSN Chem Sampling'!$V$43 -> 1 | E9: ='WY2015 NFSN Chem Sampling'!$X$43+'WY2015 NFSN Chem Sampling'!$Z$43 -> 15 | F9: ='WY2015 NFSN Chem Sampling'!$AB$43 -> 1 | G9: ='WY2015 NFSN Chem Sampling'!AF43+'WY2015 NFSN Chem Sampling'!AJ43+'WY2015 NFSN Chem Sampling'!AL43 -> 16 | H9: ='WY2015 NFSN Chem Sampling'!$AH$43 -> 1 | I9: 0 | J9: 0 | K9: 0 | L9: 0
A10: GA | B10: ='WY2015 NFSN Chem Sampling'!$N$49+'WY2015 NFSN Chem Sampling'!$P$49 -> 66 | C10: ='WY2015 NFSN Chem Sampling'!$R$49+'WY2015 NFSN Chem Sampling'!$T$49 -> 65 | D10: ='WY2015 NFSN Chem Sampling'!$V$49 -> 4 | E10: ='WY2015 NFSN Chem Sampling'!$X$49+'WY2015 NFSN Chem Sampling'!$Z$49 -> 66 | F10: ='WY2015 NFSN Chem Sampling'!$AB$49 -> 5 | G10: ='WY2015 NFSN Chem Sampling'!AF49+'WY2015 NFSN Chem Sampling'!AJ49+'WY2015 NFSN Chem Sampling'!AL49 -> 62 | H10: ='WY2015 NFSN Chem Sampling'!$AH$49 -> 3 | I10: ='WY2015 NFSN Eco Sampling'!$Q$15+'WY2015 NFSN Eco Sampling'!$Q$16 -> 2 | J10: ='WY2015 NFSN Eco Sampling'!$T$15+'WY2015 NFSN Eco Sampling'!$T$16 -> 0 | K10: ='WY2015 NFSN Eco Sampling'!$W$15+'WY2015 NFSN Eco Sampling'!$W$16 -> 2 | L10: ='WY2015 NFSN Eco Sampling'!$Z$15+'WY2015 NFSN Eco Sampling'!$Z$16 -> 2
A11: ID | B11: ='WY2015 NFSN Chem Sampling'!$N$54+'WY2015 NFSN Chem Sampling'!$P$54 -> 59 | C11: ='WY2015 NFSN Chem Sampling'!$R$54+'WY2015 NFSN Chem Sampling'!$T$54 -> 59 | D11: ='WY2015 NFSN Chem Sampling'!$V$54 -> 3 | E11: ='WY2015 NFSN Chem Sampling'!$X$54+'WY2015 NFSN Chem Sampling'!$Z$54 -> 60 | F11: ='WY2015 NFSN Chem Sampling'!$AB$54 -> 4 | G11: ='WY2015 NFSN Chem Sampling'!AF54+'WY2015 NFSN Chem Sampling'!AJ54+'WY2015 NFSN Chem Sampling'!AL54 -> 62 | H11: ='WY2015 NFSN Chem Sampling'!$AH$54 -> 3 | I11: ='WY2015 NFSN Eco Sampling'!$Q$17 -> 1 | J11: ='WY2015 NFSN Eco Sampling'!$T$17 -> 0 | K11: ='WY2015 NFSN Eco Sampling'!$W$17 -> 1 | L11: ='WY2015 NFSN Eco Sampling'!$Z$17 -> 1
A12: IL | B12: ='WY2015 NFSN Chem Sampling'!$N$57+'WY2015 NFSN Chem Sampling'!$P$57 -> 15 | C12: ='WY2015 NFSN Chem Sampling'!$R$57+'WY2015 NFSN Chem Sampling'!$T$57 -> 15 | D12: ='WY2015 NFSN Chem Sampling'!$V$57 -> 1 | E12: ='WY2015 NFSN Chem Sampling'!$X$57+'WY2015 NFSN Chem Sampling'!$Z$57 -> 15 | F12: ='WY2015 NFSN Chem Sampling'!$AB$57 -> 1 | G12: ='WY2015 NFSN Chem Sampling'!AF57+'WY2015 NFSN Chem Sampling'!AJ57+'WY2015 NFSN Chem Sampling'!AL57 -> 16 | H12: ='WY2015 NFSN Chem Sampling'!$AH$57 -> 1 | I12: 0 | J12: 0 | K12: 0 | L12: 0
A13: IN | B13: ='WY2015 NFSN Chem Sampling'!$N$61+'WY2015 NFSN Chem Sampling'!$P$61 -> 44 | C13: ='WY2015 NFSN Chem Sampling'!$R$61+'WY2015 NFSN Chem Sampling'!$T$61 -> 44 | D13: ='WY2015 NFSN Chem Sampling'!$V$61 -> 2 | E13: ='WY2015 NFSN Chem Sampling'!$X$61+'WY2015 NFSN Chem Sampling'!$Z$61 -> 45 | F13: ='WY2015 NFSN Chem Sampling'!$AB$61 -> 3 | G13: ='WY2015 NFSN Chem Sampling'!AF61+'WY2015 NFSN Chem Sampling'!AJ61+'WY2015 NFSN Chem Sampling'!AL61 -> 46 | H13: ='WY2015 NFSN Chem Sampling'!$AH$61 -> 2 | I13: ='WY2015 NFSN Eco Sampling'!$Q$18 -> 1 | J13: ='WY2015 NFSN Eco Sampling'!$T$18 -> 0 | K13: ='WY2015 NFSN Eco Sampling'!$W$18 -> 1 | L13: ='WY2015 NFSN Eco Sampling'!$Z$18 -> 1
A14: IA | B14: ='WY2015 NFSN Chem Sampling'!$N$68+'WY2015 NFSN Chem Sampling'!$P$68 -> 85 | C14: ='WY2015 NFSN Chem Sampling'!$R$68+'WY2015 NFSN Chem Sampling'!$T$68 -> 85 | D14: ='WY2015 NFSN Chem Sampling'!$V$68 -> 5 | E14: ='WY2015 NFSN Chem Sampling'!$X$68+'WY2015 NFSN Chem Sampling'!$Z$68 -> 86 | F14: ='WY2015 NFSN Chem Sampling'!$AB$68 -> 6 | G14: ='WY2015 NFSN Chem Sampling'!AF68+'WY2015 NFSN Chem Sampling'!AJ68+'WY2015 NFSN Chem Sampling'!AL68 -> 90 | H14: ='WY2015 NFSN Chem Sampling'!$AH$68 -> 5 | I14: ='WY2015 NFSN Eco Sampling'!$Q$19 -> 1 | J14: ='WY2015 NFSN Eco Sampling'!$T$19 -> 0 | K14: ='WY2015 NFSN Eco Sampling'!$W$19 -> 1 | L14: ='WY2015 NFSN Eco Sampling'!$Z$19 -> 1
A15: KS | B15: ='WY2015 NFSN Chem Sampling'!$N$72+'WY2015 NFSN Chem Sampling'!$P$72 -> 34 | C15: ='WY2015 NFSN Chem Sampling'!$R$72+'WY2015 NFSN Chem Sampling'!$T$72 -> 34 | D15: ='WY2015 NFSN Chem Sampling'!$V$72 -> 2 | E15: ='WY2015 NFSN Chem Sampling'!$X$72+'WY2015 NFSN Chem Sampling'!$Z$72 -> 34 | F15: ='WY2015 NFSN Chem Sampling'!$AB$72 -> 2 | G15: ='WY2015 NFSN Chem Sampling'!AF72+'WY2015 NFSN Chem Sampling'!AJ72+'WY2015 NFSN Chem Sampling'!AL72 -> 36 | H15: ='WY2015 NFSN Chem Sampling'!$AH$72 -> 2 | I15: 0 | J15: 0 | K15: 0 | L15: 0
A16: KY | B16: ='WY2015 NFSN Chem Sampling'!$N$78+'WY2015 NFSN Chem Sampling'!$P$78 -> 60 | C16: ='WY2015 NFSN Chem Sampling'!$R$78+'WY2015 NFSN Chem Sampling'!$T$78 -> 60 | D16: ='WY2015 NFSN Chem Sampling'!$V$78 -> 4 | E16: ='WY2015 NFSN Chem Sampling'!$X$78+'WY2015 NFSN Chem Sampling'!$Z$78 -> 60 | F16: ='WY2015 NFSN Chem Sampling'!$AB$78 -> 4 | G16: ='WY2015 NFSN Chem Sampling'!AF78+'WY2015 NFSN Chem Sampling'!AJ78+'WY2015 NFSN Chem Sampling'!AL78 -> 64 | H16: ='WY2015 NFSN Chem Sampling'!$AH$78 -> 4 | I16: 0 | J16: 0 | K16: 0 | L16: 0
A17: LA | B17: ='WY2015 NFSN Chem Sampling'!$N$87+'WY2015 NFSN Chem Sampling'!$P$87 -> 101 | C17: ='WY2015 NFSN Chem Sampling'!$R$87+'WY2015 NFSN Chem Sampling'!$T$87 -> 101 | D17: ='WY2015 NFSN Chem Sampling'!$V$87 -> 6 | E17: ='WY2015 NFSN Chem Sampling'!$X$87+'WY2015 NFSN Chem Sampling'!$Z$87 -> 101 | F17: ='WY2015 NFSN Chem Sampling'!$AB$87 -> 6 | G17: ='WY2015 NFSN Chem Sampling'!AF87+'WY2015 NFSN Chem Sampling'!AJ87+'WY2015 NFSN Chem Sampling'!AL87 -> 100 | H17: ='WY2015 NFSN Chem Sampling'!$AH$87 -> 6 | I17: ='WY2015 NFSN Eco Sampling'!$Q$20 -> 1 | J17: ='WY2015 NFSN Eco Sampling'!$T$20 -> 0 | K17: ='WY2015 NFSN Eco Sampling'!$W$20 -> 1 | L17: ='WY2015 NFSN Eco Sampling'!$Z$20 -> 1
A18: MD | B18: ='WY2015 NFSN Chem Sampling'!$N$93+'WY2015 NFSN Chem Sampling'!$P$93 -> 66 | C18: ='WY2015 NFSN Chem Sampling'!$R$93+'WY2015 NFSN Chem Sampling'!$T$93 -> 65 | D18: ='WY2015 NFSN Chem Sampling'!$V$93 -> 4 | E18: ='WY2015 NFSN Chem Sampling'!$X$93+'WY2015 NFSN Chem Sampling'!$Z$93 -> 66 | F18: ='WY2015 NFSN Chem Sampling'!$AB$93 -> 5 | G18: ='WY2015 NFSN Chem Sampling'!AF93+'WY2015 NFSN Chem Sampling'!AJ93+'WY2015 NFSN Chem Sampling'!AL93 -> 62 | H18: ='WY2015 NFSN Chem Sampling'!$AH$93 -> 3 | I18: ='WY2015 NFSN Eco Sampling'!$Q$21+'WY2015 NFSN Eco Sampling'!$Q$22 -> 2 | J18: ='WY2015 NFSN Eco Sampling'!$T$21+'WY2015 NFSN Eco Sampling'!$T$22 -> 0 | K18: ='WY2015 NFSN Eco Sampling'!$W$21+'WY2015 NFSN Eco Sampling'!$W$22 -> 2 | L18: ='WY2015 NFSN Eco Sampling'!$Z$21+'WY2015 NFSN Eco Sampling'!$Z$22 -> 2
A19: MI | B19: ='WY2015 NFSN Chem Sampling'!$N$96+'WY2015 NFSN Chem Sampling'!$P$96 -> 25 | C19: ='WY2015 NFSN Chem Sampling'!$R$96+'WY2015 NFSN Chem Sampling'!$T$96 -> 25 | D19: ='WY2015 NFSN Chem Sampling'!$V$96 -> 1 | E19: ='WY2015 NFSN Chem Sampling'!$X$96+'WY2015 NFSN Chem Sampling'!$Z$96 -> 26 | F19: ='WY2015 NFSN Chem Sampling'!$AB$96 -> 2 | G19: ='WY2015 NFSN Chem Sampling'!AF96+'WY2015 NFSN Chem Sampling'!AJ96+'WY2015 NFSN Chem Sampling'!AL96 -> 26 | H19: ='WY2015 NFSN Chem Sampling'!$AH$96 -> 1 | I19: 0 | J19: 0 | K19: 0 | L19: 0
A20: MN | B20: ='WY2015 NFSN Chem Sampling'!$N$100+'WY2015 NFSN Chem Sampling'!$P$100 -> 40 | C20: ='WY2015 NFSN Chem Sampling'!$R$100+'WY2015 NFSN Chem Sampling'!$T$100 -> 40 | D20: ='WY2015 NFSN Chem Sampling'!$V$100 -> 2 | E20: ='WY2015 NFSN Chem Sampling'!$X$100+'WY2015 NFSN Chem Sampling'!$Z$100 -> 41 | F20: ='WY2015 NFSN Chem Sampling'!$AB$100 -> 3 | G20: ='WY2015 NFSN Chem Sampling'!AF100+'WY2015 NFSN Chem Sampling'!AJ100+'WY2015 NFSN Chem Sampling'!AL100 -> 42 | H20: ='WY2015 NFSN Chem Sampling'!$AH$122 -> 1 | I20: ='WY2015 NFSN Eco Sampling'!$Q$23 -> 1 | J20: ='WY2015 NFSN Eco Sampling'!$T$23 -> 0 | K20: ='WY2015 NFSN Eco Sampling'!$W$23 -> 1 | L20: ='WY2015 NFSN Eco Sampling'!$Z$23 -> 1
A21: MS | B21: ='WY2015 NFSN Chem Sampling'!$N$105+'WY2015 NFSN Chem Sampling'!$P$105 -> 59 | C21: ='WY2015 NFSN Chem Sampling'!$R$105+'WY2015 NFSN Chem Sampling'!$T$105 -> 59 | D21: ='WY2015 NFSN Chem Sampling'!$V$105 -> 3 | E21: ='WY2015 NFSN Chem Sampling'!$X$105+'WY2015 NFSN Chem Sampling'!$Z$105 -> 60 | F21: ='WY2015 NFSN Chem Sampling'!$AB$105 -> 4 | G21: ='WY2015 NFSN Chem Sampling'!AF105+'WY2015 NFSN Chem Sampling'!AJ105+'WY2015 NFSN Chem Sampling'!AL105 -> 62 | H21: ='WY2015 NFSN Chem Sampling'!$AH$105 -> 3 | I21: ='WY2015 NFSN Eco Sampling'!$Q$24 -> 1 | J21: ='WY2015 NFSN Eco Sampling'!$T$24 -> 0 | K21: ='WY2015 NFSN Eco Sampling'!$W$24 -> 1 | L21: ='WY2015 NFSN Eco Sampling'!$Z$24 -> 1
A22: MO | B22: ='WY2015 NFSN Chem Sampling'!$N$110+'WY2015 NFSN Chem Sampling'!$P$110 -> 45 | C22: ='WY2015 NFSN Chem Sampling'!$R$110+'WY2015 NFSN Chem Sampling'!$T$110 -> 45 | D22: ='WY2015 NFSN Chem Sampling'!$V$110 -> 3 | E22: ='WY2015 NFSN Chem Sampling'!$X$110+'WY2015 NFSN Chem Sampling'!$Z$110 -> 45 | F22: ='WY2015 NFSN Chem Sampling'!$AB$110 -> 3 | G22: ='WY2015 NFSN Chem Sampling'!AF110+'WY2015 NFSN Chem Sampling'!AJ110+'WY2015 NFSN Chem Sampling'!AL110 -> 48 | H22: ='WY2015 NFSN Chem Sampling'!$AH$110 -> 3 | I22: 0 | J22: 0 | K22: 0 | L22: 0
A23: NE | B23: ='WY2015 NFSN Chem Sampling'!$N$116+'WY2015 NFSN Chem Sampling'!$P$116 -> 66 | C23: ='WY2015 NFSN Chem Sampling'!$R$116+'WY2015 NFSN Chem Sampling'!$T$116 -> 66 | D23: ='WY2015 NFSN Chem Sampling'!$V$116 -> 3 | E23: ='WY2015 NFSN Chem Sampling'!$X$116+'WY2015 NFSN Chem Sampling'!$Z$116 -> 67 | F23: ='WY2015 NFSN Chem Sampling'!$AB$116 -> 4 | G23: ='WY2015 NFSN Chem Sampling'!AF116+'WY2015 NFSN Chem Sampling'!AJ116+'WY2015 NFSN Chem Sampling'!AL116 -> 62 | H23: ='WY2015 NFSN Chem Sampling'!$AH$116 -> 3 | I23: ='WY2015 NFSN Eco Sampling'!$Q$25+'WY2015 NFSN Eco Sampling'!$Q$26 -> 2 | J23: ='WY2015 NFSN Eco Sampling'!$T$25+'WY2015 NFSN Eco Sampling'!$T$26 -> 0 | K23: ='WY2015 NFSN Eco Sampling'!$W$25+'WY2015 NFSN Eco Sampling'!$W$26 -> 2 | L23: ='WY2015 NFSN Eco Sampling'!$Z$25+'WY2015 NFSN Eco Sampling'!$Z$26 -> 2
A24: NV | B24: ='WY2015 NFSN Chem Sampling'!$N$119+'WY2015 NFSN Chem Sampling'!$P$119 -> 19 | C24: ='WY2015 NFSN Chem Sampling'!$R$119+'WY2015 NFSN Chem Sampling'!$T$119 -> 19 | D24: ='WY2015 NFSN Chem Sampling'!$V$119 -> 1 | E24: ='WY2015 NFSN Chem Sampling'!$X$119+'WY2015 NFSN Chem Sampling'!$Z$119 -> 19 | F24: ='WY2015 NFSN Chem Sampling'!$AB$119 -> 1 | G24: ='WY2015 NFSN Chem Sampling'!AF119+'WY2015 NFSN Chem Sampling'!AJ119+'WY2015 NFSN Chem Sampling'!AL119 -> 20 | H24: ='WY2015 NFSN Chem Sampling'!$AH$119 -> 1 | I24: 0 | J24: 0 | K24: 0 | L24: 0
A25: NJ | B25: ='WY2015 NFSN Chem Sampling'!$N$122+'WY2015 NFSN Chem Sampling'!$P$122 -> 15 | C25: ='WY2015 NFSN Chem Sampling'!$R$122+'WY2015 NFSN Chem Sampling'!$T$122 -> 15 | D25: ='WY2015 NFSN Chem Sampling'!$V$122 -> 1 | E25: ='WY2015 NFSN Chem Sampling'!$X$122+'WY2015 NFSN Chem Sampling'!$Z$122 -> 15 | F25: ='WY2015 NFSN Chem Sampling'!$AB$122 -> 1 | G25: ='WY2015 NFSN Chem Sampling'!AF122+'WY2015 NFSN Chem Sampling'!AJ122+'WY2015 NFSN Chem Sampling'!AL122 -> 16 | H25: ='WY2015 NFSN Chem Sampling'!$AH$122 -> 1 | I25: 0 | J25: 0 | K25: 0 | L25: 0
A26: NM | B26: ='WY2015 NFSN Chem Sampling'!$N$126+'WY2015 NFSN Chem Sampling'!$P$126 -> 22 | C26: ='WY2015 NFSN Chem Sampling'!$R$126+'WY2015 NFSN Chem Sampling'!$T$126 -> 21 | D26: ='WY2015 NFSN Chem Sampling'!$V$126 -> 2 | E26: ='WY2015 NFSN Chem Sampling'!$X$126+'WY2015 NFSN Chem Sampling'!$Z$126 -> 21 | F26: ='WY2015 NFSN Chem Sampling'!$AB$126 -> 2 | G26: ='WY2015 NFSN Chem Sampling'!AF126+'WY2015 NFSN Chem Sampling'!AJ126+'WY2015 NFSN Chem Sampling'!AL126 -> 16 | H26: ='WY2015 NFSN Chem Sampling'!$AH$142 -> 1 | I26: ='WY2015 NFSN Eco Sampling'!$Q$27 -> 1 | J26: ='WY2015 NFSN Eco Sampling'!$T$27 -> 0 | K26: ='WY2015 NFSN Eco Sampling'!$W$27 -> 1 | L26: ='WY2015 NFSN Eco Sampling'!$Z$27 -> 1
A27: NY | B27: ='WY2015 NFSN Chem Sampling'!$N$131+'WY2015 NFSN Chem Sampling'!$P$131 -> 55 | C27: ='WY2015 NFSN Chem Sampling'!$R$131+'WY2015 NFSN Chem Sampling'!$T$131 -> 55 | D27: ='WY2015 NFSN Chem Sampling'!$V$131 -> 3 | E27: ='WY2015 NFSN Chem Sampling'!$X$131+'WY2015 NFSN Chem Sampling'!$Z$131 -> 56 | F27: ='WY2015 NFSN Chem Sampling'!$AB$131 -> 4 | G27: ='WY2015 NFSN Chem Sampling'!AF131+'WY2015 NFSN Chem Sampling'!AJ131+'WY2015 NFSN Chem Sampling'!AL131 -> 58 | H27: ='WY2015 NFSN Chem Sampling'!$AH$131 -> 3 | I27: ='WY2015 NFSN Eco Sampling'!$Q$28 -> 1 | J27: ='WY2015 NFSN Eco Sampling'!$T$28 -> 0 | K27: ='WY2015 NFSN Eco Sampling'!$W$28 -> 1 | L27: ='WY2015 NFSN Eco Sampling'!$Z$28 -> 1
A28: NC | B28: ='WY2015 NFSN Chem Sampling'!$N$136+'WY2015 NFSN Chem Sampling'!$P$136 -> 69 | C28: ='WY2015 NFSN Chem Sampling'!$R$136+'WY2015 NFSN Chem Sampling'!$T$136 -> 69 | D28: ='WY2015 NFSN Chem Sampling'!$V$136 -> 3 | E28: ='WY2015 NFSN Chem Sampling'!$X$136+'WY2015 NFSN Chem Sampling'!$Z$136 -> 71 | F28: ='WY2015 NFSN Chem Sampling'!$AB$136 -> 5 | G28: ='WY2015 NFSN Chem Sampling'!AF136+'WY2015 NFSN Chem Sampling'!AJ136+'WY2015 NFSN Chem Sampling'!AL136 -> 72 | H28: ='WY2015 NFSN Chem Sampling'!$AH$136 -> 3 | I28: ='WY2015 NFSN Eco Sampling'!$Q$29+'WY2015 NFSN Eco Sampling'!$Q$30 -> 2 | J28: ='WY2015 NFSN Eco Sampling'!$T$29+'WY2015 NFSN Eco Sampling'!$T$30 -> 0 | K28: ='WY2015 NFSN Eco Sampling'!$W$29+'WY2015 NFSN Eco Sampling'!$W$30 -> 2 | L28: ='WY2015 NFSN Eco Sampling'!$Z$29+'WY2015 NFSN Eco Sampling'!$Z$30 -> 2
A29: ND | B29: ='WY2015 NFSN Chem Sampling'!$N$139+'WY2015 NFSN Chem Sampling'!$P$139 -> 15 | C29: ='WY2015 NFSN Chem Sampling'!$R$139+'WY2015 NFSN Chem Sampling'!$T$139 -> 15 | D29: ='WY2015 NFSN Chem Sampling'!$V$139 -> 1 | E29: ='WY2015 NFSN Chem Sampling'!$X$139+'WY2015 NFSN Chem Sampling'!$Z$139 -> 15 | F29: ='WY2015 NFSN Chem Sampling'!$AB$139 -> 1 | G29: ='WY2015 NFSN Chem Sampling'!AF139+'WY2015 NFSN Chem Sampling'!AJ139+'WY2015 NFSN Chem Sampling'!AL139 -> 16 | H29: ='WY2015 NFSN Chem Sampling'!$AH$139 -> 1 | I29: 0 | J29: 0 | K29: 0 | L29: 0
A30: OH | B30: ='WY2015 NFSN Chem Sampling'!$N$142+'WY2015 NFSN Chem Sampling'!$P$142 -> 19 | C30: ='WY2015 NFSN Chem Sampling'!$R$142+'WY2015 NFSN Chem Sampling'!$T$142 -> 19 | D30: ='WY2015 NFSN Chem Sampling'!$V$142 -> 1 | E30: ='WY2015 NFSN Chem Sampling'!$X$142+'WY2015 NFSN Chem Sampling'!$Z$142 -> 19 | F30: ='WY2015 NFSN Chem Sampling'!$AB$142 -> 1 | G30: ='WY2015 NFSN Chem Sampling'!AF142+'WY2015 NFSN Chem Sampling'!AJ142+'WY2015 NFSN Chem Sampling'!AL142 -> 20 | H30: ='WY2015 NFSN Chem Sampling'!$AH$142 -> 1 | I30: ='WY2015 NFSN Eco Sampling'!$Q$31 -> 1 | J30: ='WY2015 NFSN Eco Sampling'!$T$31 -> 0 | K30: ='WY2015 NFSN Eco Sampling'!$W$31 -> 1 | L30: ='WY2015 NFSN Eco Sampling'!$Z$31 -> 1
A31: OK | B31: ='WY2015 NFSN Chem Sampling'!$N$145+'WY2015 NFSN Chem Sampling'!$P$145 -> 19 | C31: ='WY2015 NFSN Chem Sampling'!$R$145+'WY2015 NFSN Chem Sampling'!$T$145 -> 19 | D31: ='WY2015 NFSN Chem Sampling'!$V$145 -> 1 | E31: ='WY2015 NFSN Chem Sampling'!$X$145+'WY2015 NFSN Chem Sampling'!$Z$145 -> 19 | F31: ='WY2015 NFSN Chem Sampling'!$AB$145 -> 1 | G31: ='WY2015 NFSN Chem Sampling'!AF145+'WY2015 NFSN Chem Sampling'!AJ145+'WY2015 NFSN Chem Sampling'!AL145 -> 20 | H31: ='WY2015 NFSN Chem Sampling'!$AH$145 -> 1 | I31: 0 | J31: 0 | K31: 0 | L31: 0
A32: OR | B32: ='WY2015 NFSN Chem Sampling'!$N$152+'WY2015 NFSN Chem Sampling'!$P$152 -> 89 | C32: ='WY2015 NFSN Chem Sampling'!$R$152+'WY2015 NFSN Chem Sampling'!$T$152 -> 89 | D32: ='WY2015 NFSN Chem Sampling'!$V$152 -> 4 | E32: ='WY2015 NFSN Chem Sampling'!$X$152+'WY2015 NFSN Chem Sampling'!$Z$152 -> 91 | F32: ='WY2015 NFSN Chem Sampling'!$AB$152 -> 6 | G32: ='WY2015 NFSN Chem Sampling'!AF152+'WY2015 NFSN Chem Sampling'!AJ152+'WY2015 NFSN Chem Sampling'!AL152 -> 86 | H32: ='WY2015 NFSN Chem Sampling'!$AH$152 -> 4 | I32: ='WY2015 NFSN Eco Sampling'!$Q$32+'WY2015 NFSN Eco Sampling'!$Q$33+'WY2015 NFSN Eco Sampling'!$Q$34 -> 3 | J32: ='WY2015 NFSN Eco Sampling'!$T$32+'WY2015 NFSN Eco Sampling'!$T$33+'WY2015 NFSN Eco Sampling'!$T$34 -> 0 | K32: ='WY2015 NFSN Eco Sampling'!$W$32+'WY2015 NFSN Eco Sampling'!$W$33+'WY2015 NFSN Eco Sampling'!$W$34 -> 3 | L32: ='WY2015 NFSN Eco Sampling'!$Z$32+'WY2015 NFSN Eco Sampling'!$Z$33+'WY2015 NFSN Eco Sampling'!$Z$34 -> 3
A33: SC | B33: ='WY2015 NFSN Chem Sampling'!$N$156+'WY2015 NFSN Chem Sampling'!$P$156 -> 26 | C33: ='WY2015 NFSN Chem Sampling'!$R$156+'WY2015 NFSN Chem Sampling'!$T$156 -> 25 | D33: ='WY2015 NFSN Chem Sampling'!$V$156 -> 2 | E33: ='WY2015 NFSN Chem Sampling'!$X$156+'WY2015 NFSN Chem Sampling'!$Z$156 -> 25 | F33: ='WY2015 NFSN Chem Sampling'!$AB$156 -> 2 | G33: ='WY2015 NFSN Chem Sampling'!AF156+'WY2015 NFSN Chem Sampling'!AJ156+'WY2015 NFSN Chem Sampling'!AL156 -> 20 | H33: ='WY2015 NFSN Chem Sampling'!$AH$156 -> 1 | I33: ='WY2015 NFSN Eco Sampling'!$Q$35 -> 1 | J33: ='WY2015 NFSN Eco Sampling'!$T$35 -> 0 | K33: ='WY2015 NFSN Eco Sampling'!$W$35 -> 1 | L33: ='WY2015 NFSN Eco Sampling'!$Z$35 -> 1
A34: TX | B34: ='WY2015 NFSN Chem Sampling'!$N$163+'WY2015 NFSN Chem Sampling'!$P$163 -> 79 | C34: ='WY2015 NFSN Chem Sampling'!$R$163+'WY2015 NFSN Chem Sampling'!$T$163 -> 79 | D34: ='WY2015 NFSN Chem Sampling'!$V$163 -> 4 | E34: ='WY2015 NFSN Chem Sampling'!$X$163+'WY2015 NFSN Chem Sampling'!$Z$163 -> 80 | F34: ='WY2015 NFSN Chem Sampling'!$AB$163 -> 5 | G34: ='WY2015 NFSN Chem Sampling'!AF163+'WY2015 NFSN Chem Sampling'!AJ163+'WY2015 NFSN Chem Sampling'!AL163 -> 76 | H34: ='WY2015 NFSN Chem Sampling'!$AH$163 -> 4 | I34: ='WY2015 NFSN Eco Sampling'!$Q$36+'WY2015 NFSN Eco Sampling'!$Q$37 -> 2 | J34: ='WY2015 NFSN Eco Sampling'!$T$36+'WY2015 NFSN Eco Sampling'!$T$37 -> 0 | K34: ='WY2015 NFSN Eco Sampling'!$W$36+'WY2015 NFSN Eco Sampling'!$W$37 -> 2 | L34: ='WY2015 NFSN Eco Sampling'!$Z$36+'WY2015 NFSN Eco Sampling'!$Z$37 -> 2
A35: UT | B35: ='WY2015 NFSN Chem Sampling'!$N$168+'WY2015 NFSN Chem Sampling'!$P$168 -> 51 | C35: ='WY2015 NFSN Chem Sampling'!$R$168+'WY2015 NFSN Chem Sampling'!$T$168 -> 50 | D35: ='WY2015 NFSN Chem Sampling'!$V$168 -> 3 | E35: ='WY2015 NFSN Chem Sampling'!$X$168+'WY2015 NFSN Chem Sampling'!$Z$168 -> 51 | F35: ='WY2015 NFSN Chem Sampling'!$AB$168 -> 4 | G35: ='WY2015 NFSN Chem Sampling'!AF168+'WY2015 NFSN Chem Sampling'!AJ168+'WY2015 NFSN Chem Sampling'!AL168 -> 46 | H35: ='WY2015 NFSN Chem Sampling'!$AH$168 -> 2 | I35: ='WY2015 NFSN Eco Sampling'!$Q$38+'WY2015 NFSN Eco Sampling'!$Q$39 -> 2 | J35: ='WY2015 NFSN Eco Sampling'!$T$38+'WY2015 NFSN Eco Sampling'!$T$39 -> 0 | K35: ='WY2015 NFSN Eco Sampling'!$W$38+'WY2015 NFSN Eco Sampling'!$W$39 -> 2 | L35: ='WY2015 NFSN Eco Sampling'!$Z$38+'WY2015 NFSN Eco Sampling'!$Z$39 -> 2
A36: WA | B36: ='WY2015 NFSN Chem Sampling'!$N$173+'WY2015 NFSN Chem Sampling'!$P$173 -> 51 | C36: ='WY2015 NFSN Chem Sampling'!$R$173+'WY2015 NFSN Chem Sampling'!$T$173 -> 51 | D36: ='WY2015 NFSN Chem Sampling'!$V$173 -> 2 | E36: ='WY2015 NFSN Chem Sampling'!$X$173+'WY2015 NFSN Chem Sampling'!$Z$173 -> 52 | F36: ='WY2015 NFSN Chem Sampling'!$AB$173 -> 3 | G36: ='WY2015 NFSN Chem Sampling'!AF173+'WY2015 NFSN Chem Sampling'!AJ173+'WY2015 NFSN Chem Sampling'!AL173 -> 46 | H36: ='WY2015 NFSN Chem Sampling'!$AH$173 -> 2 | I36: ='WY2015 NFSN Eco Sampling'!$Q$40+'WY2015 NFSN Eco Sampling'!$Q$41 -> 2 | J36: ='WY2015 NFSN Eco Sampling'!$T$40+'WY2015 NFSN Eco Sampling'!$T$41 -> 0 | K36: ='WY2015 NFSN Eco Sampling'!$W$40+'WY2015 NFSN Eco Sampling'!$W$41 -> 2 | L36: ='WY2015 NFSN Eco Sampling'!$Z$40+'WY2015 NFSN Eco Sampling'!$Z$41 -> 2
A37: WI | B37: ='WY2015 NFSN Chem Sampling'!$N$176+'WY2015 NFSN Chem Sampling'!$P$176 -> 7 | C37: ='WY2015 NFSN Chem Sampling'!$R$176+'WY2015 NFSN Chem Sampling'!$T$176 -> 6 | D37: ='WY2015 NFSN Chem Sampling'!$V$176 -> 1 | E37: ='WY2015 NFSN Chem Sampling'!$X$176+'WY2015 NFSN Chem Sampling'!$Z$176 -> 6 | F37: ='WY2015 NFSN Chem Sampling'!$AB$176 -> 1 | G37: ='WY2015 NFSN Chem Sampling'!AF176+'WY2015 NFSN Chem Sampling'!AJ176+'WY2015 NFSN Chem Sampling'!AL176 -> 0 | H37: ='WY2015 NFSN Chem Sampling'!$AH$176 -> 0 | I37: ='WY2015 NFSN Eco Sampling'!$Q$42 -> 1 | J37: ='WY2015 NFSN Eco Sampling'!$T$42 -> 0 | K37: ='WY2015 NFSN Eco Sampling'!$W$42 -> 1 | L37: ='WY2015 NFSN Eco Sampling'!$Z$42 -> 1
A38: WY | B38: ='WY2015 NFSN Chem Sampling'!$N$180+'WY2015 NFSN Chem Sampling'!$P$180 -> 22 | C38: ='WY2015 NFSN Chem Sampling'!$R$180+'WY2015 NFSN Chem Sampling'!$T$180 -> 22 | D38: ='WY2015 NFSN Chem Sampling'!$V$180 -> 1 | E38: ='WY2015 NFSN Chem Sampling'!$X$180+'WY2015 NFSN Chem Sampling'!$Z$180 -> 22 | F38: ='WY2015 NFSN Chem Sampling'!$AB$180 -> 1 | G38: ='WY2015 NFSN Chem Sampling'!AF180+'WY2015 NFSN Chem Sampling'!AJ180+'WY2015 NFSN Chem Sampling'!AL180 -> 16 | H38: ='WY2015 NFSN Chem Sampling'!$AH$180 -> 1 | I38: ='WY2015 NFSN Eco Sampling'!$Q$43 -> 1 | J38: ='WY2015 NFSN Eco Sampling'!$T$43 -> 0 | K38: ='WY2015 NFSN Eco Sampling'!$W$43 -> 1 | L38: ='WY2015 NFSN Eco Sampling'!$Z$43 -> 1
A39: TOTAL | B39: =SUM(B2:B38) -> 1632 | C39: =SUM(C2:C38) -> 1623 | D39: =SUM(D2:D38) -> 91 | E39: =SUM(E2:E38) -> 1642 | F39: =SUM(F2:F38) -> 110 | G39: =SUM(G2:G38) -> 1575 | H39: =SUM(H2:H38) -> 81 | I39: =SUM(I2:I38) -> 38 | ... L39: =SUM(L2:L38) -> 38 | M39: =SUM(C39:L39) -> 5236
M40: TOTAL
A41: FY15 prices | B41: 70 | C41: 241.64 | D41: 241.64 | E41: 403.05 | F41: 403.05 | G41: 801.18 | H41: 801.18 | I41: 0 | J41: 0 | L41: 212.88
A42: Total cost | B42: =B39*B41 -> 114240 | C42: =C39*C41 -> 392181.72 | D42: =D39*D41 -> 21989.24 | E42: =E39*E41 -> 661808.1 | F42: =F39*F41 -> 44335.5 | G42: =G39*G41 -> 1261858.5 | H42: =H39*H41 -> 64895.58 | I42: =I39*I41 -> 0 | ... L42: =L39*L41 -> 8089.44 | M42: =SUM(C42:L42) -> 2455158.1
B43: Note: glyphosate not included in sample count
O44: NWQL Chem Totals | P44: Susp. Sed. Totals | Q44: NWQL Chem + S.S. Totals | R44: Eco Totals | S44: Total NWQL | T44: All lab costs
A45: AL | B45: =B2*$B$41 -> 2380 | C45: =C2*$C$41 -> 8215.76 | D45: =D2*$D$41 -> 483.28 | E45: =E2*$E$41 -> 13703.7 | F45: =F2*$F$41 -> 806.1 | G45: =G2*$G$41 -> 28842.48 | H45: =H2*$H$41 -> 1602.36 | I45: =I2*$I$41 -> 0 | J45: =J2*$J$41 -> 0 | K45: =K2*$K$41 -> 0 | L45: =L2*$L$41 -> 0 | M45: =SUM(C45:L45) -> 53653.68 | N45: AL | O45: =SUM(C45:H45) -> 53653.68 | P45: =SUM(B45:B45) -> 2380 | Q45: =O45+P45 -> 56033.68 | R45: =SUM(I45:L45) -> 0 | S45: =O45+I45+J45+L45 -> 53653.68 | T45: =Q45+R45 -> 56033.68
A46: AK | B46: =B3*$B$41 -> 560 | C46: =C3*$C$41 -> 1933.12 | D46: =D3*$D$41 -> 0 | E46: =E3*$E$41 -> 3224.4 | F46: =F3*$F$41 -> 0 | G46: =G3*$G$41 -> 2403.54 | H46: =H3*$H$41 -> 801.18 | I46: =I3*$I$41 -> 0 | J46: =J3*$J$41 -> 0 | K46: =K3*$K$41 -> 0 | L46: =L3*$L$41 -> 0 | M46: =SUM(C46:L46) -> 8362.24 | N46: AK | O46: =SUM(C46:H46) -> 8362.24 | P46: =SUM(B46:B46) -> 560 | Q46: =O46+P46 -> 8922.24 | R46: =SUM(I46:L46) -> 0 | S46: =O46+I46+J46+L46 -> 8362.24 | T46: =Q46+R46 -> 8922.24
A47: AZ | B47: =B4*$B$41 -> 2940 | C47: =C4*$C$41 -> 9907.24 | D47: =D4*$D$41 -> 724.92 | E47: =E4*$E$41 -> 16525.05 | F47: =F4*$F$41 -> 1209.15 | G47: =G4*$G$41 -> 24035.4 | H47: =H4*$H$41 -> 1602.36 | I47: =I4*$I$41 -> 0 | J47: =J4*$J$41 -> 0 | K47: =K4*$K$41 -> 0 | L47: =L4*$L$41 -> 425.76 | M47: =SUM(C47:L47) -> 54429.88 | N47: AZ | O47: =SUM(C47:H47) -> 54004.12 | P47: =SUM(B47:B47) -> 2940 | Q47: =O47+P47 -> 56944.12 | R47: =SUM(I47:L47) -> 425.76 | S47: =O47+I47+J47+L47 -> 54429.88 | T47: =Q47+R47 -> 57369.88
A48: AR | B48: =B5*$B$41 -> 2030 | C48: =C5*$C$41 -> 6765.92 | D48: =D5*$D$41 -> 483.28 | E48: =E5*$E$41 -> 11285.4 | F48: =F5*$F$41 -> 806.1 | G48: =G5*$G$41 -> 12818.88 | H48: =H5*$H$41 -> 801.18 | I48: =I5*$I$41 -> 0 | J48: =J5*$J$41 -> 0 | K48: =K5*$K$41 -> 0 | L48: =L5*$L$41 -> 425.76 | M48: =SUM(C48:L48) -> 33386.52 | N48: AR | O48: =SUM(C48:H48) -> 32960.76 | P48: =SUM(B48:B48) -> 2030 | Q48: =O48+P48 -> 34990.76 | R48: =SUM(I48:L48) -> 425.76 | S48: =O48+I48+J48+L48 -> 33386.52 | T48: =Q48+R48 -> 35416.52
A49: CA | B49: =B6*$B$41 -> 4690 | C49: =C6*$C$41 -> 15948.24 | D49: =D6*$D$41 -> 1208.2 | E49: =E6*$E$41 -> 26601.3 | F49: =F6*$F$41 -> 2015.25 | G49: =G6*$G$41 -> 44866.08 | H49: =H6*$H$41 -> 2403.54 | I49: =I6*$I$41 -> 0 | J49: =J6*$J$41 -> 0 | K49: =K6*$K$41 -> 0 | L49: =L6*$L$41 -> 425.76 | M49: =SUM(C49:L49) -> 93468.37 | N49: CA | O49: =SUM(C49:H49) -> 93042.61 | P49: =SUM(B49:B49) -> 4690 | Q49: =O49+P49 -> 97732.61 | R49: =SUM(I49:L49) -> 425.76 | S49: =O49+I49+J49+L49 -> 93468.37 | T49: =Q49+R49 -> 98158.37
A50: CO | B50: =B7*$B$41 -> 4410 | C50: =C7*$C$41 -> 15223.32 | D50: =D7*$D$41 -> 724.92 | E50: =E7*$E$41 -> 25795.2 | F50: =F7*$F$41 -> 1612.2 | G50: =G7*$G$41 -> 52877.88 | H50: =H7*$H$41 -> 2403.54 | I50: =I7*$I$41 -> 0 | J50: =J7*$J$41 -> 0 | K50: =K7*$K$41 -> 0 | L50: =L7*$L$41 -> 212.88 | M50: =SUM(C50:L50) -> 98849.94 | N50: CO | O50: =SUM(C50:H50) -> 98637.06 | P50: =SUM(B50:B50) -> 4410 | Q50: =O50+P50 -> 103047.06 | R50: =SUM(I50:L50) -> 212.88 | S50: =O50+I50+J50+L50 -> 98849.94 | T50: =Q50+R50 -> 103259.94
A51: CT | B51: =B8*$B$41 -> 3570 | C51: =C8*$C$41 -> 12323.64 | D51: =D8*$D$41 -> 483.28 | E51: =E8*$E$41 -> 20958.6 | F51: =F8*$F$41 -> 1209.15 | G51: =G8*$G$41 -> 36854.28 | H51: =H8*$H$41 -> 1602.36 | I51: =I8*$I$41 -> 0 | J51: =J8*$J$41 -> 0 | K51: =K8*$K$41 -> 0 | L51: =L8*$L$41 -> 425.76 | M51: =SUM(C51:L51) -> 73857.07 | N51: CT | O51: =SUM(C51:H51) -> 73431.31 | P51: =SUM(B51:B51) -> 3570 | Q51: =O51+P51 -> 77001.31 | R51: =SUM(I51:L51) -> 425.76 | S51: =O51+I51+J51+L51 -> 73857.07 | T51: =Q51+R51 -> 77427.07
A52: FL | B52: =B9*$B$41 -> 1050 | C52: =C9*$C$41 -> 3624.6 | D52: =D9*$D$41 -> 241.64 | E52: =E9*$E$41 -> 6045.75 | F52: =F9*$F$41 -> 403.05 | G52: =G9*$G$41 -> 12818.88 | H52: =H9*$H$41 -> 801.18 | I52: =I9*$I$41 -> 0 | J52: =J9*$J$41 -> 0 | K52: =K9*$K$41 -> 0 | L52: =L9*$L$41 -> 0 | M52: =SUM(C52:L52) -> 23935.1 | N52: FL | O52: =SUM(C52:H52) -> 23935.1 | P52: =SUM(B52:B52) -> 1050 | Q52: =O52+P52 -> 24985.1 | R52: =SUM(I52:L52) -> 0 | S52: =O52+I52+J52+L52 -> 23935.1 | T52: =Q52+R52 -> 24985.1
A53: GA | B53: =B10*$B$41 -> 4620 | C53: =C10*$C$41 -> 15706.6 | D53: =D10*$D$41 -> 966.56 | E53: =E10*$E$41 -> 26601.3 | F53: =F10*$F$41 -> 2015.25 | G53: =G10*$G$41 -> 49673.16 | H53: =H10*$H$41 -> 2403.54 | I53: =I10*$I$41 -> 0 | J53: =J10*$J$41 -> 0 | K53: =K10*$K$41 -> 0 | L53: =L10*$L$41 -> 425.76 | M53: =SUM(C53:L53) -> 97792.17 | N53: GA | O53: =SUM(C53:H53) -> 97366.41 | P53: =SUM(B53:B53) -> 4620 | Q53: =O53+P53 -> 101986.41 | R53: =SUM(I53:L53) -> 425.76 | S53: =O53+I53+J53+L53 -> 97792.17 | T53: =Q53+R53 -> 102412.17
A54: ID | B54: =B11*$B$41 -> 4130 | C54: =C11*$C$41 -> 14256.76 | D54: =D11*$D$41 -> 724.92 | E54: =E11*$E$41 -> 24183 | F54: =F11*$F$41 -> 1612.2 | G54: =G11*$G$41 -> 49673.16 | H54: =H11*$H$41 -> 2403.54 | I54: =I11*$I$41 -> 0 | J54: =J11*$J$41 -> 0 | K54: =K11*$K$41 -> 0 | L54: =L11*$L$41 -> 212.88 | M54: =SUM(C54:L54) -> 93066.46 | N54: ID | O54: =SUM(C54:H54) -> 92853.58 | P54: =SUM(B54:B54) -> 4130 | Q54: =O54+P54 -> 96983.58 | R54: =SUM(I54:L54) -> 212.88 | S54: =O54+I54+J54+L54 -> 93066.46 | T54: =Q54+R54 -> 97196.46
A55: IL | B55: =B12*$B$41 -> 1050 | C55: =C12*$C$41 -> 3624.6 | D55: =D12*$D$41 -> 241.64 | E55: =E12*$E$41 -> 6045.75 | F55: =F12*$F$41 -> 403.05 | G55: =G12*$G$41 -> 12818.88 | H55: =H12*$H$41 -> 801.18 | I55: =I12*$I$41 -> 0 | J55: =J12*$J$41 -> 0 | K55: =K12*$K$41 -> 0 | L55: =L12*$L$41 -> 0 | M55: =SUM(C55:L55) -> 23935.1 | N55: IL | O55: =SUM(C55:H55) -> 23935.1 | P55: =SUM(B55:B55) -> 1050 | Q55: =O55+P55 -> 24985.1 | R55: =SUM(I55:L55) -> 0 | S55: =O55+I55+J55+L55 -> 23935.1 | T55: =Q55+R55 -> 24985.1
A56: IN | B56: =B13*$B$41 -> 3080 | C56: =C13*$C$41 -> 10632.16 | D56: =D13*$D$41 -> 483.28 | E56: =E13*$E$41 -> 18137.25 | F56: =F13*$F$41 -> 1209.15 | G56: =G13*$G$41 -> 36854.28 | H56: =H13*$H$41 -> 1602.36 | I56: =I13*$I$41 -> 0 | J56: =J13*$J$41 -> 0 | K56: =K13*$K$41 -> 0 | L56: =L13*$L$41 -> 212.88 | M56: =SUM(C56:L56) -> 69131.36 | N56: IN | O56: =SUM(C56:H56) -> 68918.48 | P56: =SUM(B56:B56) -> 3080 | Q56: =O56+P56 -> 71998.48 | R56: =SUM(I56:L56) -> 212.88 | S56: =O56+I56+J56+L56 -> 69131.36 | T56: =Q56+R56 -> 72211.36
... A81: WY | B81: =B38*$B$41 -> 1540 | C81: =C38*$C$41 -> 5316.08 | D81: =D38*$D$41 -> 241.64 | E81: =E38*$E$41 -> 8867.1 | F81: =F38*$F$41 -> 403.05 | G81: =G38*$G$41 -> 12818.88 | H81: =H38*$H$41 -> 801.18 | I81: =I38*$I$41 -> 0 | J81: =J38*$J$41 -> 0 | K81: =K38*$K$41 -> 0 | L81: =L38*$L$41 -> 212.88 | M81: =SUM(C81:L81) -> 28660.81 | N81: WY | O81: =SUM(C81:H81) -> 28447.93 | P81: =SUM(B81:B81) -> 1540 | Q81: =O81+P81 -> 29987.93 | R81: =SUM(I81:L81) -> 212.88 | S81: =O81+I81+J81+L81 -> 28660.81 | T81: =Q81+R81 -> 30200.81
B83: =SUM(B45:B81) -> 114240 | C83: =SUM(C45:C81) -> 392181.72 | D83: =SUM(D45:D81) -> 21989.24 | E83: =SUM(E45:E81) -> 661808.1 | F83: =SUM(F45:F81) -> 44335.5 | G83: =SUM(G45:G81) -> 1261858.5 | H83: =SUM(H45:H81) -> 64895.58 | I83: =SUM(I45:I81) -> 0 | ... M83: =SUM(M45:M81) -> 2455158.1 | O83: =SUM(O45:O81) -> 2447068.6 | P83: =SUM(P45:P81) -> 114240 | Q83: =SUM(Q45:Q81) -> 2561308.6 | R83: =SUM(R45:R81) -> 8089.44 | S83: =SUM(S45:S81) -> 2455158.1 | T83: =SUM(T45:T81) -> 2569398.1

Sheet Sample frequency
A1: STATION ID | B1: Station Name | F1: NUMBER OF SAMPLING TRIPS
C2: SC | D2: PROPOSED COST CENTER TO DO SAMPLING | E2: NUMBER OF SAMPLE TRIPS IN 2015 | F2: OCT | G2: NOV | H2: DEC | I2: JAN | J2: FEB | K2: MAR | L2: APR | M2: MAY | N2: JUN | O2: JUL | P2: AUG | Q2: SEP | R2: Comments
A3: 15565447 | B3: Yukon River at Pilot Station, AK | C3: AK | D3: Anchorage, AK | E3: =SUM(F3:Q3) -> 7 | F3: 0 | G3: 0 | H3: 0 | I3: 1 | J3: 0 | K3: 0 | L3: 1 | M3: 1 | N3: 1 | O3: 1 | P3: 1 | Q3: 1 | R3: Pest samples only collected June, July, August
A4: 02469762 | B4: Tombigbee River near Coffeeville, AL | C4: AL | D4: Montgomery, AL | E4: =SUM(F4:Q4) -> 18 | F4: 1 | G4: 2 | H4: 1 | I4: 2 | J4: 1 | K4: 2 | L4: 1 | M4: 2 | N4: 1 | O4: 2 | P4: 1 | Q4: 2
A5: 02470500 | B5: Mobile River at Mt. Vernon, AL | C5: AL | D5: Montgomery, AL | E5: =SUM(F5:Q5) -> 14 | F5: 1 | G5: 0 | H5: 1 | I5: 1 | J5: 2 | K5: 2 | L5: 2 | M5: 2 | N5: 1 | O5: 1 | P5: 1 | Q5: 0
A6: 07055646 | B6: Buffalo River near Boxley, AR | C6: AR | D6: Little Rock, AR | E6: =SUM(F6:Q6) -> 6 | F6: 1 | G6: 0 | H6: 1 | I6: 0 | J6: 1 | K6: 0 | L6: 1 | M6: 0 | N6: 1 | O6: 0 | P6: 1 | Q6: 0 | R6: Pesticide samples not collected at reference sites
A7: 07060710 | B7: North Sylamore Creek near Fifty Six, AR | C7: AR | D7: Little Rock, AR | E7: =SUM(F7:Q7) -> 6 | F7: 0 | G7: 1 | H7: 0 | I7: 1 | J7: 0 | K7: 1 | L7: 0 | M7: 1 | N7: 0 | O7: 1 | P7: 0 | Q7: 1 | R7: Pesticide samples not collected at reference sites
A8: 07263620 | B8: Arkansas River at David D Terry Lock and Dam below Little Rock, AR | C8: AR | D8: Little Rock, AR | E8: =SUM(F8:Q8) -> 14 | F8: 1 | H8: 1 | I8: 1 | J8: 1 | K8: 2 | L8: 2 | M8: 2 | N8: 2 | O8: 1 | P8: 1 | Q8: 0
A9: 09380000 | B9: Colorado River at Lees Ferry, AZ | C9: AZ | D9: Flagstaff, AZ | E9: =SUM(F9:Q9) -> 14 | F9: 2 | G9: 0 | H9: 1 | I9: 1 | J9: 2 | K9: 2 | L9: 2 | M9: 1 | N9: 1 | O9: 1 | P9: 1 | Q9: 0
A10: 09471000 | B10: San Pedro River at Charleston, AZ | C10: AZ | D10: Tucson, AZ | E10: =SUM(F10:Q10) -> 6 | F10: 0 | G10: 1 | H10: 0 | I10: 1 | J10: 0 | K10: 1 | L10: 0 | M10: 1 | N10: 0 | O10: 1 | P10: 0 | Q10: 1 | R10: Pesticide samples not collected at reference sites
A11: 09505800 | B11: West Clear Creek near Camp Verde, AZ | C11: AZ | D11: Tucson, AZ | E11: =SUM(F11:Q11) -> 6 | F11: 1 | G11: 0 | H11: 1 | I11: 0 | J11: 1 | K11: 0 | L11: 1 | M11: 0 | N11: 1 | O11: 0 | P11: 1 | Q11: 0 | R11: Pesticide samples not collected at reference sites
A12: 09522000 | B12: Colorado River at NIB, above Morelos Dam, AZ | C12: AZ | D12: Yuma, AZ | E12: =SUM(F12:Q12) -> 12 | F12: 1 | G12: 0 | H12: 1 | I12: 2 | J12: 2 | K12: 2 | L12: 2 | M12: 0 | N12: 1 | O12: 0 | P12: 1 | Q12: 0
A13: 11264500 | B13: Merced River at Happy Isles Bridge nr Yosemite, CA | C13: CA | D13: Sacramento, CA | E13: =SUM(F13:Q13) -> 6 | F13: 1 | G13: 0 | H13: 1 | I13: 0 | J13: 1 | K13: 0 | L13: 1 | M13: 0 | N13: 1 | O13: 0 | P13: 1 | Q13: 0 | R13: Pesticide samples not collected at reference sites
A14: 11074000 | B14: Santa Ana River below Prado Dam, CA | C14: CA | D14: San Diego, CA | E14: =SUM(F14:Q14) -> 18 | F14: 1 | G14: 1 | H14: 1 | I14: 2 | J14: 2 | K14: 2 | L14: 2 | M14: 2 | N14: 2 | O14: 1 | P14: 1 | Q14: 1
A15: 11274538 | B15: Orestimba Creek near Crows Landing, CA | C15: CA | D15: Sacramento, CA | E15: 0 | F15: 0 | G15: 0 | H15: 0 | I15: 0 | J15: 0 | K15: 0 | L15: 0 | M15: 0 | N15: 0 | O15: 0 | P15: 0 | Q15: 0
A16: 11303500 | B16: San Joaquin River near Vernalis, CA | C16: CA | D16: Sacramento, CA | E16: =SUM(F16:Q16) -> 18 | F16: 1 | G16: 1 | H16: 2 | I16: 2 | J16: 2 | K16: 1 | L16: 1 | M16: 2 | N16: 2 | O16: 2 | P16: 1 | Q16: 1
A17: 11335000 | B17: Cosumnes River at Michigan Bar, CA | C17: CA | D17: Sacramento, CA | E17: =SUM(F17:Q17) -> 6 | F17: 1 | G17: 0 | H17: 1 | I17: 0 | J17: 1 | K17: 0 | L17: 1 | M17: 0 | N17: 1 | O17: 0 | P17: 1 | Q17: 0 | R17: Pesticide samples not collected at reference sites
A18: 11447650 | B18: Sacramento River at Freeport, CA | C18: CA | D18: Sacramento, CA | E18: =SUM(F18:Q18) -> 14 | F18: 1 | G18: 0 | H18: 1 | I18: 2 | J18: 2 | K18: 1 | L18: 1 | M18: 2 | N18: 2 | O18: 1 | P18: 1 | Q18: 0
A19: 06713500 | B19: Cherry Creek at Denver, CO | C19: CO | D19: Lakewood, CO | E19: =SUM(F19:Q19) -> 24 | F19: 1 | G19: 1 | H19: 1 | I19: 1 | J19: 1 | K19: 1 | L19: 3 | M19: 3 | N19: 3 | O19: 3 | P19: 3 | Q19: 3
A20: 06754000 | B20: South Platte River near Kersey, CO | C20: CO | D20: Lakewood, CO | E20: =SUM(F20:Q20) -> 18 | F20: 1 | G20: 1 | H20: 1 | I20: 1 | J20: 1 | K20: 1 | L20: 2 | M20: 2 | N20: 2 | O20: 2 | P20: 2 | Q20: 2
A21: 09163500 | B21: Colorado River near Colorado-Utah state line | C21: CO | D21: Grand Junction, CO | E21: =SUM(F21:Q21) -> 18 | F21: 1 | G21: 1 | H21: 1 | I21: 1 | J21: 1 | K21: 2 | L21: 2 | M21: 2 | N21: 2 | O21: 2 | P21: 2 | Q21: 1
A22: 01170100 | B22: Green River near Colrain, MA | C22: CT | D22: East Hartford, CT | E22: =SUM(F22:Q22) -> 6 | F22: 1 | G22: 0 | H22: 1 | I22: 0 | J22: 1 | K22: 0 | L22: 1 | M22: 0 | N22: 1 | O22: 0 | P22: 1 | Q22: 0 | R22: Pesticide samples not collected at reference sites
A23: 01184000 | B23: Connecticut River at Thompsonville, CT | C23: CT | D23: East Hartford, CT | E23: =SUM(F23:Q23) -> 18 | F23: 1 | G23: 1 | H23: 1 | I23: 1 | J23: 1 | K23: 2 | L23: 2 | M23: 2 | N23: 2 | O23: 2 | P23: 2 | Q23: 1
A24: 01209710 | B24: Norwalk River at Winnipauk,CT | C24: CT | D24: East Hartford, CT | E24: =SUM(F24:Q24) -> 24 | F24: 1 | G24: 1 | H24: 1 | I24: 1 | J24: 2 | K24: 2 | L24: 2 | M24: 3 | N24: 3 | O24: 3 | P24: 3 | Q24: 2
A25: 02359170 | B25: Apalachicola River near Sumatra, FL | C25: FL | D25: Tallahassee, FL | E25: =SUM(F25:Q25) -> 14 | F25: 1 | G25: 0 | H25: 1 | I25: 1 | J25: 2 | K25: 2 | L25: 2 | M25: 2 | N25: 1 | O25: 1 | P25: 1 | Q25: 0
A26: 02226160 | B26: Altamaha River at Everett City, GA | C26: GA | D26: Atlanta, GA | E26: =SUM(F26:Q26) -> 14 | F26: 1 | G26: 0 | H26: 1 | I26: 1 | J26: 2 | K26: 2 | L26: 2 | M26: 2 | N26: 1 | O26: 1 | P26: 1 | Q26: 0
A27: 02335870 | B27: Sope Creek near Marietta, GA | C27: GA | D27: Atlanta, GA | E27: =SUM(F27:Q27) -> 24 | F27: 2 | G27: 2 | H27: 2 | I27: 2 | J27: 2 | K27: 2 | L27: 2 | M27: 2 | N27: 2 | O27: 2 | P27: 2 | Q27: 2
A28: 02338523 | B28: Hillibahatchee Creek near Franklin, GA | C28: GA | D28: Atlanta, GA | E28: =SUM(F28:Q28) -> 6 | F28: 1 | G28: 0 | H28: 1 | I28: 0 | J28: 1 | K28: 0 | L28: 1 | M28: 0 | N28: 1 | O28: 0 | P28: 1 | Q28: 0 | R28: Pesticide samples not collected at reference sites
A29: 02338000 | B29: Chattahoochee River near Whitesburg, GA | C29: GA | D29: Atlanta, GA | E29: =SUM(F29:Q29) -> 18 | F29: 1 | G29: 2 | H29: 1 | I29: 2 | J29: 1 | K29: 2 | L29: 1 | M29: 2 | N29: 1 | O29: 2 | P29: 1 | Q29: 2
A30: 05420500 | B30: Mississippi River at Clinton, IA | C30: IA | D30: Iowa City, IA | E30: =SUM(F30:Q30) -> 14 | F30: 1 | G30: 0 | H30: 1 | I30: 0 | J30: 1 | K30: 2 | L30: 2 | M30: 2 | N30: 2 | O30: 2 | P30: 1 | Q30: 0
A31: 05451210 | B31: South Fork Iowa River near New Providence, IA | C31: IA | D31: Iowa City, IA | E31: =SUM(F31:Q31) -> 24 | F31: 1 | G31: 1 | H31: 1 | I31: 1 | J31: 2 | K31: 2 | L31: 2 | M31: 3 | N31: 3 | O31: 3 | P31: 3 | Q31: 2
A32: 05465500 | B32: Iowa River at Wapello, IA | C32: IA | D32: Iowa City, IA | E32: =SUM(F32:Q32) -> 14 | F32: 1 | G32: 0 | H32: 1 | I32: 0 | J32: 1 | K32: 2 | L32: 2 | M32: 2 | N32: 2 | O32: 2 | P32: 1 | Q32: 0
A33: 05490500 | B33: Des Moines River at Keosauqua, IA | C33: IA | D33: Iowa City, IA | E33: =SUM(F33:Q33) -> 14 | F33: 1 | G33: 0 | H33: 1 | I33: 0 | J33: 1 | K33: 2 | L33: 2 | M33: 2 | N33: 2 | O33: 2 | P33: 1 | Q33: 0
A34: 05586100 | B34: Illinois River at Valley City, IL | C34: IL | D34: Urbana, IL | E34: =SUM(F34:Q34) -> 14 | F34: 1 | G34: 0 | H34: 1 | I34: 0 | J34: 1 | K34: 2 | L34: 2 | M34: 2 | N34: 2 | O34: 2 | P34: 1 | Q34: 0
A35: 06610000 | B35: Missouri River at Omaha, NE | C35: IA | D35: Council Bluffs, IA | E35: =SUM(F35:Q35) -> 14 | F35: 1 | G35: 0 | H35: 1 | I35: 0 | J35: 1 | K35: 2 | L35: 2 | M35: 2 | N35: 2 | O35: 2 | P35: 1 | Q35: 0
A36: 13092747 | B36: Rock Creek at Twin Falls, ID | C36: ID | D36: Boise, ID | E36: =SUM(F36:Q36) -> 24 | F36: 2 | G36: 2 | H36: 2 | I36: 2 | J36: 2 | K36: 2 | L36: 2 | M36: 2 | N36: 2 | O36: 2 | P36: 2 | Q36: 2
A37: 13154500 | B37: Snake River at King Hill, ID | C37: ID | D37: Boise, ID | E37: =SUM(F37:Q37) -> 14 | F37: 1 | G37: 0 | H37: 1 | I37: 1 | J37: 1 | K37: 1 | L37: 2 | M37: 2 | N37: 2 | O37: 2 | P37: 1 | Q37: 0
A38: 13056500 | B38: Henrys Fork near Rexburg, ID | C38: ID | D38: Boise, ID | E38: =SUM(F38:Q38) -> 18 | F38: 1 | G38: 1 | H38: 1 | I38: 1 | J38: 1 | K38: 2 | L38: 2 | M38: 2 | N38: 2 | O38: 2 | P38: 2 | Q38: 1
A39: 03374100 | B39: White River at Hazleton, IN | C39: IN | D39: Indianapolis, IN | E39: =SUM(F39:Q39) -> 18 | F39: 1 | G39: 1 | H39: 1 | I39: 1 | J39: 1 | K39: 1 | L39: 1 | M39: 3 | N39: 3 | O39: 2 | P39: 2 | Q39: 1
A40: 394340085524601 | B40: Sugar Creek at New Palestine, IN | C40: IN | D40: Indianapolis, IN | E40: =SUM(F40:Q40) -> 24 | F40: 1 | G40: 1 | H40: 1 | I40: 1 | J40: 2 | K40: 2 | L40: 2 | M40: 3 | N40: 3 | O40: 3 | P40: 3 | Q40: 2
... A52: 07381600 | B52: Southern Atchafalaya River at Morgan City, LA | C52: LA | D52: Baton Rouge, LA | E52: =SUM(F52:Q52) -> 14 | F52: 1 | G52: 0 | H52: 1 | I52: 1 | J52: 1 | K52: 1 | L52: 2 | M52: 2 | N52: 2 | O52: 2 | P52: 1 | Q52: 0
A53: 08014500 | B53: Whisky Chitto Creek near Oberlin, LA | C53: LA | D53: Baton Rouge, LA | E53: =SUM(F53:Q53) -> 6 | F53: 0 | G53: 1 | H53: 0 | I53: 1 | J53: 0 | K53: 1 | L53: 0 | M53: 1 | N53: 0 | O53: 1 | P53: 0 | Q53: 1 | R53: Pesticide samples not collected at reference sites
A54: 01578310 | B54: Susquehanna River at Conowingo, MD | C54: MD | D54: Baltimore, MD | E54: =SUM(F54:Q54) -> 14 | F54: 1 | G54: 0 | H54: 1 | I54: 2 | J54: 2 | K54: 2 | L54: 2 | M54: 2 | N54: 1 | O54: 0 | P54: 1 | Q54: 0
A55: 01610400 | B55: Waites Run near Wardensville, WV | C55: MD | D55: Baltimore, MD | E55: =SUM(F55:Q55) -> 6 | F55: 1 | G55: 0 | H55: 1 | I55: 0 | J55: 1 | K55: 0 | L55: 1 | M55: 0 | N55: 1 | O55: 0 | P55: 1 | Q55: 0 | R55: Pesticide samples not collected at reference sites
A56: 01646580 | B56: Potomac River at Chain Bridge at Washington, DC | C56: MD | D56: Baltimore, MD | E56: =SUM(F56:Q56) -> 18 | F56: 1 | G56: 1 | H56: 1 | I56: 1 | J56: 2 | K56: 2 | L56: 2 | M56: 2 | N56: 2 | O56: 2 | P56: 1 | Q56: 1
A57: 01654000 | B57: Accotink Creek near Annandale, VA | C57: MD | D57: Baltimore, MD | E57: =SUM(F57:Q57) -> 24 | F57: 1 | G57: 1 | H57: 1 | I57: 1 | J57: 2 | K57: 2 | L57: 2 | M57: 3 | N57: 3 | O57: 3 | P57: 3 | Q57: 2
A58: 04161820 | B58: Clinton River at Sterling Heights, MI | C58: MI | D58: Lansing, MI | E58: =SUM(F58:Q58) -> 24 | F58: 1 | G58: 1 | H58: 1 | I58: 1 | J58: 2 | K58: 2 | L58: 2 | M58: 3 | N58: 3 | O58: 3 | P58: 3 | Q58: 2
A59: 05288705 | B59: Shingle Creek at Minneapolis, MN | C59: MN | D59: Mounds View, MN | E59: =SUM(F59:Q59) -> 24 | F59: 1 | G59: 1 | H59: 1 | I59: 1 | J59: 2 | K59: 2 | L59: 2 | M59: 3 | N59: 3 | O59: 3 | P59: 3 | Q59: 2
A60: 05331580 | B60: Mississippi River at Hastings, MN | C60: MN | D60: Mounds View, MN | E60: =SUM(F60:Q60) -> 14 | F60: 1 | G60: 0 | H60: 1 | I60: 1 | J60: 1 | K60: 1 | L60: 2 | M60: 2 | N60: 2 | O60: 2 | P60: 1 | Q60: 0
A61: 05587455 | B61: Mississippi River Below Grafton, IL | C61: MO | D61: Rolla, MO | E61: =SUM(F61:Q61) -> 14 | F61: 1 | G61: 1 | H61: 1 | I61: 1 | J61: 1 | K61: 1 | L61: 2 | M61: 2 | N61: 1 | O61: 1 | P61: 1 | Q61: 1
A62: 06934500 | B62: Missouri River at Hermann, MO | C62: MO | D62: Rolla, MO | E62: =SUM(F62:Q62) -> 14 | F62: 1 | G62: 0 | H62: 1 | I62: 0 | J62: 1 | K62: 2 | L62: 2 | M62: 2 | N62: 2 | O62: 2 | P62: 1 | Q62: 0
A63: 07022000 | B63: Mississippi River at Thebes, IL | C63: MO | D63: Rolla, MO | E63: =SUM(F63:Q63) -> 14 | F63: 1 | G63: 0 | H63: 1 | I63: 0 | J63: 1 | K63: 2 | L63: 2 | M63: 2 | N63: 2 | O63: 2 | P63: 1 | Q63: 0
A64: 07288650 | B64: Bogue Phalia near Leland, MS | C64: MS | D64: Jackson, MS | E64: =SUM(F64:Q64) -> 24 | F64: 2 | G64: 1 | H64: 1 | I64: 1 | J64: 1 | K64: 2 | L64: 2 | M64: 3 | N64: 3 | O64: 3 | P64: 3 | Q64: 2
A65: 07288955 | B65: Yazoo River below Steele Bayou near Long Lake, MS | C65: MS | D65: Jackson, MS | E65: =SUM(F65:Q65) -> 18 | F65: 1 | G65: 1 | H65: 1 | I65: 2 | J65: 2 | K65: 2 | L65: 2 | M65: 2 | N65: 2 | O65: 1 | P65: 1 | Q65: 1
A66: 322023090544500 | B66: Mississippi River above Vicksburg, MS | C66: MS | D66: Jackson, MS | E66: =SUM(F66:Q66) -> 14 | F66: 1 | G66: 0 | H66: 1 | I66: 1 | J66: 1 | K66: 2 | L66: 2 | M66: 2 | N66: 2 | O66: 1 | P66: 1 | Q66: 0
A67: 02087580 | B67: Swift Creek near Apex, NC | C67: NC | D67: Raleigh, NC | E67: =SUM(F67:Q67) -> 24 | F67: 2 | G67: 2 | H67: 2 | I67: 2 | J67: 2 | K67: 2 | L67: 2 | M67: 2 | N67: 2 | O67: 2 | P67: 2 | Q67: 2
... A70: 05082500 | B70: Red River of the North at Grand Forks, ND | C70: ND | D70: Grand Forks, ND | E70: =SUM(F70:Q70) -> 14 | F70: 1 | G70: 1 | H70: 1 | I70: 1 | J70: 1 | K70: 1 | L70: 2 | M70: 2 | N70: 1 | O70: 1 | P70: 1 | Q70: 1
A71: 06775900 | B71: Dismal River near Thedford, NE | C71: NE | D71: Lincoln, NE | E71: =SUM(F71:Q71) -> 6 | F71: 1 | G71: 0 | H71: 1 | I71: 0 | J71: 1 | K71: 0 | L71: 1 | M71: 0 | N71: 1 | O71: 0 | P71: 1 | Q71: 0 | R71: Pesticide samples not collected at reference sites
A72: 06800000 | B72: Maple Creek near Nickerson, NE | C72: NE | D72: Lincoln, NE | E72: =SUM(F72:Q72) -> 24 | F72: 1 | G72: 1 | H72: 1 | I72: 1 | J72: 2 | K72: 2 | L72: 2 | M72: 3 | N72: 3 | O72: 3 | P72: 3 | Q72: 2
A73: 06800500 | B73: Elkhorn River at Waterloo, NE | C73: NE | D73: Lincoln, NE | E73: =SUM(F73:Q73) -> 18 | F73: 1 | G73: 1 | H73: 1 | I73: 1 | J73: 1 | K73: 2 | L73: 2 | M73: 2 | N73: 2 | O73: 2 | P73: 2 | Q73: 1
A74: 06805500 | B74: Platte River at Louisville, NE | C74: NE | D74: Lincoln, NE | E74: =SUM(F74:Q74) -> 14 | F74: 1 | G74: 0 | H74: 1 | I74: 1 | J74: 1 | K74: 1 | L74: 1 | M74: 2 | N74: 2 | O74: 2 | P74: 2 | Q74: 0
A75: 01463500 | B75: Delaware River at Trenton, NJ | C75: NJ | D75: Trenton, NJ | E75: =SUM(F75:Q75) -> 14 | F75: 1 | G75: 0 | H75: 1 | I75: 1 | J75: 2 | K75: 2 | L75: 2 | M75: 2 | N75: 1 | O75: 1 | P75: 1 | Q75: 0
A76: 08227000 | B76: Saguache Creek near Saguache, CO | C76: NM | D76: Albuquerque, NM | E76: =SUM(F76:Q76) -> 6 | F76: 1 | G76: 0 | H76: 1 | I76: 0 | J76: 1 | K76: 0 | L76: 1 | M76: 0 | N76: 1 | O76: 0 | P76: 1 | Q76: 0 | R76: Pesticide samples not collected at reference sites
A77: 08364000 | B77: Rio Grande at El Paso, TX | C77: NM | D77: Albuquerque, NM | E77: =SUM(F77:Q77) -> 14 | F77: 1 | G77: 1 | H77: 1 | I77: 1 | J77: 1 | K77: 1 | L77: 1 | M77: 1 | N77: 1 | O77: 2 | P77: 2 | Q77: 1
A78: 10350340 | B78: Truckee River at Tracy, NV | C78: NV | D78: Carson City, NV | E78: =SUM(F78:Q78) -> 18 | F78: 1 | G78: 2 | H78: 2 | I78: 2 | J78: 2 | K78: 2 | L78: 2 | M78: 1 | N78: 1 | O78: 1 | P78: 1 | Q78: 1
A79: 01349150 | B79: Canajoharie Creek near Canajoharie, NY | C79: NY | D79: Troy, NY | E79: =SUM(F79:Q79) -> 24 | F79: 1 | G79: 1 | H79: 1 | I79: 1 | J79: 2 | K79: 2 | L79: 2 | M79: 3 | N79: 3 | O79: 3 | P79: 3 | Q79: 2
A80: 01372043 | B80: Hudson River near Poughkeepsie, NY | C80: NY | D80: Troy, NY | E80: =SUM(F80:Q80) -> 14 | F80: 1 | G80: 0 | H80: 1 | I80: 1 | J80: 2 | K80: 2 | L80: 2 | M80: 2 | N80: 1 | O80: 1 | P80: 1 | Q80: 0
A81: 04264331 | B81: St. Lawrence River at Cornwall, Ontario, near Massena, NY | C81: NY | D81: Troy, NY | E81: =SUM(F81:Q81) -> 14 | F81: 1 | G81: 0 | H81: 1 | I81: 1 | J81: 2 | K81: 2 | L81: 2 | M81: 2 | N81: 1 | O81: 1 | P81: 1 | Q81: 0
A82: 04193500 | B82: Maumee River at Waterville, OH | C82: OH | D82: Columbus, OH | E82: =SUM(F82:Q82) -> 18 | F82: 1 | G82: 1 | H82: 1 | I82: 1 | J82: 1 | K82: 1 | L82: 1 | M82: 3 | N82: 3 | O82: 2 | P82: 2 | Q82: 1
A83: 07241550 | B83: North Canadian River near Harrah, OK | C83: OK | D83: Oklahoma City, OK | E83: =SUM(F83:Q83) -> 18 | F83: 1 | G83: 1 | H83: 1 | I83: 1 | J83: 1 | K83: 1 | L83: 1 | M83: 3 | N83: 3 | O83: 2 | P83: 2 | Q83: 1
A84: 14201300 | B84: Zollner Creek near Mt. Angel, OR | C84: OR | D84: Portland, OR | E84: =SUM(F84:Q84) -> 24 | F84: 2 | G84: 2 | H84: 2 | I84: 2 | J84: 2 | K84: 2 | L84: 2 | M84: 2 | N84: 2 | O84: 2 | P84: 2 | Q84: 2
A85: 14205400 | B85: East Fork Dairy Creek near Meachan Corner, OR | C85: OR | D85: Portland, OR | E85: =SUM(F85:Q85) -> 6 | F85: 0 | G85: 1 | H85: 0 | I85: 1 | J85: 0 | K85: 1 | L85: 0 | M85: 1 | N85: 0 | O85: 1 | P85: 0 | Q85: 1 | R85: Pesticide samples not collected at reference sites
A86: 14206950 | B86: Fanno Creek at Durham, OR | C86: OR | D86: Portland, OR | E86: =SUM(F86:Q86) -> 24 | F86: 2 | G86: 2 | H86: 2 | I86: 2 | J86: 2 | K86: 2 | L86: 2 | M86: 2 | N86: 2 | O86: 2 | P86: 2 | Q86: 2
A87: 14211720 | B87: Willamette River at Portland, OR | C87: OR | D87: Portland, OR | E87: =SUM(F87:Q87) -> 18 | F87: 1 | G87: 2 | H87: 2 | I87: 2 | J87: 1 | K87: 2 | L87: 1 | M87: 2 | N87: 1 | O87: 2 | P87: 1 | Q87: 1
A88: 14246900 | B88: Columbia River near Beaver Army Terminal, OR | C88: OR | D88: Portland, OR | E88: =SUM(F88:Q88) -> 12 | F88: 1 | G88: 0 | H88: 2 | I88: 2 | J88: 2 | K88: 1 | L88: 1 | M88: 1 | N88: 1 | O88: 0 | P88: 1 | Q88: 0
A89: 02172300 | B89: McTier Creek near Monetta, SC | C89: SC | D89: Columbia, SC | E89: =SUM(F89:Q89) -> 6 | F89: 1 | G89: 0 | H89: 1 | I89: 0 | J89: 1 | K89: 0 | L89: 1 | M89: 0 | N89: 1 | O89: 0 | P89: 1 | Q89: 0 | R89: Pesticide samples not collected at reference sites
A90: 02175000 | B90: Edisto River near Givhans, SC | C90: SC | D90: Columbia, SC | E90: =SUM(F90:Q90) -> 18 | F90: 1 | G90: 2 | H90: 1 | I90: 2 | J90: 1 | K90: 2 | L90: 1 | M90: 2 | N90: 1 | O90: 2 | P90: 1 | Q90: 2
A91: 08057200 | B91: White Rock Creek at Dallas, TX | C91: TX | D91: Austin, TX | E91: =SUM(F91:Q91) -> 24 | F91: 2 | G91: 2 | H91: 2 | I91: 2 | J91: 2 | K91: 2 | L91: 2 | M91: 2 | N91: 2 | O91: 2 | P91: 2 | Q91: 2
A92: 08057410 | B92: Trinity River below Dallas, TX | C92: TX | D92: Austin, TX | E92: =SUM(F92:Q92) -> 18 | F92: 1 | G92: 1 | H92: 1 | I92: 1 | J92: 1 | K92: 1 | L92: 2 | M92: 2 | N92: 2 | O92: 2 | P92: 2 | Q92: 2
A93: 08116650 | B93: Brazos River near Rosharon, TX | C93: TX | D93: The Woodlands, TX | E93: =SUM(F93:Q93) -> 14 | F93: 1 | G93: 0 | H93: 1 | I93: 1 | J93: 1 | K93: 1 | L93: 2 | M93: 2 | N93: 2 | O93: 2 | P93: 1 | Q93: 0
A94: 08195000 | B94: Frio River at Concan, TX | C94: TX | D94: Austin, TX | E94: =SUM(F94:Q94) -> 6 | F94: 1 | G94: 0 | H94: 1 | I94: 0 | J94: 1 | K94: 0 | L94: 1 | M94: 0 | N94: 1 | O94: 0 | P94: 1 | Q94: 0 | R94: Pesticide samples not collected at reference sites
A95: 08475000 | B95: Rio Grande near Brownsville, TX | C95: TX | D95: San Antonio, TX | E95: =SUM(F95:Q95) -> 12 | F95: 1 | G95: 1 | H95: 1 | I95: 0 | J95: 1 | K95: 0 | L95: 1 | M95: 0 | N95: 1 | O95: 2 | P95: 2 | Q95: 2
A96: 10168000 | B96: Little Cottonwood Creek at Salt Lake City, UT | C96: UT | D96: West Valley City, UT | E96: =SUM(F96:Q96) -> 24 | F96: 2 | G96: 2 | H96: 2 | I96: 2 | J96: 2 | K96: 2 | L96: 2 | M96: 2 | N96: 2 | O96: 2 | P96: 2 | Q96: 2
A97: 10171000 | B97: Jordan River at Salt Lake City, UT | C97: UT | D97: West Valley City, UT | E97: =SUM(F97:Q97) -> 18 | F97: 1 | G97: 1 | H97: 1 | I97: 1 | J97: 1 | K97: 2 | L97: 2 | M97: 2 | N97: 2 | O97: 2 | P97: 2 | Q97: 1
A98: 10172200 | B98: Red Butte Creek at Fort Douglas, UT | C98: UT | D98: West Valley City, UT | E98: =SUM(F98:Q98) -> 6 | F98: 0 | G98: 1 | H98: 0 | I98: 1 | J98: 0 | K98: 1 | L98: 0 | M98: 1 | N98: 0 | O98: 1 | P98: 0 | Q98: 1 | R98: Pesticide samples not collected at reference sites
A99: 12056500 | B99: North Fork Skokomish River near Hoodsport, WA | C99: WA | D99: Tacoma, WA | E99: =SUM(F99:Q99) -> 6 | F99: 1 | G99: 0 | H99: 1 | I99: 0 | J99: 1 | K99: 0 | L99: 1 | M99: 0 | N99: 1 | O99: 0 | P99: 1 | Q99: 0 | R99: Pesticide samples not collected at reference sites
A100: 12505450 | B100: Granger Drain at Granger, WA | C100: WA | D100: Kennewick, WA | E100: =SUM(F100:Q100) -> 24 | F100: 1 | G100: 1 | H100: 1 | I100: 1 | J100: 2 | K100: 2 | L100: 2 | M100: 3 | N100: 3 | O100: 3 | P100: 3 | Q100: 2
A101: 12510500 | B101: Yakima River at Kiona, WA | C101: WA | D101: Kennewick, WA | E101: =SUM(F101:Q101) -> 18 | F101: 1 | G101: 1 | H101: 1 | I101: 1 | J101: 1 | K101: 2 | L101: 2 | M101: 2 | N101: 2 | O101: 2 | P101: 2 | Q101: 1
A102: 04063700 | B102: Popple River near Fence, WI | C102: WI | D102: Rinelander, WI | E102: =SUM(F102:Q102) -> 6 | F102: 1 | G102: 0 | H102: 1 | I102: 0 | J102: 1 | K102: 0 | L102: 1 | M102: 0 | N102: 1 | O102: 0 | P102: 1 | Q102: 0 | R102: Pesticide samples not collected at reference sites
A103: 06324970 | B103: Little Powder River near Weston, WY | C103: WY | D103: Cheyenne, WY | E103: =SUM(F103:Q103) -> 6 | F103: 0 | G103: 1 | H103: 0 | I103: 1 | J103: 0 | K103: 1 | L103: 0 | M103: 1 | N103: 0 | O103: 1 | P103: 0 | Q103: 1 | R103: Pesticide samples not collected at reference sites
A104: 06329500 | B104: Yellowstone River near Sidney, MT | C104: WY | D104: Cheyenne, WY | E104: =SUM(F104:Q104) -> 14 | F104: 1 | G104: 0 | H104: 1 | I104: 1 | J104: 1 | K104: 1 | L104: 2 | M104: 2 | N104: 2 | O104: 2 | P104: 1 | Q104: 0
E105: =SUM(E3:E104) -> 1531 | F105: =SUM(F3:F104) -> 104 | G105: =SUM(G3:G104) -> 65 | H105: =SUM(H3:H104) -> 106 | I105: =SUM(I3:I104) -> 105 | J105: =SUM(J3:J104) -> 133 | K105: =SUM(K3:K104) -> 146 | L105: =SUM(L3:L104) -> 162 | ... Q105: =SUM(Q3:Q104) -> 79

Sheet Continuous Monitoring Sites
A1: Station ID | B1: Station Name | C1: Monitor type
A2: 1646500 | B2: Potomac River at Little Falls Pumping Station near Washington, DC | C2: Nitrate
A3: 3374100 | B3: White River at Hazleton, IN | C3: Nitrate
A4: 3612600 | B4: Ohio River at Olmstead, IL | C4: Nitrate
A5: 5420500 | B5: Mississippi River at Clinton, IA | C5: Nitrate
A6: 5586300 | B6: Illinois River at Florence | C6: Nitrate
A7: 6934500 | B7: Missouri River at Hermann, MO | C7: Nitrate
A8: 7020850 | B8: Mississippi River at Cape Girardeau, MO | C8: Nitrate
A9: 7289000 | B9: Mississippi River at Vicksburg, MS | C9: Nitrate
A10: 7374000 | B10: Mississippi River at Baton Rouge, LA | C10: Nitrate
A11: 7381600 | B11: Lower Atchafalaya River at Morgan City, LA | C11: Nitrate
A12: 11447650 | B12: Sacramento River at Freeport, CA | C12: Nitrate
A13: 14211720 | B13: Willamette River at Portland, OR | C13: Nitrate
... A32: 1545600 | B32: Young Womans Creek near Renova, PA | C32: Temperature
A33: 09471000 | B33: San Pedro River at Charleston, AZ | C33: Temperature
A34: 09505800 | B34: West Clear Creek near Camp Verde, AZ | C34: Temperature
A35: 07055646 | B35: Buffalo River near Boxley, AR | C35: Temperature
A36: 07060710 | B36: North Sylamore Creek near Fifty Six, AR | C36: Temperature
A37: 11335000 | B37: Cosumnes River at Michigan Bar, CA | C37: Temperature
A38: 11264500 | B38: Merced River at Happy Isles Bridge nr Yosemite, CA | C38: Temperature
A39: 01170100 | B39: Green River near Colrain, MA | C39: Temperature
A40: 2338523 | B40: Hillibahatchee Creek near Franklin, GA | C40: Temperature
A41: 08014500 | B41: Ouiska (Whisky) Chitto Creek near Oberlin, LA | C41: Temperature
A42: 01610400 | B42: Waites Run near Wardensville, WV | C42: Temperature
A43: 06775900 | B43: Dismal River near Thedford, NE | C43: Temperature
A44: 08227000 | B44: Saguache Creek near Saguache, CO | C44: Temperature
A45: 14205400 | B45: E Fork Dairy Creek near Meachan Corner, OR | C45: Temperature
A46: 02172300 | B46: McTier Creek near Monetta, SC | C46: Temperature
A47: 08195000 | B47: Frio River at Concan, TX | C47: Temperature
A48: 10172200 | B48: Red Butte Creek at Ft Douglas, UT | C48: Temperature
A49: 12056500 | B49: North Fork Skokomish River near Hdsprt, WA | C49: Temperature
A50: 04063700 | B50: Popple River near Fence, WI | C50: Temperature
A51: 06324970 | B51: Little Powder River near Weston, WY | C51: Temperature
A52: 9508300 | B52: Wet Bottom Crk near Childs, AZ??? | C52: Temperature | D52: AZ mentions this site in FY15 budget
A53: 2479155 | B53: Cypress Crk at Janice, MS | C53: Temperature

Sheet Definitions
A1: Field Name | B1: Data type | C1: Restrictions | D1: Field Definition
A2: NSFN Chem Sampling
A3: Last update | B3: Date | C3: mm/dd/yy
A4: Primary STAID | B4: Text | C4: 8 or 15 digits, include leading 0 | D4: Primary NWIS station identification number for this site.
A5: Site name | B5: Text | D5: NAWQA site name (generally same as or similar to NWIS station name)
A6: Site group | B6: Text | D6: Redesigned Cycle II site category
A7: Network category | B7: Text | C7: Integrator, Agricultural, Urban, Reference, Drinking-water
A8: Fiscal year | B8: Number | D8: Water year for which annual sampling information applies
A9: Daily Streamflow - Gage? | B9: Text | C9: yes or no | D9: Continuous streamflow measured
A10: Daily Streamflow - Gross annual NAWQA cost | B10: $ | D10: NAWQA share of Gross cost for streamflow gage maintanance plus record compilation, review and publication
A11: QW monitor - Parameters | B11: Text | C11: T, SC, DO, &/or pH | D11: Continuous monitoring of Temperature, SC, DO, and/or pH?
A12: QW monitor - Type | B12: Text | D12: In-stream probe unit and (if used) on-shore data logger
A13: QW monitor - Annual NAWQA cost | B13: $ | D13: Gross NAWQA cost for 1 year of monitoring
A14: Constituents, by group: | B14: Suspended Sediment Major Ions Nutrients Pesticides (schedule 2437)
A15: Planned | B15: Number | C15: max 3 digits | D15: Planned number of environmental samples
A16: Collected | B16: Number | C16: max 3 digits | D16: Number of environmental samples collected as of last update (column A)
A17: Planned blanks | B17: Number | C17: max 3 digits | D17: Planned number of blank samples
A18: Collected blanks | B18: Number | C18: max 3 digits | D18: Number of blank samples collected as of last update (column A)
A20: Planned reps | B20: Number | C20: max 3 digits | D20: Planned number of duplicate samples
A21: Collected reps | B21: Number | C21: max 3 digits | D21: Number of duplicate samples collected as of last update (column A)
A22: Planned spikes | B22: Number | C22: max 3 digits | D22: Planned number of spike samples
A23: Collected spikes | B23: Number | C23: max 3 digits | D23: Actual number of spike samples collected as of last update (column A)
A24: SU Annual Comments: Unusual Sampling Circumstances | B24: Text | D24: Brief description of conditions that caused a deviation from the planned sampling for the year
A25: Nutrient blanks
C26: Use OBW for the following analytes:
C27: Lab code | D27: Analyte
C29: 2616 | D29: UV -254 nm (UAS)
C30: 2617 | D30: UV -280 nm (UAS)
C31: 8096 | D31: UV -412 nm (UAS)
C33: Use IBW for the following analytes
C34: Lab code | D34: Analyte
C36: 2612 | D36: Dissolved Organic carbon (DOC)
C37: 2608 | D37: Particulate inorganic carbon (TPCN)
C38: 2606 | D38: Total particulate carbon (TPCN)
C39: 2607 | D39: Total particulate nitrogen (TPCN)
C40: 2611 | D40: Particulate Organic carbon (TPCN)
C41: 8097 | D41: Dissolved Inorganic carbon (DIC)
C42: 1985 | D42: Dissolved nitrogen, ammonia + organic nitrogen (FCC)
C43: 1986 | D43: nitrogen, ammonia + organic nitrogen (WCA)
C44: 3116 | D44: Dissolved Nitrogen, ammonia as N (FCC)
C45: 3117 | D45: Dissolved nitrogen, nitrite (FCC)
C46: 3156 or 3157 | D46: Dissolved nitrogen, nitrite + nitrate (FCC)
C47: 1983 or 2331 | D47: Dissolved Phosphorus (FCC)
C48: 1984 or 2333 | D48: Phosphorus (WCA)
C49: 3118 | D49: Dissolved phosphorus, phosphate, ortho (FCC)
C50: 2754 | D50: Total nitrogen (NH3+NO2+NO3+Organic), filtered (FCC)
A53: NFSN Eco Sampling
A54: Last update | B54: Date | C54: mm/dd/yy
A55: SC | B55: Text | C55: 2 character Science Center
A56: Primary STAID | B56: Text | C56: 8 or 15 digits, include leading 0. | D56: Primary NWIS station identification number for this site.
A57: Site name | B57: Text | D57: NAWQA site name (generally same as or similar to NWIS station name)
A58: Ecological STAID | B58: Text | C58: 8 or 15 digits, include leading 0. | D58: NWIS station identification number for ecological sampling location.
A59: Site name | B59: Text | D59: NAWQA site name for ecological sampling location
A60: Cycle 2 Site Type | B60: Text | C60: rotate2, rotate4, or eco_only
A61: Cycle 3 Site Type | B61: Text | C61: Integrator, Agricultural, Urban, Reference
A62: Ecoregion | B62: Number | C62: 1 or 2 digits | D62: Omernik Level III ecoregion (1987, revised 2002)
A63: Fiscal year | B63: Number | D63: Fiscal/Water year for which annual sampling information applies
A64: Reach Sampled (Primary Reach) | B64: Text | C64: 1 character | D64: Letter designation of the primary sampling reach (typically, A, B, or C)
A65: Inv / Algae RTH (Riffle or Snag) | B65: Text | C65: Riffle, Snag, Depositional | D65: Targeted habitat (typically, Riffle or Snag) for collection of invertebrate and algae samples
A66: Components: | B66: Inverts and Algae -- Invertebrates - RTH Invertebrates - QMH Algae - RTH Algae - Chl a / Biomass Fish Habitat
A67: Index Period - Start Date | B67: Date | C67: DD-MMM | D67: Beginning date of 6-week period for sampling to be conducted each year
A68: Index Period - End Date | B68: Date | C68: DD-MMM | D68: Ending date of 6-week period for sampling to be conducted each year
A69: QA Plan Submitted (Fish) | B69: Text | C69: Yes or No | D69: 'Yes' means Fish QA Plan has been reviewed/updated for the current fiscal year and submitted to Ecological National Synthesis
A70: No. of Samples Planned | B70: Number | C70: Max 1 digit | D70: No. samples planned: normally = "No. of Eco Reaches Planned" or zero; blank if this sample type was not part of the overall design that year)
A71: Date Completed - (MM/DD/YY) | B71: Date | C71: MM/DD/YY | D71: Actual date that sample was collected
A72: SU Annual Comments: Unusual Sampling Circumstances | B72: Text | D72: Brief description of conditions (if any) that caused a deviation from the planned sampling for the year

Sheet WY2013 NFSN Eco Sampling
A1: Last Update | B1: SC | C1: 41497 | G1: Ecological STAID | H1: Ecological Site name | I1: Cycle 2 Site Type | J1: Cycle 3 Site Type | K1: Eco- region | L1: Fiscal year | M1: Reach Sampled (Primary Reach) | N1: Inv / Algae RTH (Riffle or Snag) | O1: Index Period for Inverts and Algae | Q1: Inverts - RTH | S1: Outside IP | T1: Inverts - QMH | V1: Outside IP | W1: Algae - RTH | Y1: Outside IP | Z1: Algae - Chl a / Biomass | AB1: Outside IP | AC1: Fish | AH1: Outside IP | AI1: Habitat | AM1: Outside IP | AN1: IP Check | AO1: SU Annual Comments: Unusual Sampling Circumstances
C2: Primary STAID | D2: Site name | E2: WSC Ecology contact | F2: Fish QA Plan | Q2: No. of Samples Planned | R2: Date Com-pleted (MM/DD/YY) | T2: No. of Samples Planned | U2: Date Com-pleted (MM/DD/YY) | W2: No. of Samples Planned | X2: Date Com-pleted (MM/DD/YY) | Z2: No. of Samples Planned | AA2: Date Com-pleted (MM/DD/YY) | AC2: Index Period | AE2: QA Plan Submitted (Yes/No) | AF2: No. of Samples Planned | AG2: Date Com-pleted (MM/DD/YY) | AI2: Index Period | AK2: No. of Samples Planned | AL2: Date Com-pleted (MM/DD/YY)
O3: Start Date | P3: End Date | R3: Reach A | U3: Reach A | X3: Reach A | AA3: Reach A | AC3: Start Date | AD3: End Date | AI3: Start Date | AJ3: End Date
B5: AZ | C5: 09471000 | D5: San Pedro River at Charleston, AZ | E5: Nick Paretti | F5: Yes | I5: rotate4 | J5: Reference | K5: 79 | L5: 2013 | M5: A | N5: Riffle | O5: 41944 | P5: 41988 | Q5: 1 | S5: =IF(Q5>0,IF(R5<($O5-7),"EARLY",IF(R5>N($P5+7),"LATE","")),"") -> EARLY | T5: 0 | V5: =IF(T5>0,IF(U5<($O5-7),"EARLY",IF(U5>N($P5+7),"LATE","")),"") | W5: 1 | Y5: =IF(W5>0,IF(X5<($O5-7),"EARLY",IF(X5>N($P5+7),"LATE","")),"") -> EARLY | Z5: 1 | AB5: =IF(Z5>0,IF(AA5<($O5-7),"EARLY",IF(AA5>N($P5+7),"LATE","")),"") -> EARLY | AC5: 41944 | AD5: 41988 | AE5: Yes | AF5: 1 | AH5: =IF(AF5>0,IF(AG5<($AC5-7),"EARLY",IF(AG5>N($AD5+7),"LATE","")),"") -> EARLY | AI5: 41944 | AJ5: 41988 | AK5: 1 | AM5: =IF(AK5>0,IF(AL5<($AI5-7),"EARLY",IF(AL5>N($AJ5+7),"LATE","")),"") -> EARLY | AN5: =IF(OR(S5<>"",V5<>"",Y5<>"",AB5<>"",AH5<>"",AM5<>""),"CHECK","") -> CHECK | AO5: Index pd shifted two weeks later than in Cycle 2 to reflect actual dates sampled. Sampling plan shown for the Fiscal Years in which samples are collected (i.e., Fall 2012 = FY2013)
B6: AZ | C6: 09505800 | D6: West Clear Creek near Camp Verde, AZ | F6: Yes | I6: rotate4 | J6: Reference | K6: 23 | L6: 2013 | M6: A | N6: Riffle | O6: 41927 | P6: 41973 | Q6: 1 | S6: =IF(Q6>0,IF(R6<($O6-7),"EARLY",IF(R6>N($P6+7),"LATE","")),"") -> EARLY | T6: 0 | V6: =IF(T6>0,IF(U6<($O6-7),"EARLY",IF(U6>N($P6+7),"LATE","")),"") | W6: 1 | Y6: =IF(W6>0,IF(X6<($O6-7),"EARLY",IF(X6>N($P6+7),"LATE","")),"") -> EARLY | Z6: 1 | AB6: =IF(Z6>0,IF(AA6<($O6-7),"EARLY",IF(AA6>N($P6+7),"LATE","")),"") -> EARLY | AC6: 41927 | AD6: 41973 | AE6: Yes | AF6: 1 | AH6: =IF(AF6>0,IF(AG6<($AC6-7),"EARLY",IF(AG6>N($AD6+7),"LATE","")),"") -> EARLY | AI6: 41927 | AJ6: 41973 | AK6: 1 | AM6: =IF(AK6>0,IF(AL6<($AI6-7),"EARLY",IF(AL6>N($AJ6+7),"LATE","")),"") -> EARLY | AN6: =IF(OR(S6<>"",V6<>"",Y6<>"",AB6<>"",AH6<>"",AM6<>""),"CHECK","") -> CHECK | AO6: Sampling plan shown for the Fiscal Years in which samples are collected (i.e., Fall 2012 = FY2013)
B7: AR | C7: 07055646 | D7: Buffalo River near Boxley, AR | E7: Billy Justus | F7: Yes | I7: rotate4 | J7: Reference | K7: 38 | L7: 2013 | M7: A | N7: Riffle | O7: 41866 | P7: 41912 | Q7: 1 | S7: =IF(Q7>0,IF(R7<($O7-7),"EARLY",IF(R7>N($P7+7),"LATE","")),"") -> EARLY | T7: 0 | V7: =IF(T7>0,IF(U7<($O7-7),"EARLY",IF(U7>N($P7+7),"LATE","")),"") | W7: 1 | Y7: =IF(W7>0,IF(X7<($O7-7),"EARLY",IF(X7>N($P7+7),"LATE","")),"") -> EARLY | Z7: 1 | AB7: =IF(Z7>0,IF(AA7<($O7-7),"EARLY",IF(AA7>N($P7+7),"LATE","")),"") -> EARLY | AC7: 41835 | AD7: 41882 | AE7: Yes | AF7: 1 | AH7: =IF(AF7>0,IF(AG7<($AC7-7),"EARLY",IF(AG7>N($AD7+7),"LATE","")),"") -> EARLY | AI7: 41835 | AJ7: 41882 | AK7: 1 | AM7: =IF(AK7>0,IF(AL7<($AI7-7),"EARLY",IF(AL7>N($AJ7+7),"LATE","")),"") -> EARLY | AN7: =IF(OR(S7<>"",V7<>"",Y7<>"",AB7<>"",AH7<>"",AM7<>""),"CHECK","") -> CHECK
B8: AR | C8: 07060710 | D8: North Sylamore Creek near Fifty Six, AR | F8: Yes | I8: rotate4 | J8: Reference | K8: 39 | L8: 2013 | M8: C | N8: Riffle | O8: 41866 | P8: 41912 | Q8: 1 | S8: =IF(Q8>0,IF(R8<($O8-7),"EARLY",IF(R8>N($P8+7),"LATE","")),"") -> EARLY | T8: 0 | V8: =IF(T8>0,IF(U8<($O8-7),"EARLY",IF(U8>N($P8+7),"LATE","")),"") | W8: 1 | Y8: =IF(W8>0,IF(X8<($O8-7),"EARLY",IF(X8>N($P8+7),"LATE","")),"") -> EARLY | Z8: 1 | AB8: =IF(Z8>0,IF(AA8<($O8-7),"EARLY",IF(AA8>N($P8+7),"LATE","")),"") -> EARLY | AC8: 41835 | AD8: 41882 | AE8: Yes | AF8: 1 | AH8: =IF(AF8>0,IF(AG8<($AC8-7),"EARLY",IF(AG8>N($AD8+7),"LATE","")),"") -> EARLY | AI8: 41835 | AJ8: 41882 | AK8: 1 | AM8: =IF(AK8>0,IF(AL8<($AI8-7),"EARLY",IF(AL8>N($AJ8+7),"LATE","")),"") -> EARLY | AN8: =IF(OR(S8<>"",V8<>"",Y8<>"",AB8<>"",AH8<>"",AM8<>""),"CHECK","") -> CHECK
B9: CA | C9: 11274538 | D9: Orestimba Creek near Crows Landing, CA | E9: Jason May | F9: Yes | I9: rotate4 | J9: Agricultural | K9: 5 | L9: 2013 | M9: A | N9: Snag | O9: 41866 | P9: 41912 | Q9: 1 | S9: =IF(Q9>0,IF(R9<($O9-7),"EARLY",IF(R9>N($P9+7),"LATE","")),"") -> EARLY | T9: 0 | V9: =IF(T9>0,IF(U9<($O9-7),"EARLY",IF(U9>N($P9+7),"LATE","")),"") | W9: 1 | Y9: =IF(W9>0,IF(X9<($O9-7),"EARLY",IF(X9>N($P9+7),"LATE","")),"") -> EARLY | Z9: 1 | AB9: =IF(Z9>0,IF(AA9<($O9-7),"EARLY",IF(AA9>N($P9+7),"LATE","")),"") -> EARLY | AC9: 41866 | AD9: 41912 | AE9: Yes | AF9: 1 | AH9: =IF(AF9>0,IF(AG9<($AC9-7),"EARLY",IF(AG9>N($AD9+7),"LATE","")),"") -> EARLY | AI9: 41866 | AJ9: 41912 | AK9: 1 | AM9: =IF(AK9>0,IF(AL9<($AI9-7),"EARLY",IF(AL9>N($AJ9+7),"LATE","")),"") -> EARLY | AN9: =IF(OR(S9<>"",V9<>"",Y9<>"",AB9<>"",AH9<>"",AM9<>""),"CHECK","") -> CHECK
B10: CA | C10: 11335000 | D10: Cosumnes River at Michigan Bar, CA | F10: Yes | I10: eco_only | J10: Reference | K10: 7 | L10: 2013 | M10: C | N10: Riffle | O10: 41866 | P10: 41912 | Q10: 1 | S10: =IF(Q10>0,IF(R10<($O10-7),"EARLY",IF(R10>N($P10+7),"LATE","")),"") -> EARLY | T10: 0 | V10: =IF(T10>0,IF(U10<($O10-7),"EARLY",IF(U10>N($P10+7),"LATE","")),"") | W10: 1 | Y10: =IF(W10>0,IF(X10<($O10-7),"EARLY",IF(X10>N($P10+7),"LATE","")),"") -> EARLY | Z10: 1 | AB10: =IF(Z10>0,IF(AA10<($O10-7),"EARLY",IF(AA10>N($P10+7),"LATE","")),"") -> EARLY | AC10: 41866 | AD10: 41912 | AE10: Yes | AF10: 1 | AH10: =IF(AF10>0,IF(AG10<($AC10-7),"EARLY",IF(AG10>N($AD10+7),"LATE","")),"") -> EARLY | AI10: 41866 | AJ10: 41912 | AK10: 1 | AM10: =IF(AK10>0,IF(AL10<($AI10-7),"EARLY",IF(AL10>N($AJ10+7),"LATE","")),"") -> EARLY | AN10: =IF(OR(S10<>"",V10<>"",Y10<>"",AB10<>"",AH10<>"",AM10<>""),"CHECK","") -> CHECK
B11: CA | C11: 11264500 | D11: Merced River at Happy Isles Bridge nr Yosemite, CA | F11: Yes | I11: eco_only | J11: Reference | L11: 2013 | M11: A | N11: Riffle | O11: 41866 | P11: 41912 | Q11: 1 | S11: =IF(Q11>0,IF(R11<($O11-7),"EARLY",IF(R11>N($P11+7),"LATE","")),"") -> EARLY | T11: 0 | V11: =IF(T11>0,IF(U11<($O11-7),"EARLY",IF(U11>N($P11+7),"LATE","")),"") | W11: 1 | Y11: =IF(W11>0,IF(X11<($O11-7),"EARLY",IF(X11>N($P11+7),"LATE","")),"") -> EARLY | Z11: 1 | AB11: =IF(Z11>0,IF(AA11<($O11-7),"EARLY",IF(AA11>N($P11+7),"LATE","")),"") -> EARLY | AC11: 41828 | AD11: 41873 | AE11: Yes | AF11: 1 | AH11: =IF(AF11>0,IF(AG11<($AC11-7),"EARLY",IF(AG11>N($AD11+7),"LATE","")),"") -> EARLY | AI11: 41828 | AJ11: 41873 | AK11: 1 | AM11: =IF(AK11>0,IF(AL11<($AI11-7),"EARLY",IF(AL11>N($AJ11+7),"LATE","")),"") -> EARLY | AN11: =IF(OR(S11<>"",V11<>"",Y11<>"",AB11<>"",AH11<>"",AM11<>""),"CHECK","") -> CHECK
B12: CO | C12: 06713500 | D12: Cherry Creek at Denver, CO | E12: Bob Zuellig | F12: Yes | I12: rotate2 | J12: Urban | K12: 25 | L12: 2013 | M12: B | N12: Riffle | O12: 41835 | P12: 41882 | Q12: 1 | S12: =IF(Q12>0,IF(R12<($O12-7),"EARLY",IF(R12>N($P12+7),"LATE","")),"") -> EARLY | T12: 0 | V12: =IF(T12>0,IF(U12<($O12-7),"EARLY",IF(U12>N($P12+7),"LATE","")),"") | W12: 1 | Y12: =IF(W12>0,IF(X12<($O12-7),"EARLY",IF(X12>N($P12+7),"LATE","")),"") -> EARLY | Z12: 1 | AB12: =IF(Z12>0,IF(AA12<($O12-7),"EARLY",IF(AA12>N($P12+7),"LATE","")),"") -> EARLY | AC12: 41835 | AD12: 41882 | AE12: Yes | AF12: 1 | AH12: =IF(AF12>0,IF(AG12<($AC12-7),"EARLY",IF(AG12>N($AD12+7),"LATE","")),"") -> EARLY | AI12: 41835 | AJ12: 41882 | AK12: 1 | AM12: =IF(AK12>0,IF(AL12<($AI12-7),"EARLY",IF(AL12>N($AJ12+7),"LATE","")),"") -> EARLY | AN12: =IF(OR(S12<>"",V12<>"",Y12<>"",AB12<>"",AH12<>"",AM12<>""),"CHECK","") -> CHECK
B13: CT | C13: 01170100 | D13: Green River near Colrain, MA | E13: Karen Beaulieu | F13: Yes | G13: 01170095 | H13: Green River at Stewartville, MA | I13: rotate4 | J13: Reference | K13: 58 | L13: 2013 | M13: A | N13: Riffle | O13: 41852 | P13: 41897 | Q13: 1 | S13: =IF(Q13>0,IF(R13<($O13-7),"EARLY",IF(R13>N($P13+7),"LATE","")),"") -> EARLY | T13: 0 | V13: =IF(T13>0,IF(U13<($O13-7),"EARLY",IF(U13>N($P13+7),"LATE","")),"") | W13: 1 | Y13: =IF(W13>0,IF(X13<($O13-7),"EARLY",IF(X13>N($P13+7),"LATE","")),"") -> EARLY | Z13: 1 | AB13: =IF(Z13>0,IF(AA13<($O13-7),"EARLY",IF(AA13>N($P13+7),"LATE","")),"") -> EARLY | AC13: 41852 | AD13: 41897 | AE13: Yes | AF13: 1 | AH13: =IF(AF13>0,IF(AG13<($AC13-7),"EARLY",IF(AG13>N($AD13+7),"LATE","")),"") -> EARLY | AI13: 41852 | AJ13: 41897 | AK13: 1 | AM13: =IF(AK13>0,IF(AL13<($AI13-7),"EARLY",IF(AL13>N($AJ13+7),"LATE","")),"") -> EARLY | AN13: =IF(OR(S13<>"",V13<>"",Y13<>"",AB13<>"",AH13<>"",AM13<>""),"CHECK","") -> CHECK
B14: CT | C14: 01209710 | D14: Norwalk River at Winnipauk,CT | F14: Yes | I14: rotate4 | J14: Urban | K14: 59 | L14: 2013 | M14: A | N14: Riffle | O14: 41852 | P14: 41897 | Q14: 1 | S14: =IF(Q14>0,IF(R14<($O14-7),"EARLY",IF(R14>N($P14+7),"LATE","")),"") -> EARLY | T14: 0 | V14: =IF(T14>0,IF(U14<($O14-7),"EARLY",IF(U14>N($P14+7),"LATE","")),"") | W14: 1 | Y14: =IF(W14>0,IF(X14<($O14-7),"EARLY",IF(X14>N($P14+7),"LATE","")),"") -> EARLY | Z14: 1 | AB14: =IF(Z14>0,IF(AA14<($O14-7),"EARLY",IF(AA14>N($P14+7),"LATE","")),"") -> EARLY | AC14: 41852 | AD14: 41897 | AE14: Yes | AF14: 1 | AH14: =IF(AF14>0,IF(AG14<($AC14-7),"EARLY",IF(AG14>N($AD14+7),"LATE","")),"") -> EARLY | AI14: 41852 | AJ14: 41897 | AK14: 1 | AM14: =IF(AK14>0,IF(AL14<($AI14-7),"EARLY",IF(AL14>N($AJ14+7),"LATE","")),"") -> EARLY | AN14: =IF(OR(S14<>"",V14<>"",Y14<>"",AB14<>"",AH14<>"",AM14<>""),"CHECK","") -> CHECK
B15: GA | C15: 2338523 | D15: Hillibahatchee Creek near Franklin, GA | E15: Jeff Riley | F15: Yes | I15: rotate4 | J15: Reference | K15: 45 | L15: 2013 | M15: B | N15: Riffle | O15: 41774 | P15: 41820 | Q15: 1 | S15: =IF(Q15>0,IF(R15<($O15-7),"EARLY",IF(R15>N($P15+7),"LATE","")),"") -> EARLY | T15: 0 | V15: =IF(T15>0,IF(U15<($O15-7),"EARLY",IF(U15>N($P15+7),"LATE","")),"") | W15: 1 | Y15: =IF(W15>0,IF(X15<($O15-7),"EARLY",IF(X15>N($P15+7),"LATE","")),"") -> EARLY | Z15: 1 | AB15: =IF(Z15>0,IF(AA15<($O15-7),"EARLY",IF(AA15>N($P15+7),"LATE","")),"") -> EARLY | AC15: 41883 | AD15: 41927 | AE15: Yes | AF15: 1 | AH15: =IF(AF15>0,IF(AG15<($AC15-7),"EARLY",IF(AG15>N($AD15+7),"LATE","")),"") -> EARLY | AI15: 41883 | AJ15: 41927 | AK15: 1 | AM15: =IF(AK15>0,IF(AL15<($AI15-7),"EARLY",IF(AL15>N($AJ15+7),"LATE","")),"") -> EARLY | AN15: =IF(OR(S15<>"",V15<>"",Y15<>"",AB15<>"",AH15<>"",AM15<>""),"CHECK","") -> CHECK
B16: GA | C16: 02335870 | D16: Sope Creek near Marietta, GA | F16: Yes | I16: rotate2 | J16: Urban | K16: 45 | L16: 2013 | M16: A | N16: Riffle | O16: 41774 | P16: 41820 | Q16: 1 | S16: =IF(Q16>0,IF(R16<($O16-7),"EARLY",IF(R16>N($P16+7),"LATE","")),"") -> EARLY | T16: 0 | V16: =IF(T16>0,IF(U16<($O16-7),"EARLY",IF(U16>N($P16+7),"LATE","")),"") | W16: 1 | Y16: =IF(W16>0,IF(X16<($O16-7),"EARLY",IF(X16>N($P16+7),"LATE","")),"") -> EARLY | Z16: 1 | AB16: =IF(Z16>0,IF(AA16<($O16-7),"EARLY",IF(AA16>N($P16+7),"LATE","")),"") -> EARLY | AC16: 41883 | AD16: 41927 | AE16: Yes | AF16: 1 | AH16: =IF(AF16>0,IF(AG16<($AC16-7),"EARLY",IF(AG16>N($AD16+7),"LATE","")),"") -> EARLY | AI16: 41883 | AJ16: 41927 | AK16: 1 | AM16: =IF(AK16>0,IF(AL16<($AI16-7),"EARLY",IF(AL16>N($AJ16+7),"LATE","")),"") -> EARLY | AN16: =IF(OR(S16<>"",V16<>"",Y16<>"",AB16<>"",AH16<>"",AM16<>""),"CHECK","") -> CHECK
B17: ID | C17: 13092747 | D17: Rock Creek at Twin Falls, ID | E17: Dorene MacCoy | F17: Yes | I17: rotate4 | J17: Agricultural | K17: 12 | L17: 2013 | M17: A | N17: Riffle | O17: 41821 | P17: 41866 | Q17: 1 | S17: =IF(Q17>0,IF(R17<($O17-7),"EARLY",IF(R17>N($P17+7),"LATE","")),"") -> EARLY | T17: 0 | V17: =IF(T17>0,IF(U17<($O17-7),"EARLY",IF(U17>N($P17+7),"LATE","")),"") | W17: 1 | Y17: =IF(W17>0,IF(X17<($O17-7),"EARLY",IF(X17>N($P17+7),"LATE","")),"") -> EARLY | Z17: 1 | AB17: =IF(Z17>0,IF(AA17<($O17-7),"EARLY",IF(AA17>N($P17+7),"LATE","")),"") -> EARLY | AC17: 41821 | AD17: 41866 | AE17: Yes | AF17: 1 | AH17: =IF(AF17>0,IF(AG17<($AC17-7),"EARLY",IF(AG17>N($AD17+7),"LATE","")),"") -> EARLY | AI17: 41821 | AJ17: 41866 | AK17: 1 | AM17: =IF(AK17>0,IF(AL17<($AI17-7),"EARLY",IF(AL17>N($AJ17+7),"LATE","")),"") -> EARLY | AN17: =IF(OR(S17<>"",V17<>"",Y17<>"",AB17<>"",AH17<>"",AM17<>""),"CHECK","") -> CHECK
B18: IN | C18: 394340085524601 | D18: Sugar Creek at New Palestine, IN | E18: Edward Dobrowolski | F18: Yes | I18: rotate2 | J18: Agricultural | K18: 55 | L18: 2013 | M18: A | N18: Riffle | O18: 41835 | P18: 41882 | Q18: 1 | S18: =IF(Q18>0,IF(R18<($O18-7),"EARLY",IF(R18>N($P18+7),"LATE","")),"") -> EARLY | T18: 0 | V18: =IF(T18>0,IF(U18<($O18-7),"EARLY",IF(U18>N($P18+7),"LATE","")),"") | W18: 1 | Y18: =IF(W18>0,IF(X18<($O18-7),"EARLY",IF(X18>N($P18+7),"LATE","")),"") -> EARLY | Z18: 1 | AB18: =IF(Z18>0,IF(AA18<($O18-7),"EARLY",IF(AA18>N($P18+7),"LATE","")),"") -> EARLY | AC18: 41852 | AD18: 41897 | AE18: Yes | AF18: 1 | AH18: =IF(AF18>0,IF(AG18<($AC18-7),"EARLY",IF(AG18>N($AD18+7),"LATE","")),"") -> EARLY | AI18: 41835 | AJ18: 41882 | AK18: 1 | AM18: =IF(AK18>0,IF(AL18<($AI18-7),"EARLY",IF(AL18>N($AJ18+7),"LATE","")),"") -> EARLY | AN18: =IF(OR(S18<>"",V18<>"",Y18<>"",AB18<>"",AH18<>"",AM18<>""),"CHECK","") -> CHECK
B19: IA | C19: 05451210 | D19: South Fork Iowa River near New Providence, IA | E19: Jason McVay | F19: Yes | I19: rotate2 | J19: Agricultural | K19: 47 | L19: 2013 | M19: A | N19: Snag | O19: 41852 | P19: 41897 | Q19: 1 | S19: =IF(Q19>0,IF(R19<($O19-7),"EARLY",IF(R19>N($P19+7),"LATE","")),"") -> EARLY | T19: 0 | V19: =IF(T19>0,IF(U19<($O19-7),"EARLY",IF(U19>N($P19+7),"LATE","")),"") | W19: 1 | Y19: =IF(W19>0,IF(X19<($O19-7),"EARLY",IF(X19>N($P19+7),"LATE","")),"") -> EARLY | Z19: 1 | AB19: =IF(Z19>0,IF(AA19<($O19-7),"EARLY",IF(AA19>N($P19+7),"LATE","")),"") -> EARLY | AC19: 41866 | AD19: 41912 | AE19: Yes | AF19: 1 | AH19: =IF(AF19>0,IF(AG19<($AC19-7),"EARLY",IF(AG19>N($AD19+7),"LATE","")),"") -> EARLY | AI19: 41852 | AJ19: 41897 | AK19: 1 | AM19: =IF(AK19>0,IF(AL19<($AI19-7),"EARLY",IF(AL19>N($AJ19+7),"LATE","")),"") -> EARLY | AN19: =IF(OR(S19<>"",V19<>"",Y19<>"",AB19<>"",AH19<>"",AM19<>""),"CHECK","") -> CHECK
B20: LA | C20: 08014500 | D20: Ouiska (Whisky) Chitto Creek near Oberlin, LA | E20: Scott Mize | F20: Yes | I20: rotate4 | J20: Reference | K20: 35 | L20: 2013 | M20: A | N20: Snag | O20: 41835 | P20: 41882 | Q20: 1 | S20: =IF(Q20>0,IF(R20<($O20-7),"EARLY",IF(R20>N($P20+7),"LATE","")),"") -> EARLY | T20: 0 | V20: =IF(T20>0,IF(U20<($O20-7),"EARLY",IF(U20>N($P20+7),"LATE","")),"") | W20: 1 | Y20: =IF(W20>0,IF(X20<($O20-7),"EARLY",IF(X20>N($P20+7),"LATE","")),"") -> EARLY | Z20: 1 | AB20: =IF(Z20>0,IF(AA20<($O20-7),"EARLY",IF(AA20>N($P20+7),"LATE","")),"") -> EARLY | AC20: 41835 | AD20: 41882 | AE20: Yes | AF20: 1 | AH20: =IF(AF20>0,IF(AG20<($AC20-7),"EARLY",IF(AG20>N($AD20+7),"LATE","")),"") -> EARLY | AI20: 41835 | AJ20: 41882 | AK20: 1 | AM20: =IF(AK20>0,IF(AL20<($AI20-7),"EARLY",IF(AL20>N($AJ20+7),"LATE","")),"") -> EARLY | AN20: =IF(OR(S20<>"",V20<>"",Y20<>"",AB20<>"",AH20<>"",AM20<>""),"CHECK","") -> CHECK
B21: MD | C21: 01610400 | D21: Waites Run near Wardensville, WV | E21: Robin Brightbill | F21: Yes | I21: rotate4 | J21: Reference | K21: 67 | L21: 2013 | M21: B | N21: Riffle | O21: 41821 | P21: 41866 | Q21: 1 | S21: =IF(Q21>0,IF(R21<($O21-7),"EARLY",IF(R21>N($P21+7),"LATE","")),"") -> EARLY | T21: 0 | V21: =IF(T21>0,IF(U21<($O21-7),"EARLY",IF(U21>N($P21+7),"LATE","")),"") | W21: 1 | Y21: =IF(W21>0,IF(X21<($O21-7),"EARLY",IF(X21>N($P21+7),"LATE","")),"") -> EARLY | Z21: 1 | AB21: =IF(Z21>0,IF(AA21<($O21-7),"EARLY",IF(AA21>N($P21+7),"LATE","")),"") -> EARLY | AC21: 41821 | AD21: 41866 | AE21: Yes | AF21: 1 | AH21: =IF(AF21>0,IF(AG21<($AC21-7),"EARLY",IF(AG21>N($AD21+7),"LATE","")),"") -> EARLY | AI21: 41821 | AJ21: 41866 | AK21: 1 | AM21: =IF(AK21>0,IF(AL21<($AI21-7),"EARLY",IF(AL21>N($AJ21+7),"LATE","")),"") -> EARLY | AN21: =IF(OR(S21<>"",V21<>"",Y21<>"",AB21<>"",AH21<>"",AM21<>""),"CHECK","") -> CHECK
B22: MD | C22: 01654000 | D22: Accotink Creek near Annandale, VA | F22: Yes | I22: rotate2 | J22: Urban | K22: 45 | L22: 2013 | M22: A | N22: Riffle | O22: 41791 | P22: 41835 | Q22: 1 | S22: =IF(Q22>0,IF(R22<($O22-7),"EARLY",IF(R22>N($P22+7),"LATE","")),"") -> EARLY | T22: 0 | V22: =IF(T22>0,IF(U22<($O22-7),"EARLY",IF(U22>N($P22+7),"LATE","")),"") | W22: 1 | Y22: =IF(W22>0,IF(X22<($O22-7),"EARLY",IF(X22>N($P22+7),"LATE","")),"") -> EARLY | Z22: 1 | AB22: =IF(Z22>0,IF(AA22<($O22-7),"EARLY",IF(AA22>N($P22+7),"LATE","")),"") -> EARLY | AC22: 41852 | AD22: 41897 | AE22: Yes | AF22: 1 | AH22: =IF(AF22>0,IF(AG22<($AC22-7),"EARLY",IF(AG22>N($AD22+7),"LATE","")),"") -> EARLY | AI22: 41852 | AJ22: 41897 | AK22: 1 | AM22: =IF(AK22>0,IF(AL22<($AI22-7),"EARLY",IF(AL22>N($AJ22+7),"LATE","")),"") -> EARLY | AN22: =IF(OR(S22<>"",V22<>"",Y22<>"",AB22<>"",AH22<>"",AM22<>""),"CHECK","") -> CHECK
B23: MN | C23: 05288705 | D23: Shingle Creek at Minneapolis, MN | E23: Kathy Lee | F23: Yes | I23: rotate2 | J23: Urban | K23: 51 | L23: 2013 | M23: B | N23: Riffle | O23: 41821 | P23: 41866 | Q23: 1 | S23: =IF(Q23>0,IF(R23<($O23-7),"EARLY",IF(R23>N($P23+7),"LATE","")),"") -> EARLY | T23: 0 | V23: =IF(T23>0,IF(U23<($O23-7),"EARLY",IF(U23>N($P23+7),"LATE","")),"") | W23: 1 | Y23: =IF(W23>0,IF(X23<($O23-7),"EARLY",IF(X23>N($P23+7),"LATE","")),"") -> EARLY | Z23: 1 | AB23: =IF(Z23>0,IF(AA23<($O23-7),"EARLY",IF(AA23>N($P23+7),"LATE","")),"") -> EARLY | AC23: 41821 | AD23: 41866 | AE23: Yes | AF23: 1 | AH23: =IF(AF23>0,IF(AG23<($AC23-7),"EARLY",IF(AG23>N($AD23+7),"LATE","")),"") -> EARLY | AI23: 41821 | AJ23: 41866 | AK23: 1 | AM23: =IF(AK23>0,IF(AL23<($AI23-7),"EARLY",IF(AL23>N($AJ23+7),"LATE","")),"") -> EARLY | AN23: =IF(OR(S23<>"",V23<>"",Y23<>"",AB23<>"",AH23<>"",AM23<>""),"CHECK","") -> CHECK
B24: MS | C24: 07288650 | D24: Bogue Phalia near Leland, MS | E24: Jeannie Barlow | F24: Yes | I24: dropped08 | J24: Agricultural | K24: 73 | L24: 2013 | M24: A | N24: Snag | O24: 41852 | P24: 41897 | Q24: 1 | S24: =IF(Q24>0,IF(R24<($O24-7),"EARLY",IF(R24>N($P24+7),"LATE","")),"") -> EARLY | T24: 0 | V24: =IF(T24>0,IF(U24<($O24-7),"EARLY",IF(U24>N($P24+7),"LATE","")),"") | W24: 1 | Y24: =IF(W24>0,IF(X24<($O24-7),"EARLY",IF(X24>N($P24+7),"LATE","")),"") -> EARLY | Z24: 1 | AB24: =IF(Z24>0,IF(AA24<($O24-7),"EARLY",IF(AA24>N($P24+7),"LATE","")),"") -> EARLY | AC24: 41835 | AD24: 41882 | AE24: Yes | AF24: 1 | AH24: =IF(AF24>0,IF(AG24<($AC24-7),"EARLY",IF(AG24>N($AD24+7),"LATE","")),"") -> EARLY | AI24: 41835 | AJ24: 41882 | AK24: 1 | AM24: =IF(AK24>0,IF(AL24<($AI24-7),"EARLY",IF(AL24>N($AJ24+7),"LATE","")),"") -> EARLY | AN24: =IF(OR(S24<>"",V24<>"",Y24<>"",AB24<>"",AH24<>"",AM24<>""),"CHECK","") -> CHECK
B25: NE | C25: 06775900 | D25: Dismal River near Thedford, NE | E25: Jason Alexander | F25: Yes | I25: eco_only | J25: Reference | K25: 44 | L25: 2013 | M25: C | N25: Snag | O25: 41852 | P25: 41897 | Q25: 1 | S25: =IF(Q25>0,IF(R25<($O25-7),"EARLY",IF(R25>N($P25+7),"LATE","")),"") -> EARLY | T25: 0 | V25: =IF(T25>0,IF(U25<($O25-7),"EARLY",IF(U25>N($P25+7),"LATE","")),"") | W25: 1 | Y25: =IF(W25>0,IF(X25<($O25-7),"EARLY",IF(X25>N($P25+7),"LATE","")),"") -> EARLY | Z25: 1 | AB25: =IF(Z25>0,IF(AA25<($O25-7),"EARLY",IF(AA25>N($P25+7),"LATE","")),"") -> EARLY | AC25: 41852 | AD25: 41897 | AE25: Yes | AF25: 1 | AH25: =IF(AF25>0,IF(AG25<($AC25-7),"EARLY",IF(AG25>N($AD25+7),"LATE","")),"") -> EARLY | AI25: 41852 | AJ25: 41897 | AK25: 1 | AM25: =IF(AK25>0,IF(AL25<($AI25-7),"EARLY",IF(AL25>N($AJ25+7),"LATE","")),"") -> EARLY | AN25: =IF(OR(S25<>"",V25<>"",Y25<>"",AB25<>"",AH25<>"",AM25<>""),"CHECK","") -> CHECK
B26: NE | C26: 06800000 | D26: Maple Creek near Nickerson, NE | F26: Yes | I26: rotate2 | J26: Agricultural | K26: 47 | L26: 2013 | M26: C | N26: Snag | O26: 41852 | P26: 41897 | Q26: 1 | S26: =IF(Q26>0,IF(R26<($O26-7),"EARLY",IF(R26>N($P26+7),"LATE","")),"") -> EARLY | T26: 0 | V26: =IF(T26>0,IF(U26<($O26-7),"EARLY",IF(U26>N($P26+7),"LATE","")),"") | W26: 1 | Y26: =IF(W26>0,IF(X26<($O26-7),"EARLY",IF(X26>N($P26+7),"LATE","")),"") -> EARLY | Z26: 1 | AB26: =IF(Z26>0,IF(AA26<($O26-7),"EARLY",IF(AA26>N($P26+7),"LATE","")),"") -> EARLY | AC26: 41852 | AD26: 41897 | AE26: Yes | AF26: 1 | AH26: =IF(AF26>0,IF(AG26<($AC26-7),"EARLY",IF(AG26>N($AD26+7),"LATE","")),"") -> EARLY | AI26: 41852 | AJ26: 41897 | AK26: 1 | AM26: =IF(AK26>0,IF(AL26<($AI26-7),"EARLY",IF(AL26>N($AJ26+7),"LATE","")),"") -> EARLY | AN26: =IF(OR(S26<>"",V26<>"",Y26<>"",AB26<>"",AH26<>"",AM26<>""),"CHECK","") -> CHECK
B27: NM | C27: 08227000 | D27: Saguache Creek near Saguache, CO | E27: Dianna Crilley | F27: Yes | I27: eco_only | J27: Reference | K27: 21 | L27: 2013 | M27: A | N27: Riffle | O27: 41835 | P27: 41882 | Q27: 1 | S27: =IF(Q27>0,IF(R27<($O27-7),"EARLY",IF(R27>N($P27+7),"LATE","")),"") -> EARLY | T27: 0 | V27: =IF(T27>0,IF(U27<($O27-7),"EARLY",IF(U27>N($P27+7),"LATE","")),"") | W27: 1 | Y27: =IF(W27>0,IF(X27<($O27-7),"EARLY",IF(X27>N($P27+7),"LATE","")),"") -> EARLY | Z27: 1 | AB27: =IF(Z27>0,IF(AA27<($O27-7),"EARLY",IF(AA27>N($P27+7),"LATE","")),"") -> EARLY | AC27: 41835 | AD27: 41882 | AE27: Yes | AF27: 1 | AH27: =IF(AF27>0,IF(AG27<($AC27-7),"EARLY",IF(AG27>N($AD27+7),"LATE","")),"") -> EARLY | AI27: 41835 | AJ27: 41882 | AK27: 1 | AM27: =IF(AK27>0,IF(AL27<($AI27-7),"EARLY",IF(AL27>N($AJ27+7),"LATE","")),"") -> EARLY | AN27: =IF(OR(S27<>"",V27<>"",Y27<>"",AB27<>"",AH27<>"",AM27<>""),"CHECK","") -> CHECK
B28: NY | C28: 01349150 | D28: Canajoharie Creek near Canajoharie, NY | E28: Karen Murray | F28: Yes | I28: rotate4 | J28: Agricultural | K28: 83 | L28: 2013 | M28: A | N28: Riffle | O28: 41835 | P28: 41882 | Q28: 1 | S28: =IF(Q28>0,IF(R28<($O28-7),"EARLY",IF(R28>N($P28+7),"LATE","")),"") -> EARLY | T28: 0 | V28: =IF(T28>0,IF(U28<($O28-7),"EARLY",IF(U28>N($P28+7),"LATE","")),"") | W28: 1 | Y28: =IF(W28>0,IF(X28<($O28-7),"EARLY",IF(X28>N($P28+7),"LATE","")),"") -> EARLY | Z28: 1 | AB28: =IF(Z28>0,IF(AA28<($O28-7),"EARLY",IF(AA28>N($P28+7),"LATE","")),"") -> EARLY | AC28: 41852 | AD28: 41897 | AE28: Yes | AF28: 1 | AH28: =IF(AF28>0,IF(AG28<($AC28-7),"EARLY",IF(AG28>N($AD28+7),"LATE","")),"") -> EARLY | AI28: 41852 | AJ28: 41897 | AK28: 1 | AM28: =IF(AK28>0,IF(AL28<($AI28-7),"EARLY",IF(AL28>N($AJ28+7),"LATE","")),"") -> EARLY | AN28: =IF(OR(S28<>"",V28<>"",Y28<>"",AB28<>"",AH28<>"",AM28<>""),"CHECK","") -> CHECK
B29: NC | C29: 02091500 | D29: Contentnea Creek at Hookerton, NC | E29: Michelle Moorman | F29: Yes | I29: rotate4 | J29: Agricultural | K29: 65 | L29: 2013 | M29: A | N29: Snag | O29: 41774 | P29: 41820 | Q29: 1 | S29: =IF(Q29>0,IF(R29<($O29-7),"EARLY",IF(R29>N($P29+7),"LATE","")),"") -> EARLY | T29: 0 | V29: =IF(T29>0,IF(U29<($O29-7),"EARLY",IF(U29>N($P29+7),"LATE","")),"") | W29: 1 | Y29: =IF(W29>0,IF(X29<($O29-7),"EARLY",IF(X29>N($P29+7),"LATE","")),"") -> EARLY | Z29: 1 | AB29: =IF(Z29>0,IF(AA29<($O29-7),"EARLY",IF(AA29>N($P29+7),"LATE","")),"") -> EARLY | AC29: 41883 | AD29: 41927 | AE29: Yes | AF29: 1 | AH29: =IF(AF29>0,IF(AG29<($AC29-7),"EARLY",IF(AG29>N($AD29+7),"LATE","")),"") -> EARLY | AI29: 41883 | AJ29: 41927 | AK29: 1 | AM29: =IF(AK29>0,IF(AL29<($AI29-7),"EARLY",IF(AL29>N($AJ29+7),"LATE","")),"") -> EARLY | AN29: =IF(OR(S29<>"",V29<>"",Y29<>"",AB29<>"",AH29<>"",AM29<>""),"CHECK","") -> CHECK
B30: NC | C30: 2087580 | D30: Swift Creek near Apex, NC | F30: Yes | I30: rotate2 | J30: Urban | K30: 65 | L30: 2013 | M30: C | N30: Riffle | O30: 41774 | P30: 41820 | Q30: 1 | S30: =IF(Q30>0,IF(R30<($O30-7),"EARLY",IF(R30>N($P30+7),"LATE","")),"") -> EARLY | T30: 0 | V30: =IF(T30>0,IF(U30<($O30-7),"EARLY",IF(U30>N($P30+7),"LATE","")),"") | W30: 1 | Y30: =IF(W30>0,IF(X30<($O30-7),"EARLY",IF(X30>N($P30+7),"LATE","")),"") -> EARLY | Z30: 1 | AB30: =IF(Z30>0,IF(AA30<($O30-7),"EARLY",IF(AA30>N($P30+7),"LATE","")),"") -> EARLY | AC30: 41883 | AD30: 41927 | AE30: Yes | AF30: 1 | AH30: =IF(AF30>0,IF(AG30<($AC30-7),"EARLY",IF(AG30>N($AD30+7),"LATE","")),"") -> EARLY | AI30: 41883 | AJ30: 41927 | AK30: 1 | AM30: =IF(AK30>0,IF(AL30<($AI30-7),"EARLY",IF(AL30>N($AJ30+7),"LATE","")),"") -> EARLY | AN30: =IF(OR(S30<>"",V30<>"",Y30<>"",AB30<>"",AH30<>"",AM30<>""),"CHECK","") -> CHECK
B31: OH | C31: 04161820 | D31: Clinton River at Sterling Heights, MI | E31: Stephanie Janosy | F31: Yes | I31: rotate4 | J31: Urban | K31: 56 | L31: 2013 | M31: A | N31: Riffle | O31: 41852 | P31: 41897 | Q31: 1 | S31: =IF(Q31>0,IF(R31<($O31-7),"EARLY",IF(R31>N($P31+7),"LATE","")),"") -> EARLY | T31: 0 | V31: =IF(T31>0,IF(U31<($O31-7),"EARLY",IF(U31>N($P31+7),"LATE","")),"") | W31: 1 | Y31: =IF(W31>0,IF(X31<($O31-7),"EARLY",IF(X31>N($P31+7),"LATE","")),"") -> EARLY | Z31: 1 | AB31: =IF(Z31>0,IF(AA31<($O31-7),"EARLY",IF(AA31>N($P31+7),"LATE","")),"") -> EARLY | AC31: 41852 | AD31: 41897 | AE31: Yes | AF31: 1 | AH31: =IF(AF31>0,IF(AG31<($AC31-7),"EARLY",IF(AG31>N($AD31+7),"LATE","")),"") -> EARLY | AI31: 41852 | AJ31: 41897 | AK31: 1 | AM31: =IF(AK31>0,IF(AL31<($AI31-7),"EARLY",IF(AL31>N($AJ31+7),"LATE","")),"") -> EARLY | AN31: =IF(OR(S31<>"",V31<>"",Y31<>"",AB31<>"",AH31<>"",AM31<>""),"CHECK","") -> CHECK
B32: OR | C32: 14201300 | D32: Zollner Creek near Mt. Angel, OR | E32: Jennifer Moarce | F32: NO | I32: rotate4 | J32: Agricultural | K32: 3 | L32: 2013 | M32: A | N32: Snag | O32: 41866 | P32: 41912 | Q32: 1 | S32: =IF(Q32>0,IF(R32<($O32-7),"EARLY",IF(R32>N($P32+7),"LATE","")),"") -> EARLY | T32: 0 | V32: =IF(T32>0,IF(U32<($O32-7),"EARLY",IF(U32>N($P32+7),"LATE","")),"") | W32: 1 | Y32: =IF(W32>0,IF(X32<($O32-7),"EARLY",IF(X32>N($P32+7),"LATE","")),"") -> EARLY | Z32: 1 | AB32: =IF(Z32>0,IF(AA32<($O32-7),"EARLY",IF(AA32>N($P32+7),"LATE","")),"") -> EARLY | AC32: 41866 | AD32: 41912 | AE32: NO | AF32: 1 | AH32: =IF(AF32>0,IF(AG32<($AC32-7),"EARLY",IF(AG32>N($AD32+7),"LATE","")),"") -> EARLY | AI32: 41866 | AJ32: 41912 | AK32: 1 | AM32: =IF(AK32>0,IF(AL32<($AI32-7),"EARLY",IF(AL32>N($AJ32+7),"LATE","")),"") -> EARLY | AN32: =IF(OR(S32<>"",V32<>"",Y32<>"",AB32<>"",AH32<>"",AM32<>""),"CHECK","") -> CHECK
B33: OR | C33: 14206950 | D33: Fanno Creek at Durham, OR | F33: NO | I33: rotate2 | J33: Urban | K33: 3 | L33: 2013 | M33: A | N33: Riffle | O33: 41866 | P33: 41912 | Q33: 1 | S33: =IF(Q33>0,IF(R33<($O33-7),"EARLY",IF(R33>N($P33+7),"LATE","")),"") -> EARLY | T33: 0 | V33: =IF(T33>0,IF(U33<($O33-7),"EARLY",IF(U33>N($P33+7),"LATE","")),"") | W33: 1 | Y33: =IF(W33>0,IF(X33<($O33-7),"EARLY",IF(X33>N($P33+7),"LATE","")),"") -> EARLY | Z33: 1 | AB33: =IF(Z33>0,IF(AA33<($O33-7),"EARLY",IF(AA33>N($P33+7),"LATE","")),"") -> EARLY | AC33: 41866 | AD33: 41912 | AE33: NO | AF33: 1 | AH33: =IF(AF33>0,IF(AG33<($AC33-7),"EARLY",IF(AG33>N($AD33+7),"LATE","")),"") -> EARLY | AI33: 41866 | AJ33: 41912 | AK33: 1 | AM33: =IF(AK33>0,IF(AL33<($AI33-7),"EARLY",IF(AL33>N($AJ33+7),"LATE","")),"") -> EARLY | AN33: =IF(OR(S33<>"",V33<>"",Y33<>"",AB33<>"",AH33<>"",AM33<>""),"CHECK","") -> CHECK
B34: OR | C34: 14205400 | D34: E Fork Dairy Creek near Meachan Corner, OR | F34: NO | I34: rotate4 | J34: Reference | K34: 3 | L34: 2013 | M34: A | N34: Riffle | O34: 41866 | P34: 41912 | Q34: 1 | S34: =IF(Q34>0,IF(R34<($O34-7),"EARLY",IF(R34>N($P34+7),"LATE","")),"") -> EARLY | T34: 0 | V34: =IF(T34>0,IF(U34<($O34-7),"EARLY",IF(U34>N($P34+7),"LATE","")),"") | W34: 1 | Y34: =IF(W34>0,IF(X34<($O34-7),"EARLY",IF(X34>N($P34+7),"LATE","")),"") -> EARLY | Z34: 1 | AB34: =IF(Z34>0,IF(AA34<($O34-7),"EARLY",IF(AA34>N($P34+7),"LATE","")),"") -> EARLY | AC34: 41866 | AD34: 41912 | AE34: NO | AF34: 1 | AH34: =IF(AF34>0,IF(AG34<($AC34-7),"EARLY",IF(AG34>N($AD34+7),"LATE","")),"") -> EARLY | AI34: 41866 | AJ34: 41912 | AK34: 1 | AM34: =IF(AK34>0,IF(AL34<($AI34-7),"EARLY",IF(AL34>N($AJ34+7),"LATE","")),"") -> EARLY | AN34: =IF(OR(S34<>"",V34<>"",Y34<>"",AB34<>"",AH34<>"",AM34<>""),"CHECK","") -> CHECK
B35: SC | C35: 02172300 | D35: McTier Creek near Monetta, SC | E35: Jeff Riley | F35: Yes | I35: rotate4 | J35: Reference | K35: 65 | L35: 2013 | M35: A | N35: Snag | O35: 41774 | P35: 41820 | Q35: 1 | S35: =IF(Q35>0,IF(R35<($O35-7),"EARLY",IF(R35>N($P35+7),"LATE","")),"") -> EARLY | T35: 0 | V35: =IF(T35>0,IF(U35<($O35-7),"EARLY",IF(U35>N($P35+7),"LATE","")),"") | W35: 1 | Y35: =IF(W35>0,IF(X35<($O35-7),"EARLY",IF(X35>N($P35+7),"LATE","")),"") -> EARLY | Z35: 1 | AB35: =IF(Z35>0,IF(AA35<($O35-7),"EARLY",IF(AA35>N($P35+7),"LATE","")),"") -> EARLY | AC35: 41883 | AD35: 41927 | AE35: Yes | AF35: 1 | AH35: =IF(AF35>0,IF(AG35<($AC35-7),"EARLY",IF(AG35>N($AD35+7),"LATE","")),"") -> EARLY | AI35: 41774 | AJ35: 41820 | AK35: 1 | AM35: =IF(AK35>0,IF(AL35<($AI35-7),"EARLY",IF(AL35>N($AJ35+7),"LATE","")),"") -> EARLY | AN35: =IF(OR(S35<>"",V35<>"",Y35<>"",AB35<>"",AH35<>"",AM35<>""),"CHECK","") -> CHECK
B36: TX | C36: 08057200 | D36: White Rock Creek at Dallas, TX | E36: Bruce Moring | F36: Yes | I36: rotate2 | J36: Urban | K36: 32 | L36: 2013 | M36: A | N36: Riffle | O36: 41821 | P36: 41866 | Q36: 1 | S36: =IF(Q36>0,IF(R36<($O36-7),"EARLY",IF(R36>N($P36+7),"LATE","")),"") -> EARLY | T36: 0 | V36: =IF(T36>0,IF(U36<($O36-7),"EARLY",IF(U36>N($P36+7),"LATE","")),"") | W36: 1 | Y36: =IF(W36>0,IF(X36<($O36-7),"EARLY",IF(X36>N($P36+7),"LATE","")),"") -> EARLY | Z36: 1 | AB36: =IF(Z36>0,IF(AA36<($O36-7),"EARLY",IF(AA36>N($P36+7),"LATE","")),"") -> EARLY | AC36: 41821 | AD36: 41866 | AE36: Yes | AF36: 1 | AH36: =IF(AF36>0,IF(AG36<($AC36-7),"EARLY",IF(AG36>N($AD36+7),"LATE","")),"") -> EARLY | AI36: 41821 | AJ36: 41866 | AK36: 1 | AM36: =IF(AK36>0,IF(AL36<($AI36-7),"EARLY",IF(AL36>N($AJ36+7),"LATE","")),"") -> EARLY | AN36: =IF(OR(S36<>"",V36<>"",Y36<>"",AB36<>"",AH36<>"",AM36<>""),"CHECK","") -> CHECK
B37: TX | C37: 08195000 | D37: Frio River at Concan, TX | F37: Yes | I37: eco_only | J37: Reference | K37: 30 | L37: 2013 | M37: B | N37: Riffle | O37: 41821 | P37: 41866 | Q37: 1 | S37: =IF(Q37>0,IF(R37<($O37-7),"EARLY",IF(R37>N($P37+7),"LATE","")),"") -> EARLY | T37: 0 | V37: =IF(T37>0,IF(U37<($O37-7),"EARLY",IF(U37>N($P37+7),"LATE","")),"") | W37: 1 | Y37: =IF(W37>0,IF(X37<($O37-7),"EARLY",IF(X37>N($P37+7),"LATE","")),"") -> EARLY | Z37: 1 | AB37: =IF(Z37>0,IF(AA37<($O37-7),"EARLY",IF(AA37>N($P37+7),"LATE","")),"") -> EARLY | AC37: 41821 | AD37: 41866 | AE37: Yes | AF37: 1 | AH37: =IF(AF37>0,IF(AG37<($AC37-7),"EARLY",IF(AG37>N($AD37+7),"LATE","")),"") -> EARLY | AI37: 41821 | AJ37: 41866 | AK37: 1 | AM37: =IF(AK37>0,IF(AL37<($AI37-7),"EARLY",IF(AL37>N($AJ37+7),"LATE","")),"") -> EARLY | AN37: =IF(OR(S37<>"",V37<>"",Y37<>"",AB37<>"",AH37<>"",AM37<>""),"CHECK","") -> CHECK
B38: UT | C38: 10168000 | D38: Little Cottonwood Creek at Salt Lake City, UT | E38: Anne Brasher | F38: NO | I38: rotate2 | J38: Urban | K38: 19 | L38: 2013 | M38: A | N38: Depositional | O38: 41835 | P38: 37864 | Q38: 1 | S38: =IF(Q38>0,IF(R38<($O38-7),"EARLY",IF(R38>N($P38+7),"LATE","")),"") -> EARLY | T38: 0 | V38: =IF(T38>0,IF(U38<($O38-7),"EARLY",IF(U38>N($P38+7),"LATE","")),"") | W38: 1 | Y38: =IF(W38>0,IF(X38<($O38-7),"EARLY",IF(X38>N($P38+7),"LATE","")),"") -> EARLY | Z38: 1 | AB38: =IF(Z38>0,IF(AA38<($O38-7),"EARLY",IF(AA38>N($P38+7),"LATE","")),"") -> EARLY | AC38: 41835 | AD38: 37864 | AE38: NO | AF38: 1 | AH38: =IF(AF38>0,IF(AG38<($AC38-7),"EARLY",IF(AG38>N($AD38+7),"LATE","")),"") -> EARLY | AI38: 41835 | AJ38: 37864 | AK38: 1 | AM38: =IF(AK38>0,IF(AL38<($AI38-7),"EARLY",IF(AL38>N($AJ38+7),"LATE","")),"") -> EARLY | AN38: =IF(OR(S38<>"",V38<>"",Y38<>"",AB38<>"",AH38<>"",AM38<>""),"CHECK","") -> CHECK
B39: UT | C39: 10172200 | D39: Red Butte Creek at Ft Douglas, UT | F39: NO | I39: rotate4 | J39: Reference | K39: 19 | L39: 2013 | M39: A | N39: Riffle | O39: 41835 | P39: 37864 | Q39: 1 | S39: =IF(Q39>0,IF(R39<($O39-7),"EARLY",IF(R39>N($P39+7),"LATE","")),"") -> EARLY | T39: 0 | V39: =IF(T39>0,IF(U39<($O39-7),"EARLY",IF(U39>N($P39+7),"LATE","")),"") | W39: 1 | Y39: =IF(W39>0,IF(X39<($O39-7),"EARLY",IF(X39>N($P39+7),"LATE","")),"") -> EARLY | Z39: 1 | AB39: =IF(Z39>0,IF(AA39<($O39-7),"EARLY",IF(AA39>N($P39+7),"LATE","")),"") -> EARLY | AE39: NO | AF39: 0 | AH39: =IF(AF39>0,IF(AG39<($AC39-7),"EARLY",IF(AG39>N($AD39+7),"LATE","")),"") | AI39: 41835 | AJ39: 37864 | AK39: 1 | AM39: =IF(AK39>0,IF(AL39<($AI39-7),"EARLY",IF(AL39>N($AJ39+7),"LATE","")),"") -> EARLY | AN39: =IF(OR(S39<>"",V39<>"",Y39<>"",AB39<>"",AH39<>"",AM39<>""),"CHECK","") -> CHECK | AO39: No fish collected at this site (only fish present are those stocked by the State).
B40: WA | C40: 12505450 | D40: Granger Drain at Granger, WA | E40: Bob Black | F40: Yes | I40: rotate4 | J40: Agricultural | K40: 10 | L40: 2013 | M40: A | N40: Riffle | O40: 41852 | P40: 41897 | Q40: 1 | S40: =IF(Q40>0,IF(R40<($O40-7),"EARLY",IF(R40>N($P40+7),"LATE","")),"") -> EARLY | T40: 0 | V40: =IF(T40>0,IF(U40<($O40-7),"EARLY",IF(U40>N($P40+7),"LATE","")),"") | W40: 1 | Y40: =IF(W40>0,IF(X40<($O40-7),"EARLY",IF(X40>N($P40+7),"LATE","")),"") -> EARLY | Z40: 1 | AB40: =IF(Z40>0,IF(AA40<($O40-7),"EARLY",IF(AA40>N($P40+7),"LATE","")),"") -> EARLY | AC40: 41852 | AD40: 41897 | AE40: Yes | AF40: 1 | AH40: =IF(AF40>0,IF(AG40<($AC40-7),"EARLY",IF(AG40>N($AD40+7),"LATE","")),"") -> EARLY | AI40: 41852 | AJ40: 41897 | AK40: 1 | AM40: =IF(AK40>0,IF(AL40<($AI40-7),"EARLY",IF(AL40>N($AJ40+7),"LATE","")),"") -> EARLY | AN40: =IF(OR(S40<>"",V40<>"",Y40<>"",AB40<>"",AH40<>"",AM40<>""),"CHECK","") -> CHECK
B41: WA | C41: 12056500 | D41: North Fork Skokomish River near Hdsprt, WA | F41: Yes | I41: eco_only | J41: Reference | K41: 1 | L41: 2013 | M41: A | N41: Riffle | O41: 41866 | P41: 41912 | Q41: 1 | S41: =IF(Q41>0,IF(R41<($O41-7),"EARLY",IF(R41>N($P41+7),"LATE","")),"") -> EARLY | T41: 0 | V41: =IF(T41>0,IF(U41<($O41-7),"EARLY",IF(U41>N($P41+7),"LATE","")),"") | W41: 1 | Y41: =IF(W41>0,IF(X41<($O41-7),"EARLY",IF(X41>N($P41+7),"LATE","")),"") -> EARLY | Z41: 1 | AB41: =IF(Z41>0,IF(AA41<($O41-7),"EARLY",IF(AA41>N($P41+7),"LATE","")),"") -> EARLY | AE41: Yes | AF41: 0 | AH41: =IF(AF41>0,IF(AG41<($AC41-7),"EARLY",IF(AG41>N($AD41+7),"LATE","")),"") | AI41: 41866 | AJ41: 41912 | AK41: 1 | AM41: =IF(AK41>0,IF(AL41<($AI41-7),"EARLY",IF(AL41>N($AJ41+7),"LATE","")),"") -> EARLY | AN41: =IF(OR(S41<>"",V41<>"",Y41<>"",AB41<>"",AH41<>"",AM41<>""),"CHECK","") -> CHECK | AO41: No fish collected at this site
B42: WI | C42: 04063700 | D42: Popple River near Fence, WI | E42: Barb Eikenberry | F42: Yes | I42: rotate4 | J42: Reference | K42: 50 | L42: 2013 | M42: A | N42: Riffle | O42: 41866 | P42: 41912 | Q42: 1 | S42: =IF(Q42>0,IF(R42<($O42-7),"EARLY",IF(R42>N($P42+7),"LATE","")),"") -> EARLY | T42: 0 | V42: =IF(T42>0,IF(U42<($O42-7),"EARLY",IF(U42>N($P42+7),"LATE","")),"") | W42: 1 | Y42: =IF(W42>0,IF(X42<($O42-7),"EARLY",IF(X42>N($P42+7),"LATE","")),"") -> EARLY | Z42: 1 | AB42: =IF(Z42>0,IF(AA42<($O42-7),"EARLY",IF(AA42>N($P42+7),"LATE","")),"") -> EARLY | AC42: 41852 | AD42: 41897 | AE42: Yes | AF42: 1 | AH42: =IF(AF42>0,IF(AG42<($AC42-7),"EARLY",IF(AG42>N($AD42+7),"LATE","")),"") -> EARLY | AI42: 41866 | AJ42: 41912 | AK42: 1 | AM42: =IF(AK42>0,IF(AL42<($AI42-7),"EARLY",IF(AL42>N($AJ42+7),"LATE","")),"") -> EARLY | AN42: =IF(OR(S42<>"",V42<>"",Y42<>"",AB42<>"",AH42<>"",AM42<>""),"CHECK","") -> CHECK
B43: WY | C43: 06324970 | D43: Little Powder River near Weston, WY | E43: Peter Wright | F43: Yes | I43: rotate4 | J43: Reference | K43: 43 | L43: 2013 | M43: A | N43: Riffle | O43: 41821 | P43: 41866 | Q43: 1 | S43: =IF(Q43>0,IF(R43<($O43-7),"EARLY",IF(R43>N($P43+7),"LATE","")),"") -> EARLY | T43: 0 | V43: =IF(T43>0,IF(U43<($O43-7),"EARLY",IF(U43>N($P43+7),"LATE","")),"") | W43: 1 | Y43: =IF(W43>0,IF(X43<($O43-7),"EARLY",IF(X43>N($P43+7),"LATE","")),"") -> EARLY | Z43: 1 | AB43: =IF(Z43>0,IF(AA43<($O43-7),"EARLY",IF(AA43>N($P43+7),"LATE","")),"") -> EARLY | AC43: 41821 | AD43: 41866 | AE43: Yes | AF43: 1 | AH43: =IF(AF43>0,IF(AG43<($AC43-7),"EARLY",IF(AG43>N($AD43+7),"LATE","")),"") -> EARLY | AI43: 41821 | AJ43: 41866 | AK43: 1 | AM43: =IF(AK43>0,IF(AL43<($AI43-7),"EARLY",IF(AL43>N($AJ43+7),"LATE","")),"") -> EARLY | AN43: =IF(OR(S43<>"",V43<>"",Y43<>"",AB43<>"",AH43<>"",AM43<>""),"CHECK","") -> CHECK | AO43: Peter Wright called 7/11/2013 Site has had extreme flows +500 CFS (normally ~3 CFS) 3 weeks ago, has had several high flows (+100 CFS) since. Field crew maynot be available if wait for site to go down until after IP. AHB: if site is sampled within 2 weeks of IP, not a problem.
J45: total counts | Q45: =SUM(Q5:Q43) -> 39 | T45: =SUM(T5:T43) -> 0 | W45: =SUM(W5:W43) -> 39 | Z45: =SUM(Z5:Z43) -> 39 | AF45: =SUM(AF5:AF43) -> 37 | AK45: =SUM(AK5:AK43) -> 39

Sheet WY2013 NFSN Chem Sampling
A1: Last update | B1: Science Center (SC) Collecting Samples | C1: WY | D1: collected QC samples updated as of 11/1/13 | F1: Cycle 2 Site Type | G1: Cycle 3 Site Type | H1: Cycle 3 Program | I1: Daily Streamflow | K1: Continuous QW monitoring | N1: Suspended Sediment (conc. + sand/fine) | R1: Major Ions (schedules 998/1201) | V1: Major Ions blanks (schedule 1674) | X1: Nutrients (schedules 2430/2431/2432) | AB1: Nutrient blanks (SH 452- IBW) | AD1: Nutrient blanks (SH 1675 - OBW) | AF1: uv 412nm blanks (LC8096 - OBW) | AH1: Dissolved Inorganic Carbon blanks (LC8097 - OBW or IBW) | AJ1: Pesticides (schedule 2437) | AR1: Isotope samples (Ty Coplen) | AT1: DOC fractionation samples (George Aiken) | AV1: DNA samples (Byron Crump) | AX1: Comments | AY1: Sampling Comments
D2: Primary STAID | E2: Site name | I2: Gage? | J2: Gross annual NAWQA cost | K2: Parameters | L2: Type | M2: Annual NAWQA cost | N2: Planned | O2: Collected | P2: Planned reps | Q2: Collected reps | R2: Planned (plus alkalinity) | S2: Collected (plus alkalinity) | T2: Planned reps | U2: Collected reps | V2: Planned blanks | W2: Collected blanks | X2: Planned | Y2: Collected | Z2: Planned reps | AA2: Collected reps | AB2: Planned blanks | AC2: Collected blanks | AD2: Planned blanks | AE2: Collected blanks | AF2: Planned blanks | AG2: Collected blanks | AH2: Planned blanks | AI2: Collected blanks | AJ2: Planned | AK2: Collected | AL2: Planned blanks | AM2: Collected blanks | AN2: Planned reps | AO2: Collected reps | AP2: Planned spikes | AQ2: Collected spikes | AR2: Planned | AS2: Collected | AT2: Planned | AU2: Collected | AV2: Planned | AW2: Collected | AX2: Comments | AY2: Comments
B5: AL | C5: 2013 | D5: 02470500 | E5: Mobile River at Mt. Vernon, AL | F5: NASQAN | G5: Coastal River | H5: NASQAN | I5: yes | N5: 14 | O5: 14 | P5: 1 | Q5: 1 | R5: 14 | S5: 14 | T5: 1 | U5: 1 | V5: 1 | W5: 1 | X5: 14 | Y5: 14 | Z5: 1 | AA5: 1 | AB5: 1 | AC5: 1 | AD5: 1 | AE5: 1 | AF5: 1 | AG5: 1 | AH5: 1 | AI5: 1 | AJ5: 14 | AK5: 14 | AL5: 1 | AM5: 1 | AN5: 1 | AO5: 1 | AP5: 1 | AQ5: 1 | AR5: 14 | AV5: 14
B6: AL | C6: 2013 | D6: 02469762 | E6: Tombigbee River near Coffeeville, AL | F6: rotate4 | G6: Large Inland River | H6: NAWQA | I6: yes | N6: 18 | O6: 18 | P6: 1 | R6: 18 | S6: 18 | T6: 1 | U6: 1 | V6: 1 | W6: 1 | X6: 18 | Y6: 18 | Z6: 1 | AA6: 1 | AB6: 1 | AC6: 1 | AD6: 1 | AE6: 1 | AF6: 1 | AG6: 1 | AH6: 1 | AI6: 1 | AJ6: 18 | AK6: 18 | AL6: 1 | AM6: 1 | AN6: 1 | AO6: 1 | AP6: 1 | AQ6: 1 | AX6: jan samples only 5 days apart
B7: AL | E7: WSC sum | N7: =SUM(N5:N6) -> 32 | O7: =SUM(O5:O6) -> 32 | P7: =SUM(P5:P6) -> 2 | Q7: =SUM(Q5:Q6) -> 1 | R7: =SUM(R5:R6) -> 32 | S7: =SUM(S5:S6) -> 32 | T7: =SUM(T5:T6) -> 2 | U7: =SUM(U5:U6) -> 2 | ... AW7: =SUM(AW5:AW6) -> 0
B9: AK | C9: 2013 | D9: 15565447 | E9: Yukon River at Pilot Station, AK | F9: NASQAN | G9: Coastal River | H9: NASQAN | I9: yes | N9: 7 | O9: 7 | P9: 1 | R9: 7 | S9: 7 | T9: 1 | U9: 1 | X9: 7 | Y9: 7 | Z9: 1 | AA9: 2 | AJ9: 3 | AK9: 3 | AO9: 1 | AP9: 1 | AQ9: 1 | AR9: 7 | AV9: 7
B10: AK | E10: WSC sum | N10: =SUM(N8:N9) -> 7 | O10: =SUM(O8:O9) -> 7 | P10: =SUM(P8:P9) -> 1 | Q10: =SUM(Q8:Q9) -> 0 | R10: =SUM(R8:R9) -> 7 | S10: =SUM(S8:S9) -> 7 | T10: =SUM(T8:T9) -> 1 | U10: =SUM(U8:U9) -> 1 | ... AW10: =SUM(AW8:AW9) -> 0
B12: AZ | C12: 2013 | D12: 09380000 | E12: Colorado River at Lees Ferry, AZ | F12: N/A | G12: Large Inland River | H12: NAWQA | I12: yes | K12: YES-COOP | N12: 14 | O12: 14 | P12: 1 | R12: 14 | S12: 14 | T12: 1 | U12: 1 | V12: 1 | W12: 1 | X12: 14 | Y12: 14 | Z12: 1 | AA12: 1 | AB12: 1 | AC12: 1 | AD12: 1 | AE12: 1 | AF12: 1 | AG12: 1 | AH12: 1 | AI12: 1 | AJ12: 14 | AK12: 14 | AL12: 1 | AM12: 1 | AN12: 1 | AO12: 1 | AP12: 1 | AQ12: 1 | AX12: agreed to fund cgc email 20120910
B13: AZ | C13: 2013 | D13: 09522000 | E13: Colorado River at NIB | F13: NASQAN | G13: Coastal River | H13: NASQAN | I13: yes | N13: 12 | O13: 12 | P13: 1 | Q13: 1 | R13: 12 | S13: 12 | T13: 1 | U13: 1 | V13: 1 | W13: 1 | X13: 12 | Y13: 12 | Z13: 1 | AA13: 1 | AB13: 1 | AC13: 1 | AD13: 1 | AE13: 1 | AF13: 1 | AG13: 1 | AH13: 1 | AI13: 1 | AJ13: 12 | AK13: 12 | AL13: 1 | AM13: 1 | AN13: 1 | AO13: 1 | AP13: 1 | AQ13: 1 | AR13: 12 | AV13: 12
B14: AZ | C14: 2013 | D14: 09471000 | E14: San Pedro River at Charleston, AZ | F14: rotate4 | G14: Reference | H14: NAWQA | I14: yes | N14: 6 | O14: 6 | P14: 1 | R14: 6 | S14: 6 | V14: 1 | W14: 1 | X14: 6 | Y14: 6 | Z14: 0 | AA14: 1 | AB14: 1 | AC14: 1 | AD14: 1 | AE14: 1 | AF14: 1 | AG14: 1 | AH14: 1 | AI14: 1 | AJ14: 0 | AK14: 0
B15: AZ | C15: 2013 | D15: 09505800 | E15: West Clear Creek near Camp Verde, AZ | F15: rotate4 | G15: Reference | H15: NAWQA | I15: yes | N15: 6 | O15: 6 | P15: 1 | Q15: 1 | R15: 6 | S15: 6 | T15: 1 | U15: 1 | X15: 6 | Y15: 6 | Z15: 1 | AA15: 1 | AJ15: 0 | AK15: 0
B16: AZ | E16: WSC sum | N16: =SUM(N12:N15) -> 38 | O16: =SUM(O12:O15) -> 38 | P16: =SUM(P12:P15) -> 4 | Q16: =SUM(Q12:Q15) -> 2 | R16: =SUM(R12:R15) -> 38 | S16: =SUM(S12:S15) -> 38 | T16: =SUM(T12:T15) -> 3 | U16: =SUM(U12:U15) -> 3 | ... AW16: =SUM(AW12:AW15) -> 0
B18: AR | C18: 2013 | D18: 07263620 | E18: Arkansas River at Terry L&D below Little Rock, AR | F18: NASQAN | G18: Large Inland River | H18: NASQAN | I18: yes | J18: 5510 | N18: 14 | O18: 14 | P18: 1 | R18: 14 | S18: 14 | T18: 1 | U18: 1 | V18: 1 | W18: 1 | X18: 14 | Y18: 14 | Z18: 1 | AA18: 1 | AB18: 1 | AC18: 1 | AD18: 1 | AE18: 1 | AF18: 1 | AG18: 1 | AH18: 1 | AI18: 1 | AJ18: 14 | AK18: 14 | AL18: 1 | AM18: 1 | AN18: 1 | AO18: 1 | AP18: 1 | AQ18: 1 | AR18: 14 | AV18: 14
B19: AR | C19: 2013 | D19: 07055646 | E19: Buffalo River near Boxley, AR | F19: rotate4 | G19: Reference | H19: NAWQA | I19: yes | N19: 6 | O19: 6 | P19: 1 | R19: 6 | S19: 6 | V19: 1 | W19: 1 | X19: 6 | Y19: 6 | AB19: 1 | AC19: 2 | AD19: 1 | AE19: 1 | AF19: 1 | AG19: 1 | AH19: 1 | AI19: 1 | AJ19: 0 | AK19: 0
B20: AR | C20: 2013 | D20: 07060710 | E20: North Sylamore Creek near Fifty Six, AR | F20: rotate4/HBN | G20: Reference | H20: NAWQA | I20: yes | N20: 6 | O20: 6 | P20: 1 | R20: 6 | S20: 6 | T20: 1 | U20: 1 | X20: 6 | Y20: 6 | Z20: 1 | AA20: 1 | AB20: 0 | AC20: 1 | AD20: 0 | AE20: 1 | AF20: 0 | AG20: 1 | AH20: 0 | AI20: 1 | AJ20: 0 | AK20: 0
B21: AR | E21: WSC sum | N21: =SUM(N18:N20) -> 26 | O21: =SUM(O18:O20) -> 26 | P21: =SUM(P18:P20) -> 3 | Q21: =SUM(Q18:Q20) -> 0 | R21: =SUM(R18:R20) -> 26 | S21: =SUM(S18:S20) -> 26 | T21: =SUM(T18:T20) -> 2 | U21: =SUM(U18:U20) -> 2 | ... AW21: =SUM(AW18:AW20) -> 0
B23: CA | C23: 2013 | D23: 11335000 | E23: Cosumnes River at Michigan Bar, CA | F23: eco_only | G23: Reference | H23: NAWQA | I23: yes | N23: 6 | O23: 6 | P23: 1 | R23: 6 | S23: 6 | T23: 1 | U23: 1 | V23: 1 | W23: 1 | X23: 6 | Y23: 6 | Z23: 1 | AA23: 1 | AB23: 1 | AC23: 1 | AD23: 1 | AE23: 1 | AJ23: 0 | AK23: 0
B24: CA | C24: 2013 | D24: 11274538 | E24: Orestimba Creek near Crows Landing, CA | F24: rotate4 | G24: Agriculture | H24: NAWQA | I24: yes | J24: 22600 | K24: YES-COOP | N24: 24 | O24: 14 | P24: 1 | R24: 24 | S24: 14 | T24: 1 | U24: 1 | V24: 1 | W24: 1 | X24: 24 | Y24: 14 | Z24: 2 | AA24: 2 | AB24: 2 | AC24: 2 | AD24: 2 | AE24: 2 | AF24: 2 | AG24: 2 | AH24: 2 | AI24: 2 | AJ24: 24 | AK24: 14 | AL24: 1 | AM24: 1 | AN24: 1 | AO24: 1 | AP24: 1 | AQ24: 1 | AX24: no flow for much of the WY
B25: CA | C25: 2013 | D25: 11447650 | E25: Sacramento River a Freeport, CA | F25: rotate4/NASQAN | G25: Coastal River | H25: NAWQA | I25: yes | K25: YES-COOP | N25: 14 | O25: 14 | P25: 1 | R25: 14 | S25: 14 | T25: 1 | U25: 1 | V25: 1 | W25: 1 | X25: 14 | Y25: 14 | Z25: 1 | AA25: 1 | AB25: 1 | AC25: 1 | AD25: 1 | AE25: 1 | AF25: 1 | AG25: 1 | AH25: 1 | AI25: 1 | AJ25: 14 | AK25: 14 | AL25: 1 | AM25: 1 | AN25: 1 | AO25: 1 | AP25: 1 | AQ25: 1 | AR25: 14 | AV25: 14
B26: CA | C26: 2013 | D26: 11303500 | E26: San Joaquin River near Vernalis, CA | F26: agcore | G26: Coastal River | H26: NAWQA | I26: yes | N26: 18 | O26: 18 | P26: 1 | R26: 18 | S26: 18 | T26: 1 | U26: 1 | V26: 1 | W26: 1 | X26: 18 | Y26: 18 | Z26: 1 | AA26: 1 | AB26: 1 | AC26: 1 | AD26: 1 | AE26: 1 | AF26: 1 | AG26: 1 | AH26: 1 | AI26: 1 | AJ26: 18 | AK26: 18 | AL26: 1 | AM26: 1 | AN26: 1 | AO26: 1 | AP26: 1 | AQ26: 1 | AV26: 14
B27: CA | C27: 2013 | D27: 11049400 | E27: Santa Ana River above Seven Oaks Dam, CA | F27: eco_only | G27: Reference | H27: NAWQA | I27: no | N27: 6 | O27: 6 | P27: 1 | R27: 6 | S27: 6 | T27: 0 | U27: 1 | V27: 1 | W27: 1 | X27: 6 | Y27: 6 | AB27: 1 | AC27: 1 | AD27: 1 | AE27: 1 | AF27: 1 | AG27: 1 | AH27: 1 | AI27: 1 | AJ27: 0 | AK27: 0
B28: CA | C28: 2013 | D28: 11074000 | E28: Santa Ana River below Prado Dam, CA | F28: urbcore | G28: Coastal River | H28: NAWQA | I28: yes | N28: 18 | O28: 18 | P28: 1 | R28: 18 | S28: 18 | T28: 1 | U28: 1 | V28: 1 | W28: 1 | X28: 18 | Y28: 18 | Z28: 1 | AA28: 1 | AB28: 1 | AC28: 1 | AD28: 1 | AE28: 1 | AF28: 1 | AG28: 1 | AH28: 1 | AI28: 1 | AJ28: 18 | AK28: 18 | AL28: 1 | AM28: 1 | AN28: 1 | AO28: 1 | AP28: 1 | AQ28: 1
B29: CA | E29: WSC sum | N29: =SUM(N23:N28) -> 86 | O29: =SUM(O23:O28) -> 76 | P29: =SUM(P23:P28) -> 6 | Q29: =SUM(Q23:Q28) -> 0 | R29: =SUM(R23:R28) -> 86 | S29: =SUM(S23:S28) -> 76 | T29: =SUM(T23:T28) -> 5 | U29: =SUM(U23:U28) -> 6 | ... AW29: =SUM(AW23:AW28) -> 0
B31: CO | C31: 2013 | D31: 06713500 | E31: Cherry Creek at Denver, CO | F31: rotate2 | G31: Urban | H31: NAWQA | I31: yes | N31: 24 | O31: 24 | P31: 1 | R31: 24 | S31: 24 | T31: 1 | U31: 1 | V31: 1 | W31: 1 | X31: 24 | Y31: 24 | Z31: 2 | AA31: 1 | AB31: 2 | AC31: 1 | AD31: 2 | AE31: 1 | AF31: 2 | AG31: 0 | AH31: 2 | AI31: 1 | AJ31: 24 | AK31: 24 | AL31: 1 | AM31: 1 | AN31: 1 | AO31: 1 | AP31: 1 | AQ31: 1
B32: CO | C32: 2013 | D32: 09163500 | E32: Colorado River near Colorado-Utah state line | F32: rotate4 | G32: Large Inland River | H32: NAWQA | I32: yes | K32: YES-COOP | N32: 18 | O32: 18 | P32: 1 | R32: 18 | S32: 18 | T32: 1 | U32: 1 | V32: 1 | W32: 1 | X32: 18 | Y32: 18 | Z32: 1 | AA32: 1 | AB32: 1 | AC32: 1 | AD32: 1 | AE32: 1 | AF32: 1 | AG32: 1 | AH32: 1 | AI32: 1 | AJ32: 18 | AK32: 18 | AL32: 1 | AM32: 1 | AN32: 1 | AO32: 1 | AP32: 1 | AQ32: 1
B33: CO | C33: 2013 | D33: 06754000 | E33: South Platte River near Kersey, CO | F33: rotate4 | G33: Large Inland River | H33: NAWQA | I33: yes | N33: 18 | O33: 17 | P33: 1 | R33: 18 | S33: 17 | T33: 1 | U33: 1 | V33: 1 | W33: 1 | X33: 18 | Y33: 17 | Z33: 1 | AB33: 1 | AC33: 1 | AD33: 1 | AE33: 1 | AF33: 1 | AG33: 1 | AH33: 1 | AI33: 1 | AJ33: 18 | AK33: 17 | AL33: 1 | AM33: 1 | AN33: 1 | AO33: 1 | AP33: 1 | AQ33: 1
B34: CO | E34: WSC sum | N34: =SUM(N31:N33) -> 60 | O34: =SUM(O31:O33) -> 59 | P34: =SUM(P31:P33) -> 3 | Q34: =SUM(Q31:Q33) -> 0 | R34: =SUM(R31:R33) -> 60 | S34: =SUM(S31:S33) -> 59 | T34: =SUM(T31:T33) -> 3 | U34: =SUM(U31:U33) -> 3 | ... AW34: =SUM(AW31:AW33) -> 0
B36: CT | C36: 2013 | D36: 01184000 | E36: Connecticut River at Thompsonville, CT | F36: rotate4 | G36: Coastal River | H36: NAWQA | I36: yes | N36: 18 | O36: 18 | P36: 1 | R36: 18 | S36: 18 | T36: 1 | U36: 1 | V36: 1 | W36: 1 | X36: 18 | Y36: 18 | Z36: 1 | AA36: 1 | AB36: 1 | AC36: 1 | AD36: 1 | AE36: 1 | AF36: 1 | AG36: 1 | AH36: 1 | AI36: 1 | AJ36: 18 | AK36: 18 | AL36: 1 | AM36: 1 | AN36: 1 | AO36: 1 | AP36: 1 | AQ36: 1
B37: CT | C37: 2013 | D37: 01170100 | E37: Green River near Colrain, MA | F37: rotate4 | G37: Reference | H37: NAWQA | I37: yes | N37: 6 | O37: 6 | P37: 1 | R37: 6 | S37: 6 | T37: 1 | U37: 1 | X37: 6 | Y37: 6 | Z37: 1 | AA37: 1 | AJ37: 0 | AK37: 0
B38: CT | C38: 2013 | D38: 01209710 | E38: Norwalk River at Winnipauk,CT | F38: rotate4 | G38: Urban | H38: NAWQA | I38: yes | N38: 24 | O38: 23 | P38: 1 | R38: 24 | S38: 23 | T38: 1 | U38: 1 | V38: 1 | W38: 1 | X38: 24 | Y38: 23 | Z38: 2 | AA38: 1 | AB38: 2 | AC38: 2 | AD38: 2 | AE38: 2 | AF38: 2 | AG38: 2 | AH38: 2 | AI38: 2 | AJ38: 24 | AK38: 23 | AL38: 1 | AM38: 1 | AN38: 1 | AO38: 1 | AP38: 1 | AQ38: 1 | AX38: Fedex failed to deliver last August sample set
B39: CT | E39: WSC sum | N39: =SUM(N36:N38) -> 48 | O39: =SUM(O36:O38) -> 47 | P39: =SUM(P36:P38) -> 3 | Q39: =SUM(Q36:Q38) -> 0 | R39: =SUM(R36:R38) -> 48 | S39: =SUM(S36:S38) -> 47 | T39: =SUM(T36:T38) -> 3 | U39: =SUM(U36:U38) -> 3 | ... AW39: =SUM(AW36:AW38) -> 0
B41: FL | C41: 2013 | D41: 02359170 | E41: Apalachicola River near Sumatra, FL | F41: NMN | G41: Coastal River | H41: NMN | I41: yes | N41: 14 | O41: 14 | P41: 1 | Q41: 1 | R41: 14 | S41: 14 | T41: 1 | U41: 1 | V41: 1 | X41: 14 | Y41: 14 | Z41: 1 | AA41: 1 | AB41: 1 | AC41: 0 | AD41: 1 | AE41: 0 | AF41: 1 | AG41: 0 | AH41: 1 | AI41: 0 | AJ41: 14 | AK41: 14 | AL41: 1 | AM41: 0 | AN41: 1 | AO41: 1 | AP41: 1 | AQ41: 1 | AR41: 14 | AV41: 14
B42: FL | E42: WSC sum | N42: =SUM(N41) -> 14 | O42: =SUM(O40:O41) -> 14 | P42: =SUM(P40:P41) -> 1 | Q42: =SUM(Q40:Q41) -> 1 | R42: =SUM(R40:R41) -> 14 | S42: =SUM(S40:S41) -> 14 | T42: =SUM(T40:T41) -> 1 | U42: =SUM(U40:U41) -> 1 | V42: =SUM(V40:V41) -> 1 | ... AW42: =SUM(AW40:AW41) -> 0
B44: GA | C44: 2013 | D44: 02226160 | E44: Altamaha River at Everett City, GA | F44: NASQAN | G44: Coastal River | H44: NASQAN | I44: yes | J44: 24250 | N44: 14 | O44: 13 | P44: 1 | Q44: 1 | R44: 14 | S44: 13 | T44: 1 | U44: 1 | V44: 1 | W44: 1 | X44: 14 | Y44: 13 | Z44: 1 | AA44: 1 | AB44: 1 | AC44: 1 | AD44: 1 | AE44: 1 | AF44: 1 | AG44: 1 | AH44: 1 | AI44: 1 | AJ44: 14 | AK44: 13 | AL44: 1 | AM44: 1 | AN44: 1 | AO44: 1 | AP44: 1 | AQ44: 1 | AR44: 14 | AV44: 14
B45: GA | C45: 2013 | D45: 02338523 | E45: Hillibahatchee Creek near Franklin, GA | F45: rotate4 | G45: Reference | H45: NAWQA | I45: yes | J45: 15315 | N45: 6 | O45: 6 | P45: 1 | R45: 6 | S45: 6 | V45: 1 | W45: 1 | X45: 6 | Y45: 6 | AB45: 1 | AC45: 1 | AD45: 1 | AE45: 1 | AF45: 1 | AG45: 1 | AH45: 1 | AI45: 1 | AJ45: 0 | AK45: 0
B46: GA | C46: 2013 | D46: 02335870 | E46: Sope Creek near Marietta, GA | F46: rotate2 | G46: Urban | H46: NAWQA | I46: yes | N46: 24 | O46: 23 | P46: 1 | Q46: 1 | R46: 24 | S46: 23 | T46: 1 | U46: 1 | V46: 1 | W46: 1 | X46: 24 | Y46: 23 | Z46: 2 | AA46: 2 | AB46: 2 | AC46: 2 | AD46: 2 | AE46: 1 | AF46: 2 | AG46: 2 | AH46: 2 | AI46: 2 | AJ46: 24 | AK46: 23 | AL46: 1 | AM46: 1 | AN46: 1 | AO46: 1 | AP46: 1 | AQ46: 1
B47: GA | E47: WSC sum | N47: =SUM(N44:N46) -> 44 | O47: =SUM(O44:O46) -> 42 | P47: =SUM(P44:P46) -> 3 | Q47: =SUM(Q44:Q46) -> 2 | R47: =SUM(R44:R46) -> 44 | S47: =SUM(S44:S46) -> 42 | T47: =SUM(T44:T46) -> 2 | U47: =SUM(U44:U46) -> 2 | ... AW47: =SUM(AW44:AW46) -> 0
B49: ID | C49: 2013 | D49: 13092747 | E49: Rock Creek at Twin Falls, ID | F49: rotate4 | G49: Agriculture | H49: NAWQA | I49: yes | J49: 16955 | N49: 24 | O49: 24 | P49: 1 | R49: 24 | S49: 24 | T49: 1 | U49: 1 | V49: 1 | W49: 1 | X49: 24 | Y49: 24 | Z49: 2 | AA49: 1 | AB49: 2 | AC49: 1 | AD49: 2 | AE49: 1 | AF49: 2 | AG49: 1 | AH49: 2 | AI49: 1 | AJ49: 24 | AK49: 24 | AL49: 1 | AM49: 1 | AN49: 1 | AO49: 1 | AP49: 1 | AQ49: 1
B50: ID | C50: 2013 | D50: 13154500 | E50: Snake River at King Hill, ID | F50: rotate4 | G50: Large Inland River | H50: NAWQA | I50: yes | J50: 16955 | N50: 14 | O50: 14 | P50: 1 | R50: 14 | S50: 14 | T50: 1 | U50: 1 | V50: 1 | W50: 1 | X50: 14 | Y50: 14 | Z50: 1 | AA50: 1 | AB50: 1 | AC50: 1 | AD50: 1 | AE50: 1 | AF50: 1 | AG50: 1 | AH50: 1 | AI50: 1 | AJ50: 14 | AK50: 14 | AL50: 1 | AM50: 1 | AN50: 1 | AO50: 1 | AP50: 1 | AQ50: 1
B51: ID | E51: WSC sum | N51: =SUM(N49:N50) -> 38 | O51: =SUM(O49:O50) -> 38 | P51: =SUM(P49:P50) -> 2 | Q51: =SUM(Q49:Q50) -> 0 | R51: =SUM(R49:R50) -> 38 | S51: =SUM(S49:S50) -> 38 | T51: =SUM(T49:T50) -> 2 | U51: =SUM(U49:U50) -> 2 | ... AW51: =SUM(AW49:AW50) -> 0
B53: IL | C53: 2013 | D53: 05586100 | E53: Illinois River at Valley City, IL | F53: rotate 4/NASQAN | G53: Large Inland River | H53: NAWQA | I53: yes | K53: YES-COOP | N53: 14 | O53: 14 | P53: 1 | R53: 14 | S53: 14 | T53: 1 | U53: 1 | V53: 1 | W53: 1 | X53: 14 | Y53: 14 | Z53: 1 | AA53: 1 | AB53: 1 | AC53: 1 | AD53: 1 | AE53: 1 | AF53: 1 | AG53: 1 | AH53: 1 | AI53: 1 | AJ53: 14 | AK53: 14 | AL53: 1 | AM53: 1 | AN53: 1 | AO53: 1 | AP53: 1 | AQ53: 1 | AR53: 14 | AV53: 14
B54: IL | E54: WSC sum | N54: =SUM(N53) -> 14 | O54: =SUM(O53) -> 14 | P54: =SUM(P53) -> 1 | Q54: =SUM(Q53) -> 0 | R54: =SUM(R53) -> 14 | S54: =SUM(S53) -> 14 | T54: =SUM(T53) -> 1 | U54: =SUM(U53) -> 1 | ... AW54: =SUM(AW53) -> 0
B56: IN | C56: 2013 | D56: 394340085524601 | E56: Sugar Creek at New Palestine, IN | F56: rotate2 | G56: Agriculture | H56: NAWQA | I56: yes | J56: 10272 | N56: 24 | O56: 24 | P56: 1 | R56: 24 | S56: 24 | T56: 1 | U56: 1 | V56: 1 | W56: 1 | X56: 24 | Y56: 24 | Z56: 2 | AA56: 1 | AB56: 2 | AC56: 2 | AD56: 2 | AE56: 2 | AF56: 2 | AG56: 2 | AH56: 2 | AI56: 2 | AJ56: 24 | AK56: 24 | AL56: 1 | AM56: 1 | AN56: 1 | AO56: 1 | AP56: 1 | AQ56: 1
B57: IN | C57: 2013 | D57: 03374100 | E57: White River at Hazleton, IN | F57: agcore/NASQAN | G57: Large Inland River | H57: NAWQA | I57: yes | K57: YES-COOP | N57: 18 | O57: 18 | P57: 1 | R57: 18 | S57: 18 | T57: 1 | U57: 1 | V57: 1 | W57: 1 | X57: 18 | Y57: 18 | Z57: 1 | AA57: 1 | AB57: 1 | AC57: 1 | AD57: 1 | AE57: 1 | AF57: 1 | AG57: 1 | AH57: 1 | AI57: 1 | AJ57: 18 | AK57: 18 | AL57: 1 | AM57: 1 | AN57: 1 | AO57: 1 | AP57: 1 | AQ57: 1 | AR57: 18 | AV57: 18
B58: IN | E58: WSC sum | N58: =SUM(N56:N57) -> 42 | O58: =SUM(O56:O57) -> 42 | P58: =SUM(P56:P57) -> 2 | Q58: =SUM(Q56:Q57) -> 0 | R58: =SUM(R56:R57) -> 42 | S58: =SUM(S56:S57) -> 42 | T58: =SUM(T56:T57) -> 2 | U58: =SUM(U56:U57) -> 2 | ... AW58: =SUM(AW56:AW57) -> 0
B60: IA | C60: 2013 | D60: 05420500 | E60: Mississippi River at Clinton, IA | F60: NASQAN | G60: Large Inland River | H60: NASQAN | I60: yes | N60: 14 | O60: 14 | P60: 1 | Q60: 1 | R60: 14 | S60: 14 | T60: 1 | U60: 1 | V60: 1 | W60: 1 | X60: 14 | Y60: 14 | Z60: 1 | AA60: 1 | AB60: 1 | AC60: 1 | AD60: 1 | AE60: 1 | AF60: 1 | AG60: 1 | AH60: 1 | AI60: 1 | AJ60: 14 | AK60: 14 | AL60: 1 | AM60: 1 | AN60: 1 | AO60: 1 | AP60: 1 | AQ60: 0 | AR60: 14 | AV60: 14
B61: IA | C61: 2013 | D61: 06610000 | E61: Missouri River at Omaha, NE | F61: NASQAN | G61: Large Inland River | H61: NASQAN | N61: 14 | O61: 14 | P61: 1 | R61: 14 | S61: 14 | T61: 1 | U61: 1 | V61: 1 | W61: 1 | X61: 14 | Y61: 14 | Z61: 1 | AA61: 1 | AB61: 1 | AC61: 1 | AD61: 1 | AE61: 1 | AF61: 1 | AG61: 1 | AH61: 1 | AI61: 1 | AJ61: 14 | AK61: 14 | AL61: 1 | AM61: 1 | AN61: 1 | AO61: 1 | AP61: 1 | AQ61: 1 | AR61: 14 | AV61: 14
B62: IA | C62: 2013 | D62: 05490500 | E62: Des Moines River at Keosauqua, IA | F62: agcore | G62: Large Inland River | H62: NASQAN | I62: yes | N62: 14 | O62: 14 | P62: 1 | Q62: 5 | R62: 14 | S62: 14 | T62: 1 | U62: 0 | V62: 1 | W62: 1 | X62: 14 | Y62: 14 | Z62: 1 | AB62: 1 | AC62: 1 | AD62: 1 | AE62: 1 | AF62: 1 | AG62: 0 | AH62: 1 | AI62: 0 | AJ62: 14 | AK62: 14 | AL62: 1 | AM62: 1 | AN62: 1 | AO62: 0 | AP62: 1 | AQ62: 1 | AR62: 14 | AV62: 14
B63: IA | C63: 2013 | D63: 05465500 | E63: Iowa River at Wapello, IA | F63: agcore | G63: Large Inland River | H63: NASQAN | I63: yes | N63: 14 | O63: 14 | P63: 1 | Q63: 2 | R63: 14 | S63: 14 | T63: 1 | U63: 1 | V63: 1 | W63: 1 | X63: 14 | Y63: 14 | Z63: 1 | AA63: 1 | AB63: 1 | AC63: 1 | AD63: 1 | AE63: 1 | AF63: 1 | AG63: 1 | AH63: 1 | AI63: 1 | AJ63: 14 | AK63: 14 | AL63: 1 | AM63: 1 | AN63: 1 | AO63: 1 | AP63: 1 | AQ63: 0 | AR63: 14 | AV63: 14
B64: IA | C64: 2013 | D64: 05451210 | E64: South Fork Iowa River near New Providence, IA | F64: rotate2 | G64: Agriculture | H64: NAWQA | I64: yes | J64: 15090 | K64: YES-COOP | N64: 24 | O64: 23 | P64: 1 | R64: 24 | S64: 23 | T64: 1 | U64: 0 | V64: 1 | W64: 1 | X64: 24 | Y64: 23 | Z64: 2 | AB64: 2 | AC64: 1 | AD64: 2 | AE64: 1 | AF64: 2 | AG64: 1 | AH64: 2 | AI64: 2 | AJ64: 24 | AK64: 23 | AL64: 1 | AM64: 0 | AN64: 1 | AO64: 0 | AP64: 1 | AQ64: 1
B65: IA | E65: WSC sum | N65: =SUM(N60:N64) -> 80 | O65: =SUM(O60:O64) -> 79 | P65: =SUM(P60:P64) -> 5 | Q65: =SUM(Q60:Q64) -> 8 | R65: =SUM(R60:R64) -> 80 | S65: =SUM(S60:S64) -> 79 | T65: =SUM(T60:T64) -> 5 | U65: =SUM(U60:U64) -> 3 | ... AW65: =SUM(AW60:AW64) -> 0
B67: KS | C67: 2013 | D67: 06892350 | E67: Kansas River at DeSoto, KS | F67: N/A | G67: Large Inland River | H67: NAWQA | I67: yes | K67: YES-COOP | N67: 14 | O67: 14 | P67: 1 | R67: 14 | S67: 14 | T67: 1 | U67: 1 | V67: 1 | W67: 1 | X67: 14 | Y67: 14 | Z67: 1 | AA67: 1 | AB67: 1 | AC67: 1 | AD67: 1 | AE67: 1 | AF67: 1 | AG67: 1 | AH67: 1 | AI67: 1 | AJ67: 14 | AK67: 14 | AL67: 1 | AM67: 1 | AN67: 1 | AO67: 1 | AP67: 1 | AQ67: 1
B68: KS | C68: 2013 | D68: 07144100 | E68: Lower Arkansas River near Sedgwick, KS | F68: N/A | G68: Large Inland River | H68: NAWQA | I68: yes | K68: YES-COOP | N68: 18 | O68: 18 | P68: 1 | R68: 18 | S68: 18 | T68: 1 | U68: 1 | V68: 1 | W68: 1 | X68: 18 | Y68: 18 | Z68: 1 | AA68: 1 | AB68: 1 | AC68: 1 | AD68: 1 | AE68: 1 | AF68: 1 | AG68: 1 | AH68: 1 | AI68: 1 | AJ68: 18 | AK68: 18 | AL68: 1 | AM68: 1 | AN68: 1 | AO68: 1 | AP68: 1 | AQ68: 1
B69: KS | E69: WSC sum | N69: =SUM(N67:N68) -> 32 | O69: =SUM(O67:O68) -> 32 | P69: =SUM(P67:P68) -> 2 | Q69: =SUM(Q67:Q68) -> 0 | R69: =SUM(R67:R68) -> 32 | S69: =SUM(S67:S68) -> 32 | T69: =SUM(T67:T68) -> 2 | U69: =SUM(U67:U68) -> 2 | ... AW69: =SUM(AW67:AW68) -> 0
B71: KY | C71: 2013 | D71: 03303280 | E71: Ohio River at Cannelton Dam at Cannelton, IN | F71: NASQAN | G71: Large Inland River | H71: NASQAN | I71: yes | J71: 13500 | N71: 14 | O71: 14 | P71: 1 | R71: 14 | S71: 14 | T71: 1 | U71: 1 | V71: 1 | W71: 1 | X71: 14 | Y71: 14 | Z71: 1 | AA71: 1 | AB71: 1 | AC71: 1 | AD71: 1 | AE71: 1 | AF71: 1 | AG71: 1 | AH71: 1 | AI71: 1 | AJ71: 14 | AK71: 14 | AL71: 1 | AM71: 1 | AN71: 1 | AO71: 1 | AP71: 1 | AQ71: 1 | AR71: 14 | AV71: 14
B72: KY | C72: 2013 | D72: 03378500 | E72: Wabash River at New Harmony, IN | F72: NASQAN | G72: Large Inland River | H72: NASQAN | I72: yes | N72: 14 | O72: 14 | P72: 1 | R72: 14 | S72: 14 | T72: 1 | U72: 1 | V72: 1 | W72: 1 | X72: 14 | Y72: 14 | Z72: 1 | AA72: 1 | AB72: 1 | AC72: 1 | AD72: 1 | AE72: 0 | AF72: 1 | AG72: 1 | AH72: 1 | AI72: 1 | AJ72: 14 | AK72: 14 | AL72: 1 | AM72: 1 | AN72: 1 | AO72: 1 | AP72: 1 | AQ72: 1 | AR72: 14 | AV72: 14
B73: KY | C73: 2013 | D73: 03609750 | E73: Tennessee River at Highway 60 near Paducah, KY | F73: NASQAN | G73: Large Inland River | H73: NASQAN | I73: yes | J73: 13500 | N73: 14 | O73: 14 | P73: 1 | R73: 14 | S73: 14 | T73: 1 | U73: 1 | V73: 1 | W73: 1 | X73: 14 | Y73: 14 | Z73: 1 | AA73: 2 | AB73: 1 | AC73: 1 | AD73: 1 | AE73: 1 | AF73: 1 | AG73: 1 | AH73: 1 | AI73: 1 | AJ73: 14 | AK73: 14 | AL73: 1 | AM73: 1 | AN73: 1 | AO73: 1 | AP73: 1 | AQ73: 1 | AR73: 14 | AV73: 14
B74: KY | C74: 2013 | D74: 03612500 | E74: Ohio River at Dam 53 near Grand Chain, IL | F74: NASQAN | G74: Large Inland River | H74: NASQAN | I74: yes | K74: YES | N74: 14 | O74: 14 | P74: 1 | R74: 14 | S74: 14 | T74: 1 | U74: 0 | V74: 1 | W74: 1 | X74: 14 | Y74: 14 | Z74: 1 | AA74: 1 | AB74: 1 | AC74: 1 | AD74: 1 | AE74: 1 | AF74: 1 | AG74: 1 | AH74: 1 | AI74: 1 | AJ74: 14 | AK74: 14 | AL74: 1 | AM74: 1 | AN74: 1 | AO74: 1 | AP74: 1 | AQ74: 1 | AR74: 14 | AV74: 14
B75: KY | E75: WSC sum | N75: =SUM(N71:N74) -> 56 | O75: =SUM(O71:O74) -> 56 | P75: =SUM(P71:P74) -> 4 | Q75: =SUM(Q71:Q74) -> 0 | R75: =SUM(R71:R74) -> 56 | S75: =SUM(S71:S74) -> 56 | T75: =SUM(T71:T74) -> 4 | U75: =SUM(U71:U74) -> 3 | ... AW75: =SUM(AW71:AW74) -> 0
B77: LA | C77: 2013 | D77: 07373420 | E77: Mississippi River near St. Francisville, LA | F77: NASQAN | G77: Large Inland River | H77: NASQAN | I77: yes | N77: 16 | O77: 16 | P77: 1 | R77: 16 | S77: 16 | T77: 1 | U77: 1 | V77: 1 | W77: 1 | X77: 16 | Y77: 16 | Z77: 1 | AA77: 1 | AB77: 1 | AC77: 1 | AD77: 1 | AE77: 1 | AF77: 1 | AG77: 1 | AH77: 1 | AI77: 1 | AJ77: 16 | AK77: 16 | AL77: 1 | AM77: 1 | AN77: 1 | AO77: 1 | AP77: 1 | AQ77: 1 | AR77: 14 | AV77: 14
